Workbook

Sheet Spis tresci_Table of content
D1: ING Bank Śląski S.A.
D3: Spis treści | E3: Table of content
D4: Kluczowe informacje | E4: Key data
D5: Rachunek zysków i strat | E5: Profit and loss statement
D6: Rachunek zysków i strat - segment korporacyjny | E6: Profit and loss statement - corporate segment
D7: Rachunek zysków i strat - segment detaliczny | E7: Profit and loss statement - retail segment
D8: Wynik z tytułu odsetek | E8: Net interest income
D9: Marża odsetkowa | E9: Net interest margin
D10: Wynik z tytułu opłat i prowizji | E10: Net fee and commission income
D11: Pozostałe dochody | E11: Other income
D12: Koszty działania | E12: Operating costs
D13: Koszty ryzyka | E13: Cost of risk
D14: Sprawozdanie z sytuacji finansowej | E14: Balance sheet statement
... D20: Pozostałe informacje | E20: Other information

Sheet Kluczowe informacje_Key data
A1: Go back to Table of content | B1: Powrót do spisu treści
A2: Comparable data pro-forma | B2: Dane porównywalne pro-forma
A3: Key financial and business information | B3: Kluczowe informacje finansowe i biznesowe | BC3: 2020 | BG3: 2021 | BK3: 2022 | BO3: 2023 | BS3: 2024 | BW3: 2025 | CA3: 2026
BC4: 1Q | BD4: 2Q | BE4: 3Q | BF4: 4Q | BG4: 1Q | BH4: 2Q | BI4: 3Q | BJ4: 4Q | BK4: 1Q | BL4: 2Q | BM4: 3Q | BN4: 4Q | BO4: 1Q | BP4: 2Q | BQ4: 3Q | BR4: 4Q | BS4: 1Q | BT4: 2Q | BU4: 3Q | BV4: 4Q | BW4: 1Q | BX4: 2Q | BY4: 3Q | BZ4: 4Q | CA4: 1Q | CB4: 2Q | CC4: 3Q
A5: (PLN million) | B5: (w mln zł)
A6: P&L: | B6: Wynik finansowy:
A7: Income 1 | B7: Dochody 1 | BC7: ='RZiS_P&L'!BC22+'RZiS_P&L'!BC28 -> 1562 | BD7: ='RZiS_P&L'!BD22+'RZiS_P&L'!BD28 -> 1513 | BE7: ='RZiS_P&L'!BE22+'RZiS_P&L'!BE28 -> 1552 | BF7: ='RZiS_P&L'!BF22+'RZiS_P&L'!BF28 -> 1605 | BG7: ='RZiS_P&L'!BG22+'RZiS_P&L'!BG28 -> 1602 | BH7: ='RZiS_P&L'!BH22+'RZiS_P&L'!BH28 -> 1660 | BI7: ='RZiS_P&L'!BI22+'RZiS_P&L'!BI28 -> 1750 | BJ7: ='RZiS_P&L'!BJ22+'RZiS_P&L'!BJ28 -> 1885 | ... CC7: ='RZiS_P&L'!CC22+'RZiS_P&L'!CC28 -> 3159
A8: Costs | B8: Koszty | BC8: ='RZiS_P&L'!BC23 -> -775 | BD8: ='RZiS_P&L'!BD23 -> -638 | BE8: ='RZiS_P&L'!BE23 -> -667 | BF8: ='RZiS_P&L'!BF23 -> -683 | BG8: ='RZiS_P&L'!BG23 -> -821 | BH8: ='RZiS_P&L'!BH23 -> -692 | BI8: ='RZiS_P&L'!BI23 -> -694 | BJ8: ='RZiS_P&L'!BJ23 -> -758 | ... CC8: ='RZiS_P&L'!CC23 -> -1117
A9: Risk costs including legal cost of risk for FX-mortgage loans | B9: Koszty ryzyka łącznie z kosztami ryzyka prawnego walutowych kredytów hipotecznych | BC9: ='RZiS_P&L'!BC26+'RZiS_P&L'!BC27 -> -294 | BD9: ='RZiS_P&L'!BD26+'RZiS_P&L'!BD27 -> -313 | BE9: ='RZiS_P&L'!BE26+'RZiS_P&L'!BE27 -> -145 | BF9: ='RZiS_P&L'!BF26+'RZiS_P&L'!BF27 -> -323 | BG9: ='RZiS_P&L'!BG26+'RZiS_P&L'!BG27 -> -129 | BH9: ='RZiS_P&L'!BH26+'RZiS_P&L'!BH27 -> -19 | BI9: ='RZiS_P&L'!BI26+'RZiS_P&L'!BI27 -> -80 | BJ9: ='RZiS_P&L'!BJ26+'RZiS_P&L'!BJ27 -> -144 | ... CC9: ='RZiS_P&L'!CC26+'RZiS_P&L'!CC27 -> -73
A10: Gross profit | B10: Zysk brutto | BC10: ='RZiS_P&L'!BC29 -> 377 | BD10: ='RZiS_P&L'!BD29 -> 441 | BE10: ='RZiS_P&L'!BE29 -> 618 | BF10: ='RZiS_P&L'!BF29 -> 476 | BG10: ='RZiS_P&L'!BG29 -> 526 | BH10: ='RZiS_P&L'!BH29 -> 818 | BI10: ='RZiS_P&L'!BI29 -> 838 | BJ10: ='RZiS_P&L'!BJ29 -> 833 | ... CC10: ='RZiS_P&L'!CC29 -> 1746
A11: Net profit 2 | B11: Zysk netto 2 | BC11: ='RZiS_P&L'!BC32 -> 267 | BD11: ='RZiS_P&L'!BD32 -> 317 | BE11: ='RZiS_P&L'!BE32 -> 440 | BF11: ='RZiS_P&L'!BF32 -> 314 | BG11: ='RZiS_P&L'!BG32 -> 386 | BH11: ='RZiS_P&L'!BH32 -> 615 | BI11: ='RZiS_P&L'!BI32 -> 638 | BJ11: ='RZiS_P&L'!BJ32 -> 669 | ... CC11: ='RZiS_P&L'!CC32 -> 1133
A13: BS: | B13: Dane bilansowe:
A14: Balance sheet total | B14: Suma bilansowa | BC14: =Bilans_BS!BC25 -> 171241 | BD14: =Bilans_BS!BD25 -> 180639 | BE14: =Bilans_BS!BE25 -> 184860 | BF14: =Bilans_BS!BF25 -> 186596 | BG14: =Bilans_BS!BG25 -> 194821 | BH14: =Bilans_BS!BH25 -> 197282 | BI14: =Bilans_BS!BI25 -> 200543 | BJ14: =Bilans_BS!BJ25 -> 201654 | ... CC14: =Bilans_BS!CC25 -> 321596
A15: Loans and receivables to customers (net) 3, of which: | B15: Kredyty i inne należności udzielone klientom netto 3, w tym: | BC15: =Bilans_BS!BC14 -> 123460 | BD15: =Bilans_BS!BD14 -> 120598 | BE15: =Bilans_BS!BE14 -> 122382 | BF15: =Bilans_BS!BF14 -> 124655 | BG15: =Bilans_BS!BG14 -> 129453 | BH15: =Bilans_BS!BH14 -> 133769 | BI15: =Bilans_BS!BI14 -> 141169 | BJ15: =Bilans_BS!BJ14 -> 146536 | ... CC15: =Bilans_BS!CC14 -> 189694
A16: Loans | B16: Kredyty | BC16: =Kredyty_loans!BC67-Kredyty_loans!BC71-Kredyty_loans!BC72-Kredyty_loans!BC77 -> 106249 | BD16: =Kredyty_loans!BD67-Kredyty_loans!BD71-Kredyty_loans!BD72-Kredyty_loans!BD77 -> 104508 | BE16: =Kredyty_loans!BE67-Kredyty_loans!BE71-Kredyty_loans!BE72-Kredyty_loans!BE77 -> 106443 | BF16: =Kredyty_loans!BF67-Kredyty_loans!BF71-Kredyty_loans!BF72-Kredyty_loans!BF77 -> 108230 | BG16: =Kredyty_loans!BG67-Kredyty_loans!BG71-Kredyty_loans!BG72-Kredyty_loans!BG77 -> 112435 | BH16: =Kredyty_loans!BH67-Kredyty_loans!BH71-Kredyty_loans!BH72-Kredyty_loans!BH77 -> 115650 | BI16: =Kredyty_loans!BI67-Kredyty_loans!BI71-Kredyty_loans!BI72-Kredyty_loans!BI77 -> 121406 | BJ16: =Kredyty_loans!BJ67-Kredyty_loans!BJ71-Kredyty_loans!BJ72-Kredyty_loans!BJ77 -> 125373 | ... CC16: =Kredyty_loans!CC67-Kredyty_loans!CC71-Kredyty_loans!CC72-Kredyty_loans!CC77 -> 165129
A17: Leasing receivables | B17: Należności leasingowe | BC17: =Kredyty_loans!BC71+Kredyty_loans!BC77 -> 9526 | BD17: =Kredyty_loans!BD71+Kredyty_loans!BD77 -> 9364 | BE17: =Kredyty_loans!BE71+Kredyty_loans!BE77 -> 9504 | BF17: =Kredyty_loans!BF71+Kredyty_loans!BF77 -> 9698 | BG17: =Kredyty_loans!BG71+Kredyty_loans!BG77 -> 10024 | BH17: =Kredyty_loans!BH71+Kredyty_loans!BH77 -> 10269 | BI17: =Kredyty_loans!BI71+Kredyty_loans!BI77 -> 10551 | BJ17: =Kredyty_loans!BJ71+Kredyty_loans!BJ77 -> 11090 | ... CC17: =Kredyty_loans!CC71+Kredyty_loans!CC77 -> 13866
A18: Factoring receivables | B18: Należności faktoringowe | BC18: =Kredyty_loans!BC72 -> 5328 | BD18: =Kredyty_loans!BD72 -> 4543 | BE18: =Kredyty_loans!BE72 -> 4612 | BF18: =Kredyty_loans!BF72 -> 4794 | BG18: =Kredyty_loans!BG72 -> 5055 | BH18: =Kredyty_loans!BH72 -> 5693 | BI18: =Kredyty_loans!BI72 -> 6173 | BJ18: =Kredyty_loans!BJ72 -> 6824 | ... CC18: =Kredyty_loans!CC72 -> 7046
A19: Liabilities due to customers | B19: Zobowiązania wobec klientów | BC19: =Bilans_BS!BC33 -> 139089 | BD19: =Bilans_BS!BD33 -> 150979 | BE19: =Bilans_BS!BE33 -> 154400 | BF19: =Bilans_BS!BF33 -> 151029 | BG19: =Bilans_BS!BG33 -> 156896 | BH19: =Bilans_BS!BH33 -> 161998 | BI19: =Bilans_BS!BI33 -> 164586 | BJ19: =Bilans_BS!BJ33 -> 170610 | ... CC19: =Bilans_BS!CC33 -> 266544
A20: Equity 4 | B20: Kapitały własne 4 | BC20: =Bilans_BS!BC48 -> 17341 | BD20: =Bilans_BS!BD48 -> 18236 | BE20: =Bilans_BS!BE48 -> 18596 | BF20: =Bilans_BS!BF48 -> 18618 | BG20: =Bilans_BS!BG48 -> 17560 | BH20: =Bilans_BS!BH48 -> 17858 | BI20: =Bilans_BS!BI48 -> 17440 | BJ20: =Bilans_BS!BJ48 -> 13531 | ... CC20: =Bilans_BS!CC48 -> 18990
A22: Total capital ratio (consolidated) as % | B22: Łączny współczynnik kapitałowy w % (skonsolidowany) | BC22: ='Łączny współ kap_TCR'!BC21 -> 0.1575 | BD22: ='Łączny współ kap_TCR'!BD21 -> 0.1833 | BE22: ='Łączny współ kap_TCR'!BE21 -> 0.1866 | BF22: ='Łączny współ kap_TCR'!BF21 -> 0.1953 | BG22: ='Łączny współ kap_TCR'!BG21 -> 0.188 | BH22: ='Łączny współ kap_TCR'!BH21 -> 0.1854 | BI22: ='Łączny współ kap_TCR'!BI21 -> 0.1765 | BJ22: ='Łączny współ kap_TCR'!BJ21 -> 0.1605 | ... CC22: ='Łączny współ kap_TCR'!CC21 -> 0.1509
A26: Total capital ratio (standalone) as % | B26: Łączny współczynnik kapitałowy w % (jednostkowy) | BC26: ='Łączny współ kap_TCR'!BC58 -> 1.2963 | BD26: ='Łączny współ kap_TCR'!BD58 -> 1.5046 | BE26: ='Łączny współ kap_TCR'!BE58 -> 1.4667 | BF26: ='Łączny współ kap_TCR'!BF58 -> 1.5212 | BG26: ='Łączny współ kap_TCR'!BG58 -> 0.2013 | BH26: ='Łączny współ kap_TCR'!BH58 -> 0.1986 | BI26: ='Łączny współ kap_TCR'!BI58 -> 0.1895 | BJ26: ='Łączny współ kap_TCR'!BJ58 -> 0.1709 | ... CC26: ='Łączny współ kap_TCR'!CC58 -> 0.1711
A27: MREL - TREA (standalone) as % | B27: MREL - TREA w % (jednostkowy) | BJ27: 0.17086015 | BK27: 0.16381143 | BL27: 0.15717424 | BM27: 0.15649692 | BN27: 0.17838609 | BO27: 0.19116122 | BP27: 0.19703322 | BQ27: 0.19381878 | BR27: 0.26313251 | BS27: 0.24960483 | BT27: 0.23138428 | BU27: 0.22374718 | BV27: 0.24151545 | BW27: 0.26129051 | BX27: 0.25597768 | BY27: 0.24467841 | BZ27: 0.26030054 | CA27: 0.25398282 | CB27: 0.25594392 | CC27: 0.25159181
A29: LR (consolidated) as % | B29: Wskaźnik dzwigni w % (skonsolidowany) | BC29: 0.0643 | BD29: 0.0696 | BE29: 0.0685 | BF29: 0.0731 | BG29: 0.0705 | BH29: 0.0719 | BI29: 0.0711 | BJ29: 0.069489624 | BK29: 0.065683734 | BL29: 0.063373163 | BM29: 0.063757474 | BN29: 0.069753026 | BO29: 0.066584008 | BP29: 0.067242188 | BQ29: 0.065 | BR29: 0.0675 | BS29: 0.0666 | BT29: 0.0636 | BU29: 0.062 | BV29: 0.066 | BW29: 0.0616 | BX29: 0.0585 | BY29: 0.0567 | BZ29: 0.0621 | CA29: 0.0563 | CB29: 0.0556 | CC29: 0.0541
A30: LCR (consolidated) as % | B30: LCR w % (skonsolidowany) | BC30: 1.41 | BD30: 2.23 | BE30: 2.13 | BF30: 2.2 | BG30: 2.08 | BH30: 2 | BI30: 2 | BJ30: 1.64 | BK30: 1.26 | BL30: 1.32 | BM30: 1.32 | BN30: 1.52 | BO30: 2.21 | BP30: 1.43 | BQ30: 1.68 | BR30: 2.16 | BS30: 1.94 | BT30: 1.97 | BU30: 2.12 | BV30: 2.79 | BW30: 2.41 | BX30: 2.32 | BY30: 2.31 | BZ30: 2.51 | CA30: 1.99 | CB30: 2.15 | CC30: 1.94
A31: NSFR (consolidated) as % | B31: NSFR w % (skonsolidowany) | BC31: 1.3 | BD31: 1.44 | BE31: 1.44 | BF31: 1.44 | BG31: 1.42 | BH31: 1.63 | BI31: 1.57 | BJ31: 1.58 | BK31: 1.53 | BL31: 1.53 | BM31: 1.54 | BN31: 1.56 | BO31: 1.64 | BP31: 1.55 | BQ31: 1.63 | BR31: 1.71 | BS31: 1.76 | BT31: 1.72 | BU31: 1.72 | BV31: 1.78 | BW31: 1.78 | BX31: 1.8 | BY31: 1.75 | BZ31: 1.62 | CA31: 1.66 | CB31: 1.69 | CC31: 1.7
A33: Basic ratios: | B33: Podstawowe wskaźniki:
A34: Net profit/ Balance sheet total (ROA) as % | B34: Zysk netto/suma bilansowa (ROA) w % | BC34: =SUM(AZ11:BC11)/AVERAGE(AY14:BC14)*100 -> 0.1559206 | BD34: =SUM(BA11:BD11)/AVERAGE(AZ14:BD14)*100 -> 0.33193134 | BE34: =SUM(BB11:BE11)/AVERAGE(BA14:BE14)*100 -> 0.57234415 | BF34: =SUM(BC11:BF11)/AVERAGE(BB14:BF14)*100 -> 0.73990511 | BG34: =SUM(BD11:BG11)/AVERAGE(BC14:BG14)*100 -> 0.79343729 | BH34: =SUM(BE11:BH11)/AVERAGE(BD14:BH14)*100 -> 0.92936016 | BI34: =SUM(BF11:BI11)/AVERAGE(BE14:BI14)*100 -> 1.0128596 | BJ34: =SUM(BG11:BJ11)/AVERAGE(BF14:BJ14)*100 -> 1.1764754 | ... CC34: =SUM(BZ11:CC11)/AVERAGE(BY14:CC14)*100 -> 1.5035189
A35: Net profit/ Equity (ROE) as % | B35: Zysk netto/Kapitały (ROE) w % | BC35: =SUM(AZ11:BC11)/AVERAGE(AY20:BC20)*100 -> 1.5397036 | BD35: =SUM(BA11:BD11)/AVERAGE(AZ20:BD20)*100 -> 3.2830199 | BE35: =SUM(BB11:BE11)/AVERAGE(BA20:BE20)*100 -> 5.6707216 | BF35: =SUM(BC11:BF11)/AVERAGE(BB20:BF20)*100 -> 7.3525573 | BG35: =SUM(BD11:BG11)/AVERAGE(BC20:BG20)*100 -> 8.0629987 | BH35: =SUM(BE11:BH11)/AVERAGE(BD20:BH20)*100 -> 9.6568649 | BI35: =SUM(BF11:BI11)/AVERAGE(BE20:BI20)*100 -> 10.841327 | BJ35: =SUM(BG11:BJ11)/AVERAGE(BF20:BJ20)*100 -> 13.575353 | ... CC35: =SUM(BZ11:CC11)/AVERAGE(BY20:CC20)*100 -> 22.661654
A36: Cost (no bank levy)/Income ratio (C/I) as % | B36: Koszty (bez podatku bankowego)/Dochody w % | BC36: =-ROUND(BC8/BC7*100,1) -> 49.6 | BD36: =-ROUND(BD8/BD7*100,1) -> 42.2 | BE36: =-ROUND(BE8/BE7*100,1) -> 43 | BF36: =-ROUND(BF8/BF7*100,1) -> 42.6 | BG36: =-ROUND(BG8/BG7*100,1) -> 51.2 | BH36: =-ROUND(BH8/BH7*100,1) -> 41.7 | BI36: =-ROUND(BI8/BI7*100,1) -> 39.7 | BJ36: =-ROUND(BJ8/BJ7*100,1) -> 40.2 | ... CC36: =-ROUND(CC8/CC7*100,1) -> 35.4
A37: Cost (no bank levy)/Income ratio (C/I) as % - cumulatively | B37: Koszty (bez podatku bankowego)/Dochody w % - narastająco | BC37: =-SUM($BC$8:BC8)/SUM($BC$7:BC7)*100 -> 49.615877 | BD37: =-SUM($BC$8:BD8)/SUM($BC$7:BD7)*100 -> 45.95122 | BE37: =-SUM($BC$8:BE8)/SUM($BC$7:BE7)*100 -> 44.953534 | BF37: =-SUM($BC$8:BF8)/SUM($BC$7:BF7)*100 -> 44.335687 | BG37: =-SUM($BG$8:BG8)/SUM($BG$7:BG7)*100 -> 51.248439 | BH37: =-SUM($BG$8:BH8)/SUM($BG$7:BH7)*100 -> 46.382587 | BI37: =-SUM($BG$8:BI8)/SUM($BG$7:BI7)*100 -> 44.034318 | BJ37: =-SUM($BG$8:BJ8)/SUM($BG$7:BJ7)*100 -> 42.989706 | BK37: =-SUM($BK$8:BK8)/SUM($BK$7:BK7)*100 -> 40.407986 | BL37: =-SUM($BK$8:BL8)/SUM($BK$7:BL7)*100 -> 45.54392 | BM37: =-SUM($BK$8:BM8)/SUM($BK$7:BM7)*100 -> 54.664939 | BN37: =-SUM($BK$8:BN8)/SUM($BK$7:BN7)*100 -> 47.163947 | BO37: =-SUM(BO8:BO8)/SUM(BO7:BO7)*100 -> 40.764849 | BP37: =-SUM(BO8:BP8)/SUM(BO7:BP7)*100 -> 36.368989 | BQ37: =-SUM(BO8:BQ8)/SUM(BO7:BQ7)*100 -> 34.952332 | BR37: =-SUM(BO8:BR8)/SUM(BO7:BR7)*100 -> 34.650684 | BS37: =-SUM(BS8:BS8)/SUM(BS7:BS7)*100 -> 39.456522 | BT37: =-SUM(BS8:BT8)/SUM(BS7:BT7)*100 -> 37.843281 | BU37: =-SUM(BS8:BU8)/SUM(BS7:BU7)*100 -> 36.090226 | BV37: =-SUM(BS8:BV8)/SUM(BS7:BV7)*100 -> 35.091763 | BW37: =-SUM(BW8:BW8)/SUM(BW7:BW7)*100 -> 41.178486 | BX37: =-SUM(BW8:BX8)/SUM(BW7:BX7)*100 -> 38.653879 | BY37: =-SUM(BW8:BY8)/SUM(BW7:BY7)*100 -> 37.558258 | BZ37: =-SUM(BW8:BZ8)/SUM(BW7:BZ7)*100 -> 36.1397 | CA37: =-SUM(BX8:CA8)/SUM(BX7:CA7)*100 -> 36.412953 | CB37: =-SUM(CA8:CB8)/SUM(CA7:CB7)*100 -> 37.960159 | CC37: =-SUM(CB8:CC8)/SUM(CB7:CC7)*100 -> 34.726789
A38: Net interest margin (NIM) as % 5 | B38: Marża odsetkowa netto w % 5 | BC38: ='Marża odsetkowa_NIM'!BC28*100 -> 0.68749441 | BD38: ='Marża odsetkowa_NIM'!BD28*100 -> 1.3055262 | BE38: ='Marża odsetkowa_NIM'!BE28*100 -> 1.9307044 | BF38: ='Marża odsetkowa_NIM'!BF28*100 -> 2.5625004 | BG38: ='Marża odsetkowa_NIM'!BG28*100 -> 2.5181359 | BH38: ='Marża odsetkowa_NIM'!BH28*100 -> 2.4880594 | BI38: ='Marża odsetkowa_NIM'!BI28*100 -> 2.4929111 | BJ38: ='Marża odsetkowa_NIM'!BJ28*100 -> 2.5910004 | ... CC38: ='Marża odsetkowa_NIM'!CC28*100 -> 3.1794707
A40: Information for investors and shareholders: | B40: Informacje dla inwestorów i akcjonariuszy:
A41: Number of shares 6 | B41: Liczba akcji 6 | BC41: 130100000 | BD41: =BC41 -> 130100000 | BE41: =BD41 -> 130100000 | BF41: =BE41 -> 130100000 | BG41: =BF41 -> 130100000 | BH41: =BG41 -> 130100000 | BI41: =BH41 -> 130100000 | BJ41: =BI41 -> 130100000 | BK41: =BJ41 -> 130100000 | ... CC41: =CB41 -> 130100000
A42: Net book value | B42: Wartość księgowa | BC42: =BC20 -> 17341 | BD42: =BD20 -> 18236 | BE42: =BE20 -> 18596 | BF42: =BF20 -> 18618 | BG42: =BG20 -> 17560 | BH42: =BH20 -> 17858 | BI42: =BI20 -> 17440 | BJ42: =BJ20 -> 13531 | ... CC42: =CC20 -> 18990
A43: Net book value per share in PLN | B43: Wartość księgowa na jedną akcję w zł | BC43: =+BC42/BC41*1000000 -> 133.28978 | BD43: =+BD42/BD41*1000000 -> 140.1691 | BE43: =+BE42/BE41*1000000 -> 142.9362 | BF43: =+BF42/BF41*1000000 -> 143.1053 | BG43: =+BG42/BG41*1000000 -> 134.9731 | BH43: =+BH42/BH41*1000000 -> 137.26364 | BI43: =+BI42/BI41*1000000 -> 134.05073 | BJ43: =+BJ42/BJ41*1000000 -> 104.00461 | ... CC43: =+CC42/CC41*1000000 -> 145.96464
A44: Earnings per 1 share in PLN | B44: Zysk na 1 akcję w zł | BC44: =(BC11/BC41)*1000000 -> 2.0522675 | BD44: =(BD11/BD41)*1000000 -> 2.4365872 | BE44: =(BE11/BE41)*1000000 -> 3.3820138 | BF44: =(BF11/BF41)*1000000 -> 2.4135281 | BG44: =(BG11/BG41)*1000000 -> 2.9669485 | BH44: =(BH11/BH41)*1000000 -> 4.727133 | BI44: =(BI11/BI41)*1000000 -> 4.9039201 | BJ44: =(BJ11/BJ41)*1000000 -> 5.1421983 | ... CC44: =(CC11/CC41)*1000000 -> 8.7086856
A45: Market capitalisation | B45: Kapitalizacja giełdowa | BC45: =(+BC46*BC41)/1000000 -> 19358.88 | BD45: =(+BD46*BD41)/1000000 -> 18500.22 | BE45: =(+BE46*BE41)/1000000 -> 16002.3 | BF45: =(+BF46*BF41)/1000000 -> 22247.1 | BG45: =(+BG46*BG41)/1000000 -> 22689.44 | BH45: =(+BH46*BH41)/1000000 -> 24068.5 | BI45: =(+BI46*BI41)/1000000 -> 30248.25 | BJ45: =(+BJ46*BJ41)/1000000 -> 34736.7 | ... CC45: =(+CC46*CC41)/1000000 -> 61147
A46: Share price in PLN | B46: Kurs akcji w zł | BC46: 148.8 | BD46: 142.2 | BE46: 123 | BF46: 171 | BG46: 174.4 | BH46: 185 | BI46: 232.5 | BJ46: 267 | BK46: 236.5 | BL46: 170.4 | BM46: 139.2 | BN46: 164.8 | BO46: 164 | BP46: 187.4 | BQ46: 180 | BR46: 256 | BS46: 339.5 | BT46: 304 | BU46: 263 | BV46: 241.5 | BW46: 318 | BX46: 311.5 | BY46: 303.5 | BZ46: 341.5 | CA46: 406 | CB46: 446 | CC46: 470
A48: Other quantitative data: | B48: Pozostałe dane ilościowe:
A49: Number of retail clients in thousands | B49: Liczba klientów detalicznych w tys. | BC49: 4133 | BD49: 4165 | BE49: 4215 | BF49: 4236 | BG49: 4267 | BH49: 4292 | BI49: 4338 | BJ49: 4348 | BK49: 4361 | BL49: 4391 | BM49: 4440 | BN49: 4383 | BO49: 4423 | BP49: 4436 | BQ49: 4471 | BR49: 4453 | BS49: 4495 | BT49: 4499 | BU49: 4541 | BV49: 4566 | BW49: 4615 | BX49: 4654 | BY49: 4676 | BZ49: 4700 | CA49: 4748 | CB49: 4815 | CC49: 4867
A50: Total number of clients in thousands | B50: Łączna liczba klientów w tys. | BC50: 4606 | BD50: 4649 | BE50: 4700 | BF50: 4722 | BG50: 4761 | BH50: 4796 | BI50: 4847 | BJ50: 4851 | BK50: 4874 | BL50: 4909 | BM50: 4966 | BN50: 4916 | BO50: 4966 | BP50: 4985 | BQ50: 5024 | BR50: 5012 | BS50: 5060 | BT50: 5067 | BU50: 5113 | BV50: 5139 | BW50: 5190 | BX50: 5239 | BY50: 5266 | BZ50: 5294 | CA50: 5347 | CB50: 5425 | CC50: 5486
A51: Number of outlets | B51: Liczba placówek | BC51: ='Pozostałe informacje_other info'!BC14 -> 315 | BD51: ='Pozostałe informacje_other info'!BD14 -> 304 | BE51: ='Pozostałe informacje_other info'!BE14 -> 298 | BF51: ='Pozostałe informacje_other info'!BF14 -> 290 | BG51: ='Pozostałe informacje_other info'!BG14 -> 281 | BH51: ='Pozostałe informacje_other info'!BH14 -> 272 | BI51: ='Pozostałe informacje_other info'!BI14 -> 262 | BJ51: ='Pozostałe informacje_other info'!BJ14 -> 257 | ... CC51: ='Pozostałe informacje_other info'!CC14 -> 141
A52: Number of employees | B52: Liczba pracowników | BC52: ='Pozostałe informacje_other info'!BC8 -> 8032 | BD52: ='Pozostałe informacje_other info'!BD8 -> 8049 | BE52: ='Pozostałe informacje_other info'!BE8 -> 8141 | BF52: ='Pozostałe informacje_other info'!BF8 -> 8426 | BG52: ='Pozostałe informacje_other info'!BG8 -> 8593 | BH52: ='Pozostałe informacje_other info'!BH8 -> 8706 | BI52: ='Pozostałe informacje_other info'!BI8 -> 8680 | BJ52: ='Pozostałe informacje_other info'!BJ8 -> 8625 | ... CC52: ='Pozostałe informacje_other info'!CC8 -> 7734
A54: 1 Including net profit of affiliated entities recognised on an equity basis. | B54: 1 Łącznie z zyskiem netto jednostek stowarzyszonych wykazywanych metodą praw własności.
A55: 2 Attributable to the shareholders of the parent entity. | B55: 2 Przypadający na akcjonariuszy jednostki dominującej.
A56: 3 Excluding T-eurobonds | B56: 3 Z wyłączeniem portfela Euroobligacji oraz transakcji repo
A57: 4 Equity of the parent entity | B57: 4 Kapitały własne jednostki dominującej
A58: 5 Sum of NII of 4 consecutive quarters / average interest bearing assets of 5 consecutive quarters | B58: 5 Suma wyniku odsetkowego dla 4 kolejnych kwartałów / średnia wartośc aktywów odsetkowych dla 5 kolejnych kwartałów
A59: 6 After making figures comparable (1:10 split in Q4 2011) | B59: 6 Po doprowadzeniu do porównywalności (podział w stosunku 1:10 w IV kwartale 2011 roku)

Sheet RZiS_P&L
A1: Go back to Table of content | B1: Powrót do spisu treści
A2: Comparable data pro-forma | B2: Dane porównywalne pro-forma
A3: CONSOLIDATED INCOME STATEMENT of the ING Bank Śląski Group S.A. | B3: SKONSOLIDOWANY RACHUNEK ZYSKÓW I STRAT Grupy Kapitałowej ING Banku Śląskiego S.A. | BC3: 2020 | BG3: 2021 | BK3: 2022 | BO3: 2023 | BS3: 2024 | BW3: 2025 | CA3: 2026
BC4: 1Q | BD4: 2Q | BE4: 3Q | BF4: 4Q | BG4: 1Q | BH4: 2Q | BI4: 3Q | BJ4: 4Q | BK4: 1Q | BL4: 2Q | BM4: 3Q | BN4: 4Q | BO4: 1Q | BP4: 2Q | BQ4: 3Q | BR4: 4Q | BS4: 1Q | BT4: 2Q | BU4: 3Q | BV4: 4Q | BW4: 1Q | BX4: 2Q | BY4: 3Q | BZ4: 4Q | CA4: 1Q | CB4: 2Q | CC4: 3Q
A5: (PLN million) | B5: (w mln zł)
A6: - Interest income | B6: - Przychody z tytułu odsetek w tym | BC6: 1387 | BD6: 1304 | BE6: 1277 | BF6: 1279 | BG6: 1268 | BH6: 1296 | BI6: 1353 | BJ6: 1516 | BK6: 1852 | BL6: 2379 | BM6: 1018 | BN6: 2863 | BO6: 2982 | BP6: 3134 | BQ6: 3177 | BR6: 3116 | BS6: 3232 | BT6: 3114 | BU6: 3356 | BV6: 3410 | BW6: 3368 | BX6: 3453 | BY6: 3504 | BZ6: 3487 | CA6: 3427 | CB6: 3478 | CC6: 3628
A7: Interest income on assets measured at amortised cost | B7: przychody odsetkowe od aktywów wycenianych wg zamortyzowanego kosztu | BC7: =BC6-BC8 -> 1387 | BD7: =BD6-BD8 -> 1304 | BE7: =BE6-BE8 -> 1277 | BF7: =BF6-BF8 -> 1279 | BG7: =BG6-BG8 -> 1268 | BH7: =BH6-BH8 -> 1296 | BI7: =BI6-BI8 -> 1353 | BJ7: =BJ6-BJ8 -> 1516 | ... CC7: =CC6-CC8 -> 3560
A8: Other interest income | B8: pozostałe przychody odsetkowe | BC8: 0 | BD8: 0 | BE8: 0 | BF8: 0 | BG8: 0 | BH8: 0 | BI8: 0 | BJ8: 0 | BK8: 61 | BL8: 234 | BM8: 312 | BN8: 340 | BO8: 302 | BP8: 287 | BQ8: 243 | BR8: 207 | BS8: 206 | BT8: 198 | BU8: 175 | BV8: 167 | BW8: 167 | BX8: 143 | BY8: 111 | BZ8: 94 | CA8: 89 | CB8: 76 | CC8: 68
A9: - Interest expenses | B9: - Koszty odsetek | BC9: -235 | BD9: -204 | BE9: -141 | BF9: -125 | BG9: -126 | BH9: -122 | BI9: -116 | BJ9: -99 | BK9: -119 | BL9: -481 | BM9: -845 | BN9: -1053 | BO9: -1122 | BP9: -1080 | BQ9: -1087 | BR9: -949 | BS9: -1070 | BT9: -1072 | BU9: -1096 | BV9: -1149 | BW9: -1157 | BX9: -1280 | BY9: -1312 | BZ9: -1192 | CA9: -1094 | CB9: -1148 | CC9: -1184
A10: Net interest income | B10: Wynik z tytułu odsetek | BC10: =BC6+BC9 -> 1152 | BD10: =BD6+BD9 -> 1100 | BE10: =BE6+BE9 -> 1136 | BF10: =BF6+BF9 -> 1154 | BG10: =BG6+BG9 -> 1142 | BH10: =BH6+BH9 -> 1174 | BI10: =BI6+BI9 -> 1237 | BJ10: =BJ6+BJ9 -> 1417 | ... CC10: =CC6+CC9 -> 2444
A11: - Commission income | B11: - Przychody z tytułu prowizji | BC11: 461 | BD11: 450 | BE11: 507 | BF11: 548 | BG11: 532 | BH11: 560 | BI11: 602 | BJ11: 631 | BK11: 656 | BL11: 650 | BM11: 671 | BN11: 660 | BO11: 652 | BP11: 675 | BQ11: 696 | BR11: 699 | BS11: 714 | BT11: 719 | BU11: 732 | BV11: 722 | BW11: 725 | BX11: 747 | BY11: 762 | BZ11: 753 | CA11: 758 | CB11: 873 | CC11: 899
A12: - Commission expenses | B12: - Koszty prowizji | BC12: -102 | BD12: -106 | BE12: -113 | BF12: -116 | BG12: -103 | BH12: -104 | BI12: -119 | BJ12: -154 | BK12: -122 | BL12: -131 | BM12: -140 | BN12: -149 | BO12: -130 | BP12: -142 | BQ12: -143 | BR12: -143 | BS12: -138 | BT12: -148 | BU12: -150 | BV12: -157 | BW12: -146 | BX12: -163 | BY12: -164 | BZ12: -155 | CA12: -163 | CB12: -194 | CC12: -207
A13: Net commission income | B13: Wynik z tytułu prowizji | BC13: =BC11+BC12 -> 359 | BD13: =BD11+BD12 -> 344 | BE13: =BE11+BE12 -> 394 | BF13: =BF11+BF12 -> 432 | BG13: =BG11+BG12 -> 429 | BH13: =BH11+BH12 -> 456 | BI13: =BI11+BI12 -> 483 | BJ13: =BJ11+BJ12 -> 477 | ... CC13: =CC11+CC12 -> 692
A14: - Net income on financial instruments measured at fair value through profit or loss and FX result | B14: - Wynik na instrumentach finansowych wycenianych przez rachunek zysków i strat oraz wynik z pozycji wymiany | BC14: 14 | BD14: 44 | BE14: 25 | BF14: 21 | BG14: 34 | BH14: 16 | BI14: 22 | BJ14: -8 | BK14: 47 | BL14: -42 | BM14: 25 | BN14: 2 | BO14: 74 | BP14: 37 | BQ14: 109 | BR14: 112 | BS14: 19 | BT14: 67 | BU14: 52 | BV14: 60 | BW14: 108 | BX14: 171 | BY14: 116 | BZ14: 126 | CA14: 41 | CB14: 108 | CC14: 67
A15: - Net income on the sale of securities and dividend income | B15: - Wynik na sprzedaży papierów wartościowych oraz przychody z tytułu dywidend | BC15: 9 | BD15: 19 | BE15: 5 | BF15: 5 | BG15: 0 | BH15: 8 | BI15: 4 | BJ15: 29 | BK15: -2 | BL15: 13 | BM15: -9 | BN15: 0 | BO15: 1 | BP15: 9 | BQ15: 3 | BR15: -12 | BS15: -4 | BT15: 12 | BU15: 0 | BV15: -17 | BW15: 1 | BX15: 8 | BY15: 3 | BZ15: 43 | CA15: -1 | CB15: 86 | CC15: -19
A19: - Net income on investments | B19: - Wynik na inwestycjach | BC19: - | BD19: - | BE19: - | BF19: - | BG19: - | BH19: - | BI19: - | BJ19: - | BK19: - | BL19: - | BM19: - | BN19: - | BO19: - | BP19: - | BQ19: - | BR19: - | BS19: - | BT19: - | BU19: - | BV19: - | BW19: - | BX19: - | BY19: - | BZ19: - | CA19: - | CB19: - | CC19: -
A20: - Net income on hedge accounting | B20: - Wynik na rachunkowości zabezpieczeń | BC20: 24 | BD20: 5 | BE20: -15 | BF20: -2 | BG20: -11 | BH20: -3 | BI20: -5 | BJ20: -33 | BK20: -15 | BL20: -18 | BM20: -1 | BN20: -5 | BO20: -5 | BP20: -3 | BQ20: -94 | BR20: 97 | BS20: -3 | BT20: 2 | BU20: 15 | BV20: -4 | BW20: 5 | BX20: -34 | BY20: 39 | BZ20: -25 | CA20: 45 | CB20: 4 | CC20: -11
A21: - Net income on other basic activities | B21: - Wynik na pozostałej działalności podstawowej | BC21: 0 | BD21: -3 | BE21: 3 | BF21: -9 | BG21: 2 | BH21: 2 | BI21: 1 | BJ21: -5 | BK21: 0 | BL21: -1 | BM21: -1 | BN21: -5 | BO21: 0 | BP21: 1 | BQ21: 0 | BR21: -16 | BS21: 3 | BT21: 0 | BU21: 0 | BV21: 25 | BW21: 6 | BX21: 7 | BY21: -2 | BZ21: 3 | CA21: 23 | CB21: 21 | CC21: -15
A22: Result on basic activities | B22: Wynik na działalności podstawowej | BC22: =BC10+BC13+BC14+BC20+BC21+BC15 -> 1558 | BD22: =BD10+BD13+BD14+BD20+BD21+BD15 -> 1509 | BE22: =BE10+BE13+BE14+BE20+BE21+BE15 -> 1548 | BF22: =BF10+BF13+BF14+BF20+BF21+BF15 -> 1601 | BG22: =BG10+BG13+BG14+BG20+BG21+BG15 -> 1596 | BH22: =BH10+BH13+BH14+BH20+BH21+BH15 -> 1653 | BI22: =BI10+BI13+BI14+BI20+BI21+BI15 -> 1742 | BJ22: =BJ10+BJ13+BJ14+BJ20+BJ21+BJ15 -> 1877 | ... CC22: =CC10+CC13+CC14+CC20+CC21+CC15 -> 3158
A23: - General and administrative expenses | B23: - Koszty działania banku | BC23: -775 | BD23: -638 | BE23: -667 | BF23: -683 | BG23: -821 | BH23: -692 | BI23: -694 | BJ23: -758 | BK23: -931 | BL23: -1200 | BM23: -822 | BN23: -689 | BO23: -1002 | BP23: -851 | BQ23: -860 | BR23: -987 | BS23: -1089 | BT23: -978 | BU23: -957 | BV23: -934 | BW23: -1202 | BX23: -1055 | BY23: -1047 | BZ23: -980 | CA23: -1281 | CB23: -1101 | CC23: -1117
A24: - Tax on certain financial institutions | B24: - Podatek od niektórych instytucji finansowych | BC24: -116 | BD24: -121 | BE24: -122 | BF24: -123 | BG24: -126 | BH24: -131 | BI24: -138 | BJ24: -150 | BK24: -152 | BL24: -161 | BM24: -165 | BN24: -169 | BO24: -159 | BP24: -165 | BQ24: -164 | BR24: -156 | BS24: -187 | BT24: -179 | BU24: -182 | BV24: -192 | BW24: -196 | BX24: -198 | BY24: -199 | BZ24: -208 | CA24: -204 | CB24: -221 | CC24: -223
A25: - Impairment losses and provisions for off-balance sheet liabilities | B25: - Odpisy na utratę wartości aktywów finansowych i rezerwy na zobowiązania pozabilansowe | BC25: - | BD25: - | BE25: - | BF25: - | BG25: - | BH25: - | BI25: - | BJ25: - | BK25: - | BL25: - | BM25: - | BN25: - | BO25: - | BP25: - | BQ25: - | BR25: - | BS25: - | BT25: - | BU25: - | BV25: - | BW25: - | BX25: - | BY25: - | BZ25: - | CA25: - | CB25: - | CC25: -
A26: - Impairment for expected losses | B26: - Odpisy z tytułu strat oczekiwanych | BC26: -294 | BD26: -303 | BE26: -125 | BF26: -83 | BG26: -129 | BH26: -19 | BI26: -80 | BJ26: -88 | BK26: -151 | BL26: -183 | BM26: -206 | BN26: -196 | BO26: -88 | BP26: -197 | BQ26: -151 | BR26: -72 | BS26: -196 | BT26: -292 | BU26: -348 | BV26: -108 | BW26: -209 | BX26: -192 | BY26: -251 | BZ26: -130 | CA26: -210 | CB26: -40 | CC26: -72
A27: - Legal cost of risk for FX-mortgage loans | B27: - Koszty ryzyka prawnego walutowych kredytów hipotecznych | BC27: 0 | BD27: -10 | BE27: -20 | BF27: -240 | BG27: 0 | BH27: 0 | BI27: 0 | BJ27: -56 | BK27: -1 | BL27: 0 | BM27: 0 | BN27: -293 | BO27: 0 | BP27: 0 | BQ27: 0 | BR27: -106 | BS27: -1 | BT27: -26 | BU27: 0 | BV27: -65 | BW27: 0 | BX27: -1 | BY27: 0 | BZ27: -59 | CA27: -1 | CB27: -1 | CC27: -1
A28: - Share in net profit (loss) of associated entities recognised under the equity method | B28: - Udział w zyskach netto jednostek stowarzyszonych wycenianych metodą praw własności | BC28: 4 | BD28: 4 | BE28: 4 | BF28: 4 | BG28: 6 | BH28: 7 | BI28: 8 | BJ28: 8 | BK28: 7 | BL28: 6 | BM28: 5 | BN28: 7 | BO28: 6 | BP28: 6 | BQ28: 6 | BR28: 12 | BS28: 7 | BT28: 8 | BU28: 8 | BV28: 10 | BW28: 9 | BX28: 11 | BY28: 12 | BZ28: 17 | CA28: 11 | CB28: 0 | CC28: 1
A29: Profit (loss) before tax | B29: Zysk (strata) brutto | BC29: =BC22+BC23+BC28+BC24+BC26+BC27 -> 377 | BD29: =BD22+BD23+BD28+BD24+BD26+BD27 -> 441 | BE29: =BE22+BE23+BE28+BE24+BE26+BE27 -> 618 | BF29: =BF22+BF23+BF28+BF24+BF26+BF27 -> 476 | BG29: =BG22+BG23+BG28+BG24+BG26+BG27 -> 526 | BH29: =BH22+BH23+BH28+BH24+BH26+BH27 -> 818 | BI29: =BI22+BI23+BI28+BI24+BI26+BI27 -> 838 | BJ29: =BJ22+BJ23+BJ28+BJ24+BJ26+BJ27 -> 833 | ... CC29: =CC22+CC23+CC28+CC24+CC26+CC27 -> 1746
A30: - Income tax | B30: - Podatek dochodowy | BC30: -110 | BD30: -124 | BE30: -178 | BF30: -162 | BG30: -140 | BH30: -203 | BI30: -200 | BJ30: -164 | BK30: -276 | BL30: -257 | BM30: 152 | BN30: -308 | BO30: -300 | BP30: -325 | BQ30: -330 | BR30: -324 | BS30: -294 | BT30: -262 | BU30: -328 | BV30: -292 | BW30: -298 | BX30: -339 | BY30: -349 | BZ30: -308 | CA30: -528 | CB30: -672 | CC30: -613
A31: Net profit (loss) from continuing operations | B31: Zysk (strata) netto | BC31: =BC29+BC30 -> 267 | BD31: =BD29+BD30 -> 317 | BE31: =BE29+BE30 -> 440 | BF31: =BF29+BF30 -> 314 | BG31: =BG29+BG30 -> 386 | BH31: =BH29+BH30 -> 615 | BI31: =BI29+BI30 -> 638 | BJ31: =BJ29+BJ30 -> 669 | ... CC31: =CC29+CC30 -> 1133
A32: - Net profit (loss) attributable to shareholders of ING Bank Śląski S.A. | B32: - przypadający akcjonariuszom ING Banku Śląskiego S.A. | BC32: =BC31-BC33 -> 267 | BD32: =BD31-BD33 -> 317 | BE32: =BE31-BE33 -> 440 | BF32: =BF31-BF33 -> 314 | BG32: =BG31-BG33 -> 386 | BH32: =BH31-BH33 -> 615 | BI32: =BI31-BI33 -> 638 | BJ32: =BJ31-BJ33 -> 669 | ... CC32: =CC31-CC33 -> 1133
A33: - attributable to non-controlling interests | B33: - przypadający akcjonariuszom niekontrolującym | BC33: 0 | BD33: 0 | BE33: 0 | BF33: 0 | BG33: 0 | BH33: 0 | BI33: 0 | BJ33: 0 | BK33: 0 | BL33: 0 | BM33: 0 | BN33: 0 | BO33: 0 | BP33: 0 | BQ33: 0 | BR33: 0 | BS33: 0 | BT33: 0 | BU33: 0 | BV33: 0 | BW33: 0 | BX33: 0 | BY33: 0 | BZ33: 0 | CA33: 0 | CB33: 0 | CC33: 0
A35: Net profit for the period | B35: Zysk netto za okres sprawozdawczy | BC35: 267 | BD35: 317 | BE35: 440 | BF35: 314 | BG35: 386 | BH35: 615 | BI35: 638 | BJ35: 669 | BK35: 793 | BL35: 574 | BM35: -318 | BN35: 665 | BO35: 909 | BP35: 1099 | BQ35: 1162 | BR35: 1271 | BS35: 993 | BT35: 965 | BU35: 1102 | BV35: 1309 | BW35: 1014 | BX35: 1135 | BY35: 1112 | BZ35: 1372 | CA35: 823 | CB35: 1193 | CC35: 1133
A36: Total other comprehensive income, including: | B36: Pozostałe całkowite dochody netto, w tym: | BC36: 1851 | BD36: 578 | BE36: -80 | BF36: -291 | BG36: -1444 | BH36: -318 | BI36: -1055 | BJ36: -3915 | BK36: -3169 | BL36: -3323 | BM36: 21 | BN36: 1254 | BO36: 984 | BP36: 624 | BQ36: 1055 | BR36: 281 | BS36: -284 | BT36: 105 | BU36: 949 | BV36: -374 | BW36: 623 | BX36: 945 | BY36: 427 | BZ36: 820 | CA36: -1576 | CB36: 1370 | CC36: -1832
A37: Items which can be reclassified to income statement, including: | B37: Pozycje, które mogą być przeklasyfikowane do rachunku zysków i strat | BC37: 1851 | BD37: 572 | BE37: -80 | BF37: -313 | BG37: -1444 | BH37: -336 | BI37: -1055 | BJ37: -3913 | BK37: -3169 | BL37: -3291 | BM37: 21 | BN37: 1255 | BO37: 984 | BP37: 619 | BQ37: 1055 | BR37: 202 | BS37: -284 | BT37: 103 | BU37: 949 | BV37: -384 | BW37: 623 | BX37: 907 | BY37: 427 | BZ37: 837 | CA37: -1576 | CB37: 1347 | CC37: -1832
A38: Items which will not be reclassified to income statement, including: | B38: Pozycje, które nie zostaną przeklasyfikowane do rachunku zysków i strat | BC38: 0 | BD38: 6 | BE38: 0 | BF38: 22 | BG38: 0 | BH38: 18 | BI38: 0 | BJ38: -2 | BK38: 0 | BL38: -32 | BM38: 0 | BN38: -1 | BO38: 0 | BP38: 5 | BQ38: 0 | BR38: 79 | BS38: 0 | BT38: 2 | BU38: 0 | BV38: 10 | BW38: 0 | BX38: 38 | BY38: 0 | BZ38: -17 | CA38: 0 | CB38: 23 | CC38: 0
A39: Net comprehensive income for the reporting period, including: | B39: Całkowity dochód netto za okres sprawozdawczy | BC39: 2118 | BD39: 895 | BE39: 360 | BF39: 23 | BG39: -1058 | BH39: 297 | BI39: -417 | BJ39: -3246 | BK39: -2376 | BL39: -2749 | BM39: -297 | BN39: 1919 | BO39: 1893 | BP39: 1723 | BQ39: 2217 | BR39: 1552 | BS39: 709 | BT39: 1070 | BU39: 2051 | BV39: 935 | BW39: 1637 | BX39: 2080 | BY39: 1539 | BZ39: 2192 | CA39: -753 | CB39: 2563 | CC39: -699
A40: - attributable to shareholders of ING Bank Śląski S.A. | B40: - w tym przypadający akcjonariuszom ING Banku Śląskiego S.A. | BC40: 2118 | BD40: 895 | BE40: 360 | BF40: 23 | BG40: -1058 | BH40: 297 | BI40: -417 | BJ40: -3246 | BK40: -2376 | BL40: -2749 | BM40: -297 | BN40: 1919 | BO40: 1893 | BP40: 1723 | BQ40: 2217 | BR40: 1552 | BS40: 709 | BT40: 1070 | BU40: 2051 | BV40: 935 | BW40: 1637 | BX40: 2080 | BY40: 1539 | BZ40: 2192 | CA40: -753 | CB40: 2563 | CC40: -699

Sheet RZiS B. Korp._P&L Corporate
A1: Go back to Table of content | B1: Powrót do spisu treści
A2: Comparable data pro-forma | B2: Dane porównywalne pro-forma
A3: CONSOLIDATED INCOME STATEMENT Corporate customers segment | B3: SKONSOLIDOWANY RACHUNEK ZYSKÓW I STRAT Segment bankowości korporacyjnej | BC3: 2020 | BG3: 2021 | BK3: 2022 | BO3: 2023 | BS3: 2024 | BW3: 2025 | CA3: 2026
BC4: 1Q | BD4: 2Q | BE4: 3Q | BF4: 4Q | BG4: 1Q | BH4: 2Q | BI4: 3Q | BJ4: 4Q | BK4: 1Q | BL4: 2Q | BM4: 3Q | BN4: 4Q | BO4: 1Q | BP4: 2Q | BQ4: 3Q | BR4: 4Q | BS4: 1Q | BT4: 2Q | BU4: 3Q | BV4: 4Q | BW4: 1Q | BX4: 2Q | BY4: 3Q | BZ4: 4Q | CA4: 1Q | CB4: 2Q | CC4: 3Q
A5: (PLN million) | B5: (w mln zł)
A6: Revenue total* | B6: Dochody ogółem* | BC6: =SUM(BC7:BC10) -> 820 | BD6: =SUM(BD7:BD10) -> 803 | BE6: =SUM(BE7:BE10) -> 805 | BF6: =SUM(BF7:BF10) -> 842 | BG6: =SUM(BG7:BG10) -> 819 | BH6: =SUM(BH7:BH10) -> 856 | BI6: =SUM(BI7:BI10) -> 909 | BJ6: =SUM(BJ7:BJ10) -> 1008 | ... CC6: =SUM(CC7:CC10) -> 1738
A7: Net interest income | B7: wynik z tytułu odsetek | BC7: 535 | BD7: 523 | BE7: 523 | BF7: 521 | BG7: 511 | BH7: 525 | BI7: 555 | BJ7: 663 | BK7: 811 | BL7: 942 | BM7: 977 | BN7: 972 | BO7: 1013 | BP7: 1088 | BQ7: 1120 | BR7: 1171 | BS7: 1151 | BT7: 1111 | BU7: 1139 | BV7: 1171 | BW7: 1152 | BX7: 1109 | BY7: 1103 | BZ7: 1153 | CA7: 1158 | CB7: 1161 | CC7: 1194
A8: Net commission income | B8: wynik z tytułu prowizji | BC8: 256 | BD8: 236 | BE8: 270 | BF8: 306 | BG8: 295 | BH8: 317 | BI8: 334 | BJ8: 341 | BK8: 372 | BL8: 375 | BM8: 388 | BN8: 379 | BO8: 391 | BP8: 391 | BQ8: 400 | BR8: 393 | BS8: 416 | BT8: 404 | BU8: 403 | BV8: 400 | BW8: 407 | BX8: 402 | BY8: 407 | BZ8: 420 | CA8: 409 | CB8: 426 | CC8: 429
A9: Other income/expenses | B9: pozostałe przychody/koszty | BC9: 29 | BD9: 44 | BE9: 12 | BF9: 15 | BG9: 13 | BH9: 14 | BI9: 20 | BJ9: 4 | BK9: 26 | BL9: -44 | BM9: -39 | BN9: -18 | BO9: 57 | BP9: 50 | BQ9: 31 | BR9: 105 | BS9: 16 | BT9: 57 | BU9: 48 | BV9: 29 | BW9: 79 | BX9: 110 | BY9: 98 | BZ9: 83 | CA9: 70 | CB9: 22 | CC9: 115
A10: Share in net profit (loss) of associated entities recognised under the equity method | B10: udział w zyskach (stratach) netto jednostek stowarzyszonych wykazywanych metodą praw własności | BC10: 0 | BD10: 0 | BE10: 0 | BF10: 0 | BG10: 0 | BH10: 0 | BI10: 0 | BJ10: 0 | BK10: 0 | BL10: 0 | BM10: 0 | BN10: 0 | BO10: 0 | BP10: 0 | BQ10: 0 | BR10: 0 | BS10: 0 | BT10: 0 | BU10: 0 | BV10: 0 | BW10: 0 | BX10: 0 | BY10: 0 | BZ10: 0 | CA10: 0 | CB10: 0 | CC10: 0
A11: Expenses total | B11: Koszty ogółem | BC11: =SUM(BC12:BC14) -> -391 | BD11: =SUM(BD12:BD14) -> -287 | BE11: =SUM(BE12:BE14) -> -310 | BF11: =SUM(BF12:BF14) -> -336 | BG11: =SUM(BG12:BG14) -> -417 | BH11: =SUM(BH12:BH14) -> -320 | BI11: =SUM(BI12:BI14) -> -321 | BJ11: =SUM(BJ12:BJ14) -> -364 | ... CC11: =SUM(CC12:CC14) -> -546
A12: Personnel expenses | B12: koszty osobowe | BC12: -154 | BD12: -156 | BE12: -167 | BF12: -188 | BG12: -177 | BH12: -181 | BI12: -179 | BJ12: -214 | BK12: -185 | BL12: -204 | BM12: -209 | BN12: -195 | BO12: -215 | BP12: -236 | BQ12: -237 | BR12: -275 | BS12: -222 | BT12: -264 | BU12: -260 | BV12: -262 | BW12: -237 | BX12: -276 | BY12: -261 | BZ12: -270 | CA12: -269 | CB12: -287 | CC12: -286
A13: Depreciation | B13: amortyzacja | BC13: -23 | BD13: -24 | BE13: -27 | BF13: -29 | BG13: -26 | BH13: -28 | BI13: -29 | BJ13: -30 | BK13: -27 | BL13: -27 | BM13: -29 | BN13: -30 | BO13: -31 | BP13: -33 | BQ13: -33 | BR13: -46 | BS13: -36 | BT13: -39 | BU13: -43 | BV13: -41 | BW13: -34 | BX13: -34 | BY13: -35 | BZ13: -39 | CA13: -31 | CB13: -34 | CC13: -34
A14: Other | B14: pozostałe | BC14: -214 | BD14: -107 | BE14: -116 | BF14: -119 | BG14: -214 | BH14: -111 | BI14: -113 | BJ14: -120 | BK14: -265 | BL14: -165 | BM14: -111 | BN14: -101 | BO14: -271 | BP14: -114 | BQ14: -135 | BR14: -120 | BS14: -286 | BT14: -213 | BU14: -157 | BV14: -157 | BW14: -354 | BX14: -206 | BY14: -198 | BZ14: -162 | CA14: -426 | CB14: -160 | CC14: -226
A15: Operating result | B15: Wynik operacyjny | BC15: =BC6+BC11 -> 429 | BD15: =BD6+BD11 -> 516 | BE15: =BE6+BE11 -> 495 | BF15: =BF6+BF11 -> 506 | BG15: =BG6+BG11 -> 402 | BH15: =BH6+BH11 -> 536 | BI15: =BI6+BI11 -> 588 | BJ15: =BJ6+BJ11 -> 644 | ... CC15: =CC6+CC11 -> 1192
A16: Impairment for expected losses | B16: odpisy z tytułu strat oczekiwanych | BC16: -185 | BD16: -242 | BE16: -63 | BF16: 1 | BG16: -61 | BH16: -46 | BI16: -48 | BJ16: -82 | BK16: -90 | BL16: -72 | BM16: -187 | BN16: -94 | BO16: -68 | BP16: -137 | BQ16: -105 | BR16: -193 | BS16: -163 | BT16: -265 | BU16: -432 | BV16: -55 | BW16: -186 | BX16: -235 | BY16: -200 | BZ16: -56 | CA16: -192 | CB16: -94 | CC16: -42
A18: Tax on certain financial institutions | B18: podatek od niektórych instytucji finansowych | BC18: -69 | BD18: -72 | BE18: -72 | BF18: -72 | BG18: -73 | BH18: -75 | BI18: -79 | BJ18: -86 | BK18: -90 | BL18: -98 | BM18: -104 | BN18: -108 | BO18: -102 | BP18: -108 | BQ18: -105 | BR18: -98 | BS18: -111 | BT18: -106 | BU18: -108 | BV18: -112 | BW18: -113 | BX18: -115 | BY18: -113 | BZ18: -134 | CA18: -115 | CB18: -124 | CC18: -126
A19: Result before tax | B19: Wynik brutto | BC19: =BC15+BC16+BC18+BC17 -> 175 | BD19: =BD15+BD16+BD18+BD17 -> 202 | BE19: =BE15+BE16+BE18+BE17 -> 360 | BF19: =BF15+BF16+BF18+BF17 -> 435 | BG19: =BG15+BG16+BG18+BG17 -> 268 | BH19: =BH15+BH16+BH18+BH17 -> 415 | BI19: =BI15+BI16+BI18+BI17 -> 461 | BJ19: =BJ15+BJ16+BJ18+BJ17 -> 476 | ... CC19: =CC15+CC16+CC18+CC17 -> 1024
A21: */ including the share in net profit of affiliated units shown using the method of ownership rights | B21: */ włączając udział w zyskach netto jednostek stowarzyszonych wykazywanych metodą praw własności | BC21: =ROUND(BC19,1)+ROUND('RZiS B. Detaliczna_P&L Retail'!BC19,1)=ROUND('RZiS_P&L'!BC29,1) -> TRUE | BD21: =ROUND(BD19,1)+ROUND('RZiS B. Detaliczna_P&L Retail'!BD19,1)=ROUND('RZiS_P&L'!BD29,1) -> TRUE | BE21: =ROUND(BE19,1)+ROUND('RZiS B. Detaliczna_P&L Retail'!BE19,1)=ROUND('RZiS_P&L'!BE29,1) -> TRUE | BF21: =ROUND(BF19,1)+ROUND('RZiS B. Detaliczna_P&L Retail'!BF19,1)=ROUND('RZiS_P&L'!BF29,1) -> TRUE

Sheet RZiS B. Detaliczna_P&L Retail
A1: Go back to Table of content | B1: Powrót do spisu treści
A2: Comparable data pro-forma | B2: Dane porównywalne pro-forma
A3: CONSOLIDATED INCOME STATEMENT Retail customers segment | B3: SKONSOLIDOWANY RACHUNEK ZYSKÓW I STRAT Segment klientów detalicznych | BC3: 2020 | BG3: 2021 | BK3: 2022 | BO3: 2023 | BS3: 2024 | BW3: 2025 | CA3: 2026
BC4: 1Q | BD4: 2Q | BE4: 3Q | BF4: 4Q | BG4: 1Q | BH4: 2Q | BI4: 3Q | BJ4: 4Q | BK4: 1Q | BL4: 2Q | BM4: 3Q | BN4: 4Q | BO4: 1Q | BP4: 2Q | BQ4: 3Q | BR4: 4Q | BS4: 1Q | BT4: 2Q | BU4: 3Q | BV4: 4Q | BW4: 1Q | BX4: 2Q | BY4: 3Q | BZ4: 4Q | CA4: 1Q | CB4: 2Q | CC4: 3Q
A5: (PLN million) | B5: (w mln zł)
A6: Revenue total* | B6: Dochody ogółem* | BC6: =SUM(BC7:BC10) -> 742 | BD6: =SUM(BD7:BD10) -> 710 | BE6: =SUM(BE7:BE10) -> 747 | BF6: =SUM(BF7:BF10) -> 763 | BG6: =SUM(BG7:BG10) -> 783 | BH6: =SUM(BH7:BH10) -> 804 | BI6: =SUM(BI7:BI10) -> 841 | BJ6: =SUM(BJ7:BJ10) -> 877 | ... CC6: =SUM(CC7:CC10) -> 1421
A7: Net interest income | B7: wynik z tytułu odsetek | BC7: 617 | BD7: 577 | BE7: 613 | BF7: 633 | BG7: 631 | BH7: 649 | BI7: 682 | BJ7: 754 | BK7: 922 | BL7: 956 | BM7: -804 | BN7: 838 | BO7: 847 | BP7: 966 | BQ7: 970 | BR7: 996 | BS7: 1011 | BT7: 931 | BU7: 1121 | BV7: 1090 | BW7: 1059 | BX7: 1064 | BY7: 1089 | BZ7: 1142 | CA7: 1175 | CB7: 1169 | CC7: 1250
A8: Net commission income | B8: wynik z tytułu prowizji | BC8: 103 | BD8: 108 | BE8: 124 | BF8: 126 | BG8: 134 | BH8: 139 | BI8: 149 | BJ8: 136 | BK8: 162 | BL8: 144 | BM8: 143 | BN8: 132 | BO8: 131 | BP8: 142 | BQ8: 153 | BR8: 163 | BS8: 160 | BT8: 167 | BU8: 179 | BV8: 165 | BW8: 172 | BX8: 182 | BY8: 191 | BZ8: 178 | CA8: 186 | CB8: 253 | CC8: 263
A9: Other income/expenses | B9: pozostałe przychody/koszty | BC9: 18 | BD9: 21 | BE9: 6 | BF9: 0 | BG9: 12 | BH9: 9 | BI9: 2 | BJ9: -21 | BK9: 4 | BL9: -4 | BM9: 53 | BN9: 10 | BO9: 13 | BP9: -6 | BQ9: -13 | BR9: 76 | BS9: -1 | BT9: 24 | BU9: 19 | BV9: 35 | BW9: 41 | BX9: 42 | BY9: 58 | BZ9: 64 | CA9: 38 | CB9: 197 | CC9: -93
A10: Share in net profit (loss) of associated entities recognised under the equity method | B10: udział w zyskach (stratach) netto jednostek stowarzyszonych wykazywanych metodą praw własności | BC10: 4 | BD10: 4 | BE10: 4 | BF10: 4 | BG10: 6 | BH10: 7 | BI10: 8 | BJ10: 8 | BK10: 7 | BL10: 6 | BM10: 5 | BN10: 7 | BO10: 6 | BP10: 6 | BQ10: 6 | BR10: 12 | BS10: 7 | BT10: 8 | BU10: 8 | BV10: 10 | BW10: 9 | BX10: 11 | BY10: 12 | BZ10: 17 | CA10: 11 | CB10: 0 | CC10: 1
A11: Expenses total | B11: Koszty ogółem | BC11: =SUM(BC12:BC14) -> -384 | BD11: =SUM(BD12:BD14) -> -351 | BE11: =SUM(BE12:BE14) -> -357 | BF11: =SUM(BF12:BF14) -> -347 | BG11: =SUM(BG12:BG14) -> -404 | BH11: =SUM(BH12:BH14) -> -372 | BI11: =SUM(BI12:BI14) -> -373 | BJ11: =SUM(BJ12:BJ14) -> -394 | ... CC11: =SUM(CC12:CC14) -> -571
A12: Personnel expenses | B12: koszty osobowe | BC12: -154 | BD12: -154 | BE12: -164 | BF12: -177 | BG12: -178 | BH12: -177 | BI12: -181 | BJ12: -210 | BK12: -176 | BL12: -206 | BM12: -206 | BN12: -219 | BO12: -208 | BP12: -230 | BQ12: -238 | BR12: -297 | BS12: -247 | BT12: -239 | BU12: -258 | BV12: -279 | BW12: -265 | BX12: -249 | BY12: -274 | BZ12: -293 | CA12: -282 | CB12: -300 | CC12: -305
A13: Depreciation | B13: amortyzacja | BC13: -49 | BD13: -48 | BE13: -46 | BF13: -49 | BG13: -45 | BH13: -44 | BI13: -42 | BJ13: -43 | BK13: -42 | BL13: -41 | BM13: -42 | BN13: -42 | BO13: -42 | BP13: -40 | BQ13: -40 | BR13: -62 | BS13: -45 | BT13: -40 | BU13: -47 | BV13: -49 | BW13: -46 | BX13: -40 | BY13: -44 | BZ13: -50 | CA13: -43 | CB13: -44 | CC13: -49
A14: Other | B14: pozostałe | BC14: -181 | BD14: -149 | BE14: -147 | BF14: -121 | BG14: -181 | BH14: -151 | BI14: -150 | BJ14: -141 | BK14: -236 | BL14: -557 | BM14: -225 | BN14: -102 | BO14: -235 | BP14: -198 | BQ14: -177 | BR14: -187 | BS14: -253 | BT14: -183 | BU14: -192 | BV14: -146 | BW14: -266 | BX14: -250 | BY14: -235 | BZ14: -166 | CA14: -230 | CB14: -276 | CC14: -217
A15: Operating result | B15: Wynik operacyjny | BC15: =BC6+BC11 -> 358 | BD15: =BD6+BD11 -> 359 | BE15: =BE6+BE11 -> 390 | BF15: =BF6+BF11 -> 416 | BG15: =BG6+BG11 -> 379 | BH15: =BH6+BH11 -> 432 | BI15: =BI6+BI11 -> 468 | BJ15: =BJ6+BJ11 -> 483 | ... CC15: =CC6+CC11 -> 850
A16: Impairment for expected losses | B16: odpisy z tytułu strat oczekiwanych | BC16: -109 | BD16: -61 | BE16: -62 | BF16: -84 | BG16: -68 | BH16: 27 | BI16: -32 | BJ16: -6 | BK16: -61 | BL16: -111 | BM16: -19 | BN16: -102 | BO16: -20 | BP16: -60 | BQ16: -46 | BR16: 121 | BS16: -33 | BT16: -27 | BU16: 84 | BV16: -53 | BW16: -23 | BX16: 43 | BY16: -51 | BZ16: -74 | CA16: -18 | CB16: 54 | CC16: -30
A17: Legal cost of risk for FX-mortgage loans | B17: koszty ryzyka prawnego walutowych kredytów hipotecznych | BC17: 0 | BD17: -10 | BE17: -20 | BF17: -240 | BG17: 0 | BH17: 0 | BI17: 0 | BJ17: -56 | BK17: -1 | BL17: 0 | BM17: 0 | BN17: -293 | BO17: 0 | BP17: 0 | BQ17: 0 | BR17: -106 | BS17: -1 | BT17: -26 | BU17: 0 | BV17: -65 | BW17: 0 | BX17: -1 | BY17: 0 | BZ17: -59 | CA17: -1 | CB17: -1 | CC17: -1
A18: Tax on certain financial institutions | B18: podatek od niektórych instytucji finansowych | BC18: -47 | BD18: -49 | BE18: -50 | BF18: -51 | BG18: -53 | BH18: -56 | BI18: -59 | BJ18: -64 | BK18: -62 | BL18: -63 | BM18: -61 | BN18: -61 | BO18: -57 | BP18: -57 | BQ18: -59 | BR18: -58 | BS18: -76 | BT18: -73 | BU18: -74 | BV18: -80 | BW18: -83 | BX18: -83 | BY18: -86 | BZ18: -74 | CA18: -89 | CB18: -97 | CC18: -97
A19: Result before tax | B19: Wynik brutto | BC19: =BC15+BC16+BC18+BC17 -> 202 | BD19: =BD15+BD16+BD18+BD17 -> 239 | BE19: =BE15+BE16+BE18+BE17 -> 258 | BF19: =BF15+BF16+BF18+BF17 -> 41 | BG19: =BG15+BG16+BG18+BG17 -> 258 | BH19: =BH15+BH16+BH18+BH17 -> 403 | BI19: =BI15+BI16+BI18+BI17 -> 377 | BJ19: =BJ15+BJ16+BJ18+BJ17 -> 357 | ... CC19: =CC15+CC16+CC18+CC17 -> 722
A21: */ including the share in net profit of affiliated units shown using the method of ownership rights | B21: */ włączając udział w zyskach netto jednostek stowarzyszonych wykazywanych metodą praw własności

Sheet Wynik odsetkowy_Interest income
A1: Go back to Table of content | B1: Powrót do spisu treści
A2: Comparable data pro-forma NOTE! - change in the layout Row 25 added | B2: Dane porównywalne pro-forma
A3: Net interest income | B3: Wynik z tytułu odsetek | BC3: 2020 | BG3: 2021 | BK3: 2022 | BO3: 2023 | BS3: 2024 | BW3: 2025 | CA3: 2026
BC4: 1Q | BD4: 2Q | BE4: 3Q | BF4: 4Q | BG4: 1Q | BH4: 2Q | BI4: 3Q | BJ4: 4Q | BK4: 1Q | BL4: 2Q | BM4: 3Q | BN4: 4Q | BO4: 1Q | BP4: 2Q | BQ4: 3Q | BR4: 4Q | BS4: 1Q | BT4: 2Q | BU4: 3Q | BV4: 4Q | BW4: 1Q | BX4: 2Q | BY4: 3Q | BZ4: 4Q | CA4: 1Q | CB4: 2Q | CC4: 3Q
A5: (PLN million) | B5: (w mln zł)
A6: Interest income on assets measured at amortised cost, including: | B6: Przychody odsetkowe od aktywów wycenianych w zamortyzowanym koszcie w tym: | BC6: =SUM(BC7:BC12) -> 1386 | BD6: =SUM(BD7:BD12) -> 1303 | BE6: =SUM(BE7:BE12) -> 1276 | BF6: =SUM(BF7:BF12) -> 1278 | BG6: =SUM(BG7:BG12) -> 1268 | BH6: =SUM(BH7:BH12) -> 1296 | BI6: =SUM(BI7:BI12) -> 1353 | BJ6: =SUM(BJ7:BJ12) -> 1515 | ... BL6: =SUM(BL7:BL12) -> 2144 | BM6: =SUM(BM7:BM8,BM11:BM12) -> 705 | BN6: =SUM(BN7:BN8,BN11:BN12) -> 2522 | BO6: =SUM(BO7:BO8,BO11:BO12) -> 2680 | BP6: =SUM(BP7:BP8,BP11:BP12) -> 2846 | BQ6: =SUM(BQ7:BQ8,BQ11:BQ12) -> 2933 | BR6: =SUM(BR7:BR8,BR11:BR12) -> 2909 | BS6: =SUM(BS7:BS8,BS11:BS12) -> 3026 | BT6: =SUM(BT7:BT8,BT11:BT12) -> 2915 | ... BV6: =SUM(BV7:BV8,BV11:BV12) -> 3243 | BW6: =SUM(BW7:BW10,BW11:BW12) -> 3201 | BX6: =SUM(BX7:BX10,BX11:BX12) -> 3310 | BY6: =SUM(BY7:BY10,BY11:BY12) -> 3393 | BZ6: =SUM(BZ7:BZ10,BZ11:BZ12) -> 3393 | CA6: =SUM(CA7:CA10,CA11:CA12) -> 3338 | CB6: =SUM(CB7:CB10,CB11:CB12) -> 3402 | CC6: =SUM(CC7:CC10,CC11:CC12) -> 3560
A7: - Interest on loans and receivables to other banks measured at amortised cost | B7: - odsetki od kredytów i innych należności udzielonych innym bankom wycenianych zamortyzowanym kosztem | BC7: 10 | BD7: 5 | BE7: 2 | BF7: 2 | BG7: 2 | BH7: 2 | BI7: 3 | BJ7: 9 | BK7: 29 | BL7: 91 | BM7: 124 | BN7: 153 | BO7: 168 | BP7: 204 | BQ7: 229 | BR7: 254 | BS7: 342 | BT7: 316 | BU7: 291 | BV7: 278 | BW7: 131 | BX7: 130 | BY7: 120 | BZ7: 107 | CA7: 97 | CB7: 95 | CC7: 111
A8: - Interest on loans and receivables to customers measured at amortised cost | B8: - odsetki od kredytów i innych należności udzielonych klientom wycenianych zamortyzowanym kosztem | BC8: 1200 | BD8: 1092 | BE8: 1090 | BF8: 1120 | BG8: 1114 | BH8: 1143 | BI8: 1209 | BJ8: 1352 | BK8: 1528 | BL8: 1746 | BM8: 155 | BN8: 1891 | BO8: 1942 | BP8: 2009 | BQ8: 2086 | BR8: 2024 | BS8: 2002 | BT8: 1917 | BU8: 2167 | BV8: 2195 | BW8: 2154 | BX8: 2252 | BY8: 2316 | BZ8: 2360 | CA8: 2343 | CB8: 2387 | CC8: 2441
A9: - the impact of the adjustment to the gross carrying amount of loans due to credit moratoria | B9: - wpływ korekty wartości bilansowej brutto kredytów z tytułu moratoriów kredytowych | BM9: -1632 | BN9: -13 | BO9: 0 | BP9: 0 | BQ9: 0 | BR9: 0 | BS9: 0 | BT9: -171 | BU9: 20 | BV9: 11 | BW9: 0 | BX9: 0 | BY9: 0 | BZ9: 0 | CA9: 0 | CB9: 0 | CC9: 0
A10: - Interest on receivables from repurchase agreements measured at amortized cost | B10: - odsetki od należności z tytułu transakcji z przyrzeczeniem odkupu wyceniane według zamortyzowanego kosztu | BW10: 149 | BX10: 129 | BY10: 124 | BZ10: 124 | CA10: 90 | CB10: 82 | CC10: 125
A11: - Interest on securities measured at amortised cost | B11: - odsetki od papierów wartościowych wycenianych zamortyzowanym kosztem | BC11: 59 | BD11: 97 | BE11: 113 | BF11: 111 | BG11: 113 | BH11: 111 | BI11: 106 | BJ11: 113 | BK11: 135 | BL11: 154 | BM11: 189 | BN11: 216 | BO11: 261 | BP11: 233 | BQ11: 215 | BR11: 242 | BS11: 283 | BT11: 246 | BU11: 263 | BV11: 311 | BW11: 327 | BX11: 300 | BY11: 305 | BZ11: 315 | CA11: 354 | CB11: 437 | CC11: 536
A12: - Interest on securities measured through other comprehensive income | B12: - odsetki od papierów wartościowych wycenianych przez inne całkowite dochody | BC12: 117 | BD12: 109 | BE12: 71 | BF12: 45 | BG12: 39 | BH12: 40 | BI12: 35 | BJ12: 41 | BK12: 98 | BL12: 153 | BM12: 237 | BN12: 262 | BO12: 309 | BP12: 400 | BQ12: 403 | BR12: 389 | BS12: 399 | BT12: 436 | BU12: 460 | BV12: 459 | BW12: 440 | BX12: 499 | BY12: 528 | BZ12: 487 | CA12: 454 | CB12: 401 | CC12: 347
A13: Other interest income, including: | B13: Pozostałe przychody odsetkowe tym | BC13: =SUM(BC16:BC17,BC19,BC20,BC21,BC14:BC15,BC18) -> 1 | BD13: =SUM(BD16:BD17,BD19,BD20,BD21,BD14:BD15,BD18) -> 1 | BE13: =SUM(BE16:BE17,BE19,BE20,BE21,BE14:BE15,BE18) -> 1 | BF13: =SUM(BF16:BF17,BF19,BF20,BF21,BF14:BF15,BF18) -> 1 | BG13: =SUM(BG16:BG17,BG19,BG20,BG21,BG14:BG15,BG18) -> 0 | BH13: =SUM(BH16:BH17,BH19,BH20,BH21,BH14:BH15,BH18) -> 0 | BI13: =SUM(BI16:BI17,BI19,BI20,BI21,BI14:BI15,BI18) -> 0 | BJ13: =SUM(BJ16:BJ17,BJ19,BJ20,BJ21,BJ14:BJ15,BJ18) -> 1 | ... CC13: =SUM(CC16:CC17,CC19,CC20,CC21,CC14:CC15,CC18) -> 68
A14: - Interest on loans and receivables to clients measured at fair value through profit or lost | B14: - odsetki od kredytów i innych należności udzielonych klientom wycenianych do wartości godziwej przez rachunek zysków i strat | BC14: 1 | BD14: 1 | BE14: 1 | BF14: 1 | BG14: 0 | BH14: 0 | BI14: 0 | BJ14: 1 | BK14: 1 | BL14: 1 | BM14: 1 | BN14: 1 | BO14: 0 | BP14: 1 | BQ14: 1 | BR14: 0 | BS14: 0 | BT14: 1 | BU14: 0 | BV14: 0 | BW14: 0 | BX14: 0 | BY14: 0 | BZ14: 0 | CA14: 0 | CB14: 0 | CC14: 0
A15: - interest income related to the settlement of valuations of cash flow hedging derivatives | B15: - przychody o charakterze odsetkowym powiązane z rozliczeniem wycen instrumentów pochodnych zabezpieczających przepływy pieniężne | BC15: 0 | BD15: 0 | BE15: 0 | BF15: 0 | BG15: 0 | BH15: 0 | BI15: 0 | BJ15: 0 | BK15: 61 | BL15: 234 | BM15: 312 | BN15: 340 | BO15: 302 | BP15: 287 | BQ15: 243 | BR15: 207 | BS15: 206 | BT15: 198 | BU15: 175 | BV15: 167 | BW15: 167 | BX15: 143 | BY15: 111 | BZ15: 94 | CA15: 89 | CB15: 76 | CC15: 68
A16: - Interest on available-for-sale debt securities | B16: - odsetki od aktywów finansowych dostepnych do sprzedaży | BC16: - | BD16: - | BE16: - | BF16: - | BG16: - | BH16: - | BI16: - | BJ16: - | BK16: - | BL16: - | BM16: - | BN16: - | BO16: - | BP16: - | BQ16: - | BR16: - | BS16: - | BT16: - | BU16: - | BV16: - | BW16: - | BX16: - | BY16: - | BZ16: - | CA16: - | CB16: - | CC16: -
A17: - Interest on debt securities held for trading | B17: - odsetki od aktywów finansowych przeznaczonych do obrotu | BC17: - | BD17: - | BE17: - | BF17: - | BG17: - | BH17: - | BI17: - | BJ17: - | BK17: - | BL17: - | BM17: - | BN17: - | BO17: - | BP17: - | BQ17: - | BR17: - | BS17: - | BT17: - | BU17: - | BV17: - | BW17: - | BX17: - | BY17: - | BZ17: - | CA17: - | CB17: - | CC17: -
A18: - Interest on held-to-maturity debt securities | B18: - odsetki od aktywów finansowych utrzymywanych do terminu wymagalności | BC18: - | BD18: - | BE18: - | BF18: - | BG18: - | BH18: - | BI18: - | BJ18: - | BK18: - | BL18: - | BM18: - | BN18: - | BO18: - | BP18: - | BQ18: - | BR18: - | BS18: - | BT18: - | BU18: - | BV18: - | BW18: - | BX18: - | BY18: - | BZ18: - | CA18: - | CB18: - | CC18: -
A19: - Interest on debt securities designated as fair value at initial recognition | B19: - odsetki od aktywów finansowych desygnowanych do wyceny do wartości godziwej przy początkowym ujęciu | BC19: - | BD19: - | BE19: - | BF19: - | BG19: - | BH19: - | BI19: - | BJ19: - | BK19: - | BL19: - | BM19: - | BN19: - | BO19: - | BP19: - | BQ19: - | BR19: - | BS19: - | BT19: - | BU19: - | BV19: - | BW19: - | BX19: - | BY19: - | BZ19: - | CA19: - | CB19: - | CC19: -
A20: - Net interest result on derivatives | B20: - wynik odsetkowy na instrumentach pochodnych | BC20: - | BD20: - | BE20: - | BF20: - | BG20: - | BH20: - | BI20: - | BJ20: - | BK20: - | BL20: - | BM20: - | BN20: - | BO20: - | BP20: - | BQ20: - | BR20: - | BS20: - | BT20: - | BU20: - | BV20: - | BW20: - | BX20: - | BY20: - | BZ20: - | CA20: - | CB20: - | CC20: -
A21: - Other | B21: - inne | BC21: - | BD21: - | BE21: - | BF21: - | BG21: - | BH21: - | BI21: - | BJ21: - | BK21: - | BL21: - | BM21: - | BN21: - | BO21: - | BP21: - | BQ21: - | BR21: - | BS21: - | BT21: - | BU21: - | BV21: - | BW21: - | BX21: - | BY21: - | BZ21: - | CA21: - | CB21: - | CC21: -
A22: Total interest income | B22: Razem przychody z tytułu odsetek | BC22: =SUM(BC6,BC13) -> 1387 | BD22: =SUM(BD6,BD13) -> 1304 | BE22: =SUM(BE6,BE13) -> 1277 | BF22: =SUM(BF6,BF13) -> 1279 | BG22: =SUM(BG6,BG13) -> 1268 | BH22: =SUM(BH6,BH13) -> 1296 | BI22: =SUM(BI6,BI13) -> 1353 | BJ22: =SUM(BJ6,BJ13) -> 1516 | ... CC22: =SUM(CC6,CC13) -> 3628
A24: Interest expenses | B24: Koszty odsetek
A25: - Interest on deposits from banks | B25: - odsetki od zobowiązań wobec innych banków | BC25: -13 | BD25: -3 | BE25: -2 | BF25: -2 | BG25: -1 | BH25: -1 | BI25: -1 | BJ25: -8 | BK25: -52 | BL25: -103 | BM25: -113 | BN25: -101 | BO25: -92 | BP25: -127 | BQ25: -105 | BR25: -100 | BS25: -189 | BT25: -205 | BU25: -195 | BV25: -200 | BW25: -157 | BX25: -147 | BY25: -137 | BZ25: -137 | CA25: -132 | CB25: -132 | CC25: -149
A26: - Interest on deposits from customers | B26: - odsetki od zobowiązań wobec klientów | BC26: -211 | BD26: -190 | BE26: -128 | BF26: -114 | BG26: -116 | BH26: -112 | BI26: -106 | BJ26: -82 | BK26: -26 | BL26: -243 | BM26: -561 | BN26: -753 | BO26: -849 | BP26: -767 | BQ26: -811 | BR26: -694 | BS26: -728 | BT26: -723 | BU26: -773 | BV26: -826 | BW26: -840 | BX26: -940 | BY26: -962 | BZ26: -896 | CA26: -797 | CB26: -887 | CC26: -898
A27: - interest on liabilities from repurchase agreements measured at amortized cost | B27: - odsetki od zobowiązań z tytułu transakcji z przyrzeczeniem odkupu wyceniane według zamortyzowanego kosztu | BW27: -40 | BX27: -77 | BY27: -112 | BZ27: -49 | CA27: -58 | CB27: -31 | CC27: -28
A28: - Interest on issue of debt securities | B28: - odsetki od zobowiązań z tytułu emisji papierów wartościowych | BC28: -3 | BD28: -2 | BE28: -2 | BF28: -1 | BG28: -2 | BH28: -1 | BI28: -1 | BJ28: -2 | BK28: -3 | BL28: -6 | BM28: -6 | BN28: -8 | BO28: -8 | BP28: -8 | BQ28: -8 | BR28: -7 | BS28: -6 | BT28: -7 | BU28: -9 | BV28: -9 | BW28: -8 | BX28: -8 | BY28: -8 | BZ28: -20 | CA28: -19 | CB28: -20 | CC28: -30
A29: - Interest on subordinated liabilities | B29: - odsetki od zobowiązań podporządkowanych | BC29: -7 | BD29: -8 | BE29: -8 | BF29: -7 | BG29: -7 | BH29: -7 | BI29: -7 | BJ29: -6 | BK29: -4 | BL29: -4 | BM29: -6 | BN29: -12 | BO29: -16 | BP29: -18 | BQ29: -20 | BR29: -22 | BS29: -21 | BT29: -20 | BU29: -21 | BV29: -18 | BW29: -16 | BX29: -14 | BY29: -14 | BZ29: -22 | CA29: -24 | CB29: -24 | CC29: -27
A30: - Interest on financial liabilities held for trading | B30: - odsetki od zobowiązań finansowych przeznaczonych do obrotu | BC30: - | BD30: - | BE30: - | BF30: - | BG30: - | BH30: - | BI30: - | BJ30: - | BK30: - | BL30: - | BM30: - | BN30: - | BO30: - | BP30: - | BQ30: - | BR30: - | BS30: - | BT30: - | BU30: - | BV30: - | BW30: - | BX30: - | BY30: - | BZ30: - | CA30: - | CB30: - | CC30: -
A31: - Interest on leasing liabilities | B31: - odsetki od zobowiązań leasingowych | BC31: -1 | BD31: -1 | BE31: -1 | BF31: -1 | BG31: 0 | BH31: -1 | BI31: -1 | BJ31: -1 | BK31: -1 | BL31: -2 | BM31: -2 | BN31: -3 | BO31: -4 | BP31: -5 | BQ31: -4 | BR31: -4 | BS31: -5 | BT31: -4 | BU31: -5 | BV31: -4 | BW31: -5 | BX31: -4 | BY31: -4 | BZ31: -4 | CA31: -4 | CB31: -3 | CC31: -4
A32: - interest cost related to the settlement of valuations of cash flow hedging derivatives | B32: - koszty o charakterze odsetkowym powiązane z rozliczeniem wycen instrumentów pochodnych zabezpieczających przepływy pieniężne | BC32: 0 | BD32: 0 | BE32: 0 | BF32: 0 | BG32: 0 | BH32: 0 | BI32: 0 | BJ32: 0 | BK32: -33 | BL32: -123 | BM32: -157 | BN32: -176 | BO32: -153 | BP32: -155 | BQ32: -139 | BR32: -122 | BS32: -121 | BT32: -113 | BU32: -93 | BV32: -92 | BW32: -91 | BX32: -90 | BY32: -75 | BZ32: -64 | CA32: -60 | CB32: -51 | CC32: -48
A33: Total interest expenses | B33: Razem koszty odsetek | BC33: =SUM(BC25:BC32) -> -235 | BD33: =SUM(BD25:BD32) -> -204 | BE33: =SUM(BE25:BE32) -> -141 | BF33: =SUM(BF25:BF32) -> -125 | BG33: =SUM(BG25:BG32) -> -126 | BH33: =SUM(BH25:BH32) -> -122 | BI33: =SUM(BI25:BI32) -> -116 | BJ33: =SUM(BJ25:BJ32) -> -99 | ... CC33: =SUM(CC25:CC32) -> -1184
A35: Net interest income | B35: Wynik z tytułu odsetek | BC35: =BC22+BC33 -> 1152 | BD35: =BD22+BD33 -> 1100 | BE35: =BE22+BE33 -> 1136 | BF35: =BF22+BF33 -> 1154 | BG35: =BG22+BG33 -> 1142 | BH35: =BH22+BH33 -> 1174 | BI35: =BI22+BI33 -> 1237 | BJ35: =BJ22+BJ33 -> 1417 | ... CC35: =CC22+CC33 -> 2444

Sheet Marża odsetkowa_NIM
A1: Go back to Table of content | B1: Powrót do spisu treści
A2: Comparable data pro-forma NOTE! - change in the layout Row 25 added | B2: Dane porównywalne pro-forma
A3: NIM | B3: Marża odsetkowa | BC3: 2020 | BG3: 2021 | BK3: 2022 | BO3: 2023 | BS3: 2024 | BW3: 2025 | CA3: 2026
BC4: 1Q | BD4: 2Q | BE4: 3Q | BF4: 4Q | BG4: 1Q | BH4: 2Q | BI4: 3Q | BJ4: 4Q | BK4: 1Q | BL4: 2Q | BM4: 3Q | BN4: 4Q | BO4: 1Q | BP4: 2Q | BQ4: 3Q | BR4: 4Q | BS4: 1Q | BT4: 2Q | BU4: 3Q | BV4: 4Q | BW4: 1Q | BX4: 2Q | BY4: 3Q | BZ4: 4Q | CA4: 1Q | CB4: 2Q | CC4: 3Q
A5: (PLN million) | B5: (w mln zł)
A6: Interest earning assets | B6: Aktywa odsetkowe | BC6: =+BC8+BC10+BC11+BC9+BC12+BC7+BC13 -> 167565 | BD6: =+BD8+BD10+BD11+BD9+BD12+BD7+BD13 -> 177430 | BE6: =+BE8+BE10+BE11+BE9+BE12+BE7+BE13 -> 181445 | BF6: =+BF8+BF10+BF11+BF9+BF12+BF7+BF13 -> 182555 | BG6: =+BG8+BG10+BG11+BG9+BG12+BG7+BG13 -> 190877 | BH6: =+BH8+BH10+BH11+BH9+BH12+BH7+BH13 -> 193314 | BI6: =+BI8+BI10+BI11+BI9+BI12+BI7+BI13 -> 195886 | BJ6: =+BJ8+BJ10+BJ11+BJ9+BJ12+BJ7+BJ13 -> 196457 | ... CC6: =+CC8+CC10+CC11+CC9+CC12+CC7+CC13 -> 315691
A7: =Bilans_BS!A7 -> - Cash in hand and balances with the Central Bank | B7: =Bilans_BS!B7 -> - Kasa, środki w Banku Centralnym | BC7: =Bilans_BS!BC7 -> 2506 | BD7: =Bilans_BS!BD7 -> 2341 | BE7: =Bilans_BS!BE7 -> 1588 | BF7: =Bilans_BS!BF7 -> 1228 | BG7: =Bilans_BS!BG7 -> 1894 | BH7: =Bilans_BS!BH7 -> 1199 | BI7: =Bilans_BS!BI7 -> 1318 | BJ7: =Bilans_BS!BJ7 -> 1378 | ... CC7: =Bilans_BS!CC7 -> 15814
A8: =Bilans_BS!A8 -> - Loans and receivables to other banks | B8: =Bilans_BS!B8 -> - Kredyty i inne należności udzielone innym bankom | BC8: =Bilans_BS!BC8 -> 317 | BD8: =Bilans_BS!BD8 -> 314 | BE8: =Bilans_BS!BE8 -> 337 | BF8: =Bilans_BS!BF8 -> 343 | BG8: =Bilans_BS!BG8 -> 341 | BH8: =Bilans_BS!BH8 -> 361 | BI8: =Bilans_BS!BI8 -> 343 | BJ8: =Bilans_BS!BJ8 -> 427 | ... CC8: =Bilans_BS!CC8 -> 3462
A9: =Bilans_BS!A13 -> - Investments | B9: =Bilans_BS!B13 -> - Inwestycyjne papiery wartościowe | BC9: =Bilans_BS!BC13 -> 38095 | BD9: =Bilans_BS!BD13 -> 53077 | BE9: =Bilans_BS!BE13 -> 56084 | BF9: =Bilans_BS!BF13 -> 54171 | BG9: =Bilans_BS!BG13 -> 54708 | BH9: =Bilans_BS!BH13 -> 55222 | BI9: =Bilans_BS!BI13 -> 49444 | BJ9: =Bilans_BS!BJ13 -> 45585 | ... CC9: =Bilans_BS!CC13 -> 82029
A10: =Bilans_BS!A16 -> - Transferred assets | B10: =Bilans_BS!B16 -> - Aktywa stanowiące zabezpieczenie zobowiązań | BC10: =Bilans_BS!BC16 -> 2111 | BD10: =Bilans_BS!BD16 -> 4 | BE10: =Bilans_BS!BE16 -> 0 | BF10: =Bilans_BS!BF16 -> 963 | BG10: =Bilans_BS!BG16 -> 3607 | BH10: =Bilans_BS!BH16 -> 1881 | BI10: =Bilans_BS!BI16 -> 3019 | BJ10: =Bilans_BS!BJ16 -> 2281 | ... CC10: =Bilans_BS!CC16 -> 5077
A11: =Bilans_BS!A12 -> - Derivative hedge instruments | B11: =Bilans_BS!B12 -> - Pochodne instrumenty zabezpieczające | BC11: =Bilans_BS!BC12 -> 1076 | BD11: =Bilans_BS!BD12 -> 1096 | BE11: =Bilans_BS!BE12 -> 1054 | BF11: =Bilans_BS!BF12 -> 1195 | BG11: =Bilans_BS!BG12 -> 874 | BH11: =Bilans_BS!BH12 -> 882 | BI11: =Bilans_BS!BI12 -> 593 | BJ11: =Bilans_BS!BJ12 -> 250 | ... CC11: =Bilans_BS!CC12 -> 236
A12: =Bilans_BS!A14 -> - Loans and receivables to customers at amortised cost | B12: =Bilans_BS!B14 -> - Kredyty i inne należności udzielone klientom wyceniane wg zamortyzowanego kosztu | BC12: =Bilans_BS!BC14 -> 123460 | BD12: =Bilans_BS!BD14 -> 120598 | BE12: =Bilans_BS!BE14 -> 122382 | BF12: =Bilans_BS!BF14 -> 124655 | BG12: =Bilans_BS!BG14 -> 129453 | BH12: =Bilans_BS!BH14 -> 133769 | BI12: =Bilans_BS!BI14 -> 141169 | BJ12: =Bilans_BS!BJ14 -> 146536 | ... CC12: =Bilans_BS!CC14 -> 189694
A13: - Receivables due to repo transactions | B13: - Należności z tytułu transakcji z przyrzeczeniem odkupu | BC13: 0 | BD13: 0 | BE13: 0 | BF13: 0 | BG13: 0 | BH13: 0 | BI13: 0 | BJ13: 0 | BK13: 2 | BL13: 0 | BM13: 0 | BN13: 3760 | BO13: 8210 | BP13: 10395 | BQ13: 9845 | BR13: 19000 | BS13: 19437 | BT13: 18873 | BU13: 18719 | BV13: 21819 | BW13: 20711 | BX13: 23336 | BY13: 26209 | BZ13: 23101 | CA13: 11658 | CB13: 18526 | CC13: 19379
A15: Interest bearing liabilities | B15: Pasywa odsetkowe | BC15: =+BC16+BC17+BC18+BC19+BC20+BC21 -> 149460 | BD15: =+BD16+BD17+BD18+BD19+BD20+BD21 -> 158685 | BE15: =+BE16+BE17+BE18+BE19+BE20+BE21 -> 162396 | BF15: =+BF16+BF17+BF18+BF19+BF20+BF21 -> 163495 | BG15: =+BG16+BG17+BG18+BG19+BG20+BG21 -> 172743 | BH15: =+BH16+BH17+BH18+BH19+BH20+BH21 -> 174683 | BI15: =+BI16+BI17+BI18+BI19+BI20+BI21 -> 178163 | BJ15: =+BJ16+BJ17+BJ18+BJ19+BJ20+BJ21 -> 183479 | ... CC15: =+CC16+CC17+CC18+CC19+CC20+CC21 -> 296010
A16: =Bilans_BS!A30 -> - Liabilities due to other banks | B16: =Bilans_BS!B30 -> - Zobowiązania wobec innych banków | BC16: =Bilans_BS!BC30 -> 5089 | BD16: =Bilans_BS!BD30 -> 4595 | BE16: =Bilans_BS!BE30 -> 4883 | BF16: =Bilans_BS!BF30 -> 7465 | BG16: =Bilans_BS!BG30 -> 8754 | BH16: =Bilans_BS!BH30 -> 7550 | BI16: =Bilans_BS!BI30 -> 7280 | BJ16: =Bilans_BS!BJ30 -> 8060 | ... CC16: =Bilans_BS!CC30 -> 15750
A17: =Bilans_BS!A32 -> - Derivative hedge instruments | B17: =Bilans_BS!B32 -> - Pochodne instrumenty zabezpieczające | BC17: =Bilans_BS!BC32 -> 510 | BD17: =Bilans_BS!BD32 -> 481 | BE17: =Bilans_BS!BE32 -> 450 | BF17: =Bilans_BS!BF32 -> 558 | BG17: =Bilans_BS!BG32 -> 550 | BH17: =Bilans_BS!BH32 -> 454 | BI17: =Bilans_BS!BI32 -> 406 | BJ17: =Bilans_BS!BJ32 -> 236 | ... CC17: =Bilans_BS!CC32 -> 187
A18: =Bilans_BS!A33 -> - Liabilities due to customers | B18: =Bilans_BS!B33 -> - Zobowiązania wobec klientów | BC18: =Bilans_BS!BC33 -> 139089 | BD18: =Bilans_BS!BD33 -> 150979 | BE18: =Bilans_BS!BE33 -> 154400 | BF18: =Bilans_BS!BF33 -> 151029 | BG18: =Bilans_BS!BG33 -> 156896 | BH18: =Bilans_BS!BH33 -> 161998 | BI18: =Bilans_BS!BI33 -> 164586 | BJ18: =Bilans_BS!BJ33 -> 170610 | ... CC18: =Bilans_BS!CC33 -> 266544
A19: =Bilans_BS!A35 -> - Liabilities under issue of debt securities | B19: =Bilans_BS!B35 -> - Zobowiązania z tytułu emisji papierów wartościowych | BC19: =Bilans_BS!BC35 -> 398 | BD19: =Bilans_BS!BD35 -> 395 | BE19: =Bilans_BS!BE35 -> 398 | BF19: =Bilans_BS!BF35 -> 1371 | BG19: =Bilans_BS!BG35 -> 596 | BH19: =Bilans_BS!BH35 -> 546 | BI19: =Bilans_BS!BI35 -> 547 | BJ19: =Bilans_BS!BJ35 -> 972 | ... CC19: =Bilans_BS!CC35 -> 2515
A20: =Bilans_BS!A36 -> - Subordinated liabilities | B20: =Bilans_BS!B36 -> - Zobowiązania podporządkowane | BC20: =Bilans_BS!BC36 -> 2278 | BD20: =Bilans_BS!BD36 -> 2235 | BE20: =Bilans_BS!BE36 -> 2265 | BF20: =Bilans_BS!BF36 -> 2309 | BG20: =Bilans_BS!BG36 -> 2332 | BH20: =Bilans_BS!BH36 -> 2262 | BI20: =Bilans_BS!BI36 -> 2318 | BJ20: =Bilans_BS!BJ36 -> 1610 | ... CC20: =Bilans_BS!CC36 -> 2633
A21: - Liabilities under repo transactions | B21: - Zobowiązania z tytułu transakcji z przyrzeczeniem odkupu | BC21: 2096 | BD21: 0 | BE21: 0 | BF21: 763 | BG21: 3615 | BH21: 1873 | BI21: 3026 | BJ21: 1991 | BK21: 10474 | BL21: 6394 | BM21: 2838 | BN21: 0 | BO21: 9248 | BP21: 10894 | BQ21: 466 | BR21: 0 | BS21: 0 | BT21: 1998 | BU21: 4225 | BV21: 0 | BW21: 4755 | BX21: 16307 | BY21: 7883 | BZ21: 0 | CA21: 13128 | CB21: 6097 | CC21: 8381
A23: ='Wynik odsetkowy_Interest income'!A35 -> Net interest income | B23: ='Wynik odsetkowy_Interest income'!B35 -> Wynik z tytułu odsetek | BC23: =BC24+BC25 -> 1152 | BD23: =BD24+BD25 -> 1100 | BE23: =BE24+BE25 -> 1136 | BF23: =BF24+BF25 -> 1154 | BG23: =BG24+BG25 -> 1142 | BH23: =BH24+BH25 -> 1174 | BI23: =BI24+BI25 -> 1237 | BJ23: =BJ24+BJ25 -> 1417 | ... CC23: =CC24+CC25 -> 2444
A24: ='Wynik odsetkowy_Interest income'!A22 -> Total interest income | B24: ='Wynik odsetkowy_Interest income'!B22 -> Razem przychody z tytułu odsetek | BC24: ='Wynik odsetkowy_Interest income'!BC22 -> 1387 | BD24: ='Wynik odsetkowy_Interest income'!BD22 -> 1304 | BE24: ='Wynik odsetkowy_Interest income'!BE22 -> 1277 | BF24: ='Wynik odsetkowy_Interest income'!BF22 -> 1279 | BG24: ='Wynik odsetkowy_Interest income'!BG22 -> 1268 | BH24: ='Wynik odsetkowy_Interest income'!BH22 -> 1296 | BI24: ='Wynik odsetkowy_Interest income'!BI22 -> 1353 | BJ24: ='Wynik odsetkowy_Interest income'!BJ22 -> 1516 | ... CC24: ='Wynik odsetkowy_Interest income'!CC22 -> 3628
A25: ='Wynik odsetkowy_Interest income'!A33 -> Total interest expenses | B25: ='Wynik odsetkowy_Interest income'!B33 -> Razem koszty odsetek | BC25: ='Wynik odsetkowy_Interest income'!BC33 -> -235 | BD25: ='Wynik odsetkowy_Interest income'!BD33 -> -204 | BE25: ='Wynik odsetkowy_Interest income'!BE33 -> -141 | BF25: ='Wynik odsetkowy_Interest income'!BF33 -> -125 | BG25: ='Wynik odsetkowy_Interest income'!BG33 -> -126 | BH25: ='Wynik odsetkowy_Interest income'!BH33 -> -122 | BI25: ='Wynik odsetkowy_Interest income'!BI33 -> -116 | BJ25: ='Wynik odsetkowy_Interest income'!BJ33 -> -99 | ... CC25: ='Wynik odsetkowy_Interest income'!CC33 -> -1184
A27: NIM (quaterly) | B27: Marża odsetkowa (kwartalna) | BC27: =BC23*4/AVERAGE(BB6:BC6) -> 0.027499776 | BD27: =BD23*4/AVERAGE(BC6:BD6) -> 0.025507616 | BE27: =BE23*4/AVERAGE(BD6:BE6) -> 0.025323581 | BF27: =BF23*4/AVERAGE(BE6:BF6) -> 0.025362637 | BG27: =BG23*4/AVERAGE(BF6:BG6) -> 0.024464963 | BH27: =BH23*4/AVERAGE(BG6:BH6) -> 0.024446174 | BI27: =BI23*4/AVERAGE(BH6:BI6) -> 0.025426516 | BJ27: =BJ23*4/AVERAGE(BI6:BJ6) -> 0.028893086 | ... CC27: =CC23*4/AVERAGE(CB6:CC6) -> 0.031350516
A28: NIM (cumulative) | B28: Marża odsetkowa (skumulowana) | BC28: =SUM(AZ23:BC23)/AVERAGE(AY6:BC6) -> 0.0068749441 | BD28: =SUM(BA23:BD23)/AVERAGE(AZ6:BD6) -> 0.013055262 | BE28: =SUM(BB23:BE23)/AVERAGE(BA6:BE6) -> 0.019307044 | BF28: =SUM(BC23:BF23)/AVERAGE(BB6:BF6) -> 0.025625004 | BG28: =SUM(BD23:BG23)/AVERAGE(BC6:BG6) -> 0.025181359 | BH28: =SUM(BE23:BH23)/AVERAGE(BD6:BH6) -> 0.024880594 | BI28: =SUM(BF23:BI23)/AVERAGE(BE6:BI6) -> 0.024929111 | BJ28: =SUM(BG23:BJ23)/AVERAGE(BF6:BJ6) -> 0.025910004 | ... CC28: =SUM(BZ23:CC23)/AVERAGE(BY6:CC6) -> 0.031794707
A30: Yield on interest assets (quaterly) | B30: Rentowność aktywów odsetkowych (kwartalna) | BC30: =BC24*4/AVERAGE(BB6:BC6) -> 0.03310954 | BD30: =BD24*4/AVERAGE(BC6:BD6) -> 0.030238119 | BE30: =BE24*4/AVERAGE(BD6:BE6) -> 0.028466736 | BF30: =BF24*4/AVERAGE(BE6:BF6) -> 0.02810989 | BG30: =BG24*4/AVERAGE(BF6:BG6) -> 0.027164249 | BH30: =BH24*4/AVERAGE(BG6:BH6) -> 0.026986577 | BI30: =BI24*4/AVERAGE(BH6:BI6) -> 0.027810894 | BJ30: =BJ24*4/AVERAGE(BI6:BJ6) -> 0.030911728 | ... CC30: =CC24*4/AVERAGE(CB6:CC6) -> 0.046538327
A31: Yield on interest assets (cumulative) | B31: Rentowność aktywów odsetkowych (skumulowana) | BC31: =SUM(AZ24:BC24)/AVERAGE(AY6:BC6) -> 0.0082773849 | BD31: =SUM(BA24:BD24)/AVERAGE(AZ6:BD6) -> 0.015600226 | BE31: =SUM(BB24:BE24)/AVERAGE(BA6:BE6) -> 0.022612264 | BF31: =SUM(BC24:BF24)/AVERAGE(BB6:BF6) -> 0.029602465 | BG31: =SUM(BD24:BG24)/AVERAGE(BC6:BG6) -> 0.028492941 | BH31: =SUM(BE24:BH24)/AVERAGE(BD6:BH6) -> 0.027657108 | BI31: =SUM(BF24:BI24)/AVERAGE(BE6:BI6) -> 0.027518942 | BJ31: =SUM(BG24:BJ24)/AVERAGE(BF6:BJ6) -> 0.028323753 | ... CC31: =SUM(BZ24:CC24)/AVERAGE(BY6:CC6) -> 0.047411379
A33: Cost of funding (quaterly) | B33: Koszt finansowania (kwartlany) | BC33: =-BC25*4/AVERAGE(BB15:BC15) -> 0.0062893082 | BD33: =-BD25*4/AVERAGE(BC15:BD15) -> 0.005296208 | BE33: =-BE25*4/AVERAGE(BD15:BE15) -> 0.0035131322 | BF33: =-BF25*4/AVERAGE(BE15:BF15) -> 0.0030685106 | BG33: =-BG25*4/AVERAGE(BF15:BG15) -> 0.0029978765 | BH33: =-BH25*4/AVERAGE(BG15:BH15) -> 0.0028092313 | BI33: =-BI25*4/AVERAGE(BH15:BI15) -> 0.0026300426 | BJ33: =-BJ25*4/AVERAGE(BI15:BJ15) -> 0.0021900111 | ... CC33: =-CC25*4/AVERAGE(CB15:CC15) -> 0.016215513
A34: Cost of funding (cumulative) | B34: Koszt finansowania (skumulowany) | BC34: =-SUM(AZ25:BC25)/AVERAGE(AY15:BC15) -> 0.001572327 | BD34: =-SUM(BA25:BD25)/AVERAGE(AZ15:BD15) -> 0.002849308 | BE34: =-SUM(BB25:BE25)/AVERAGE(BA15:BE15) -> 0.0036978712 | BF34: =-SUM(BC25:BF25)/AVERAGE(BB15:BF15) -> 0.004447697 | BG34: =-SUM(BD25:BG25)/AVERAGE(BC15:BG15) -> 0.0036937005 | BH34: =-SUM(BE25:BH25)/AVERAGE(BD15:BH15) -> 0.0030889349 | BI34: =-SUM(BF25:BI25)/AVERAGE(BE15:BI15) -> 0.0028714709 | BJ34: =-SUM(BG25:BJ25)/AVERAGE(BF15:BJ15) -> 0.0026531036 | ... CC34: =-SUM(BZ25:CC25)/AVERAGE(BY15:CC15) -> 0.016812107

Sheet Wynik prowizyjny_F&C income
A1: Go back to Table of content | B1: Powrót do spisu treści
A2: Comparable data pro-forma | B2: Dane porównywalne pro-forma
A3: Net fees & commission income | B3: Wynik z tytułu prowizji | BC3: 2020 | BG3: 2021 | BK3: 2022 | BO3: 2023 | BS3: 2024 | BW3: 2025 | CA3: 2026
BC4: 1Q | BD4: 2Q | BE4: 3Q | BF4: 4Q | BG4: 1Q | BH4: 2Q | BI4: 3Q | BJ4: 4Q | BK4: 1Q | BL4: 2Q | BM4: 3Q | BN4: 4Q | BO4: 1Q | BP4: 2Q | BQ4: 3Q | BR4: 4Q | BS4: 1Q | BT4: 2Q | BU4: 3Q | BV4: 4Q | BW4: 1Q | BX4: 2Q | BY4: 3Q | BZ4: 4Q | CA4: 1Q | CB4: 2Q | CC4: 3Q
A5: (PLN million) | B5: (w mln zł)
A6: Fees and commission income | B6: Przychody z tytułu prowizji
A7: - the transaction margin on currency exchange transactions | B7: - marża transakcyjna na transakcjach wymiany walut | BC7: 106 | BD7: 99 | BE7: 110 | BF7: 121 | BG7: 115 | BH7: 132 | BI7: 146 | BJ7: 151 | BK7: 170 | BL7: 170 | BM7: 181 | BN7: 181 | BO7: 167 | BP7: 179 | BQ7: 181 | BR7: 181 | BS7: 176 | BT7: 178 | BU7: 178 | BV7: 185 | BW7: 173 | BX7: 176 | BY7: 184 | BZ7: 181 | CA7: 163 | CB7: 185 | CC7: 192
A8: - commission related to keeping accounts | B8: - prowadzenie rachunków klientów | BC8: 80 | BD8: 76 | BE8: 92 | BF8: 113 | BG8: 104 | BH8: 100 | BI8: 107 | BJ8: 130 | BK8: 117 | BL8: 112 | BM8: 106 | BN8: 112 | BO8: 120 | BP8: 115 | BQ8: 119 | BR8: 122 | BS8: 117 | BT8: 120 | BU8: 120 | BV8: 127 | BW8: 126 | BX8: 126 | BY8: 128 | BZ8: 134 | CA8: 131 | CB8: 132 | CC8: 135
A9: - commission related to payment and credit cards (net) | B9: - karty płatnicze i kredytowe (netto) | BC9: =+BC10+BC11 -> 28 | BD9: =+BD10+BD11 -> 22 | BE9: =+BE10+BE11 -> 35 | BF9: =+BF10+BF11 -> 55 | BG9: =+BG10+BG11 -> 33 | BH9: =+BH10+BH11 -> 46 | BI9: =+BI10+BI11 -> 47 | BJ9: =+BJ10+BJ11 -> 43 | ... CC9: =+CC10+CC11 -> 85
A10: - commission related to payment and credit cards (income) | B10: - karty płatnicze i kredytowe - przychody | BC10: 84 | BD10: 79 | BE10: 96 | BF10: 115 | BG10: 91 | BH10: 104 | BI10: 115 | BJ10: 116 | BK10: 113 | BL10: 128 | BM10: 137 | BN10: 135 | BO10: 122 | BP10: 139 | BQ10: 150 | BR10: 156 | BS10: 152 | BT10: 164 | BU10: 171 | BV10: 160 | BW10: 156 | BX10: 175 | BY10: 180 | BZ10: 159 | CA10: 162 | CB10: 183 | CC10: 195
A11: - commission related to payment and credit cards (costs) | B11: - karty płatnicze i kredytowe - koszty | BC11: -56 | BD11: -57 | BE11: -61 | BF11: -60 | BG11: -58 | BH11: -58 | BI11: -68 | BJ11: -73 | BK11: -67 | BL11: -71 | BM11: -78 | BN11: -80 | BO11: -76 | BP11: -81 | BQ11: -84 | BR11: -74 | BS11: -79 | BT11: -83 | BU11: -88 | BV11: -86 | BW11: -83 | BX11: -94 | BY11: -96 | BZ11: -84 | CA11: -91 | CB11: -100 | CC11: -110
A12: - commission related to loans | B12: - udzielanie kredytów | BC12: 93 | BD12: 86 | BE12: 86 | BF12: 85 | BG12: 102 | BH12: 100 | BI12: 100 | BJ12: 101 | BK12: 117 | BL12: 114 | BM12: 118 | BN12: 108 | BO12: 128 | BP12: 125 | BQ12: 123 | BR12: 115 | BS12: 138 | BT12: 121 | BU12: 123 | BV12: 120 | BW12: 128 | BX12: 128 | BY12: 125 | BZ12: 120 | CA12: 134 | CB12: 127 | CC12: 126
A13: - commission related to capital market (net) | B13: - powiązane z rynkiem kapitałowym (netto) | BG13: =BG14+BG15 -> 37 | BH13: =BH14+BH15 -> 31 | BI13: =BI14+BI15 -> 32 | BJ13: =BJ14+BJ15 -> 34 | BK13: =BK14+BK15 -> 33 | BL13: =BL14+BL15 -> 22 | BM13: =BM14+BM15 -> 21 | BN13: =BN14+BN15 -> 20 | ... CC13: =CC14+CC15 -> 119
A14: - commission related to capital market (income) | B14: - powiązane z rynkiem kapitałowym - przychody | BG14: =SUM(BG33:BG34)-BG15 -> 45 | BH14: =SUM(BH33:BH34)-BH15 -> 37 | BI14: =SUM(BI33:BI34)-BI15 -> 38 | BJ14: =SUM(BJ33:BJ34)-BJ15 -> 41 | BK14: =SUM(BK33:BK34)-BK15 -> 40 | BL14: =SUM(BL33:BL34)-BL15 -> 28 | BM14: =SUM(BM33:BM34)-BM15 -> 27 | BN14: =SUM(BN33:BN34)-BN15 -> 25 | ... CA14: =SUM(CA33:CA34)-CA15 -> 59 | CB14: 139 | CC14: 147
A15: - commission related to capital market (costs) | B15: - powiązane z rynkiem kapitałowym - koszty | BG15: -8 | BH15: -6 | BI15: -6 | BJ15: -7 | BK15: -7 | BL15: -6 | BM15: -6 | BN15: -5 | BO15: -5 | BP15: -6 | BQ15: -5 | BR15: -6 | BS15: -4 | BT15: -5 | BU15: -5 | BV15: -5 | BW15: -5 | BX15: -6 | BY15: -5 | BZ15: -5 | CA15: -6 | CB15: -28 | CC15: -28
A16: - commission related to factoring and lease contracts | B16: - usługi faktoringowe i leasingowe | BC16: 8 | BD16: 8 | BE16: 11 | BF16: 7 | BG16: 9 | BH16: 10 | BI16: 14 | BJ16: 9 | BK16: 11 | BL16: 12 | BM16: 15 | BN16: 13 | BO16: 12 | BP16: 13 | BQ16: 21 | BR16: 11 | BS16: 14 | BT16: 14 | BU16: 19 | BV16: 14 | BW16: 13 | BX16: 13 | BY16: 15 | BZ16: 18 | CA16: 16 | CB16: 19 | CC16: 18
A18: - commission related to insurance product offering | B18: - oferowanie produktów ubezpieczeniowych | BC18: 38 | BD18: 40 | BE18: 41 | BF18: 43 | BG18: 44 | BH18: 50 | BI18: 51 | BJ18: 54 | BK18: 55 | BL18: 54 | BM18: 58 | BN18: 55 | BO18: 56 | BP18: 56 | BQ18: 58 | BR18: 60 | BS18: 60 | BT18: 61 | BU18: 63 | BV18: 60 | BW18: 64 | BX18: 65 | BY18: 67 | BZ18: 68 | CA18: 68 | CB18: 70 | CC18: 71
A23: - other | B23: - pozostałe prowizje | BC23: 6 | BD23: 8 | BE23: 9 | BF23: 15 | BG23: 12 | BH23: 16 | BI23: 20 | BJ23: 18 | BK23: 22 | BL23: 21 | BM23: 18 | BN23: 20 | BO23: 20 | BP23: 20 | BQ23: 16 | BR23: 22 | BS23: 24 | BT23: 24 | BU23: 20 | BV23: 17 | BW23: 22 | BX23: 17 | BY23: 16 | BZ23: 22 | CA23: 25 | CB23: 18 | CC23: 15
A27: Total fees and comission income | B27: Razem przychody z tytułu prowizji | BC27: =SUM(BC7:BC9,BC12:BC23) -> 359 | BD27: =SUM(BD7:BD9,BD12:BD23) -> 339 | BE27: =SUM(BE7:BE9,BE12:BE23) -> 384 | BF27: =SUM(BF7:BF9,BF12:BF23) -> 439 | BG27: =SUM(BG7:BG9,BG12:BG13,BG16:BG23) -> 456 | BH27: =SUM(BH7:BH9,BH12:BH13,BH16:BH23) -> 485 | BI27: =SUM(BI7:BI9,BI12:BI13,BI16:BI23) -> 517 | BJ27: =SUM(BJ7:BJ9,BJ12:BJ13,BJ16:BJ23) -> 540 | BK27: =SUM(BK7:BK9,BK12:BK13,BK16:BK23) -> 571 | BL27: =SUM(BL7:BL9,BL12:BL13,BL16:BL23) -> 562 | BM27: =SUM(BM7:BM9,BM12:BM13,BM16:BM23) -> 576 | BN27: =SUM(BN7:BN9,BN12:BN13,BN16:BN23) -> 564 | ... CC27: =SUM(CC7:CC9,CC12:CC13,CC16:CC23) -> 761
A29: Other fees and commission expenses | B29: Pozostałe koszty prowizji | BC29: -34 | BD29: -34 | BE29: -33 | BF29: -35 | BG29: -27 | BH29: -29 | BI29: -34 | BJ29: -63 | BK29: -37 | BL29: -43 | BM29: -45 | BN29: -53 | BO29: -49 | BP29: -55 | BQ29: -54 | BR29: -63 | BS29: -55 | BT29: -60 | BU29: -57 | BV29: -66 | BW29: -58 | BX29: -63 | BY29: -63 | BZ29: -66 | CA29: -66 | CB29: -66 | CC29: -69
A31: Net commission income | B31: Wynik z tytułu prowizji | BC31: =BC27+BC29 -> 325 | BD31: =BD27+BD29 -> 305 | BE31: =BE27+BE29 -> 351 | BF31: =BF27+BF29 -> 404 | BG31: =BG27+BG29 -> 429 | BH31: =BH27+BH29 -> 456 | BI31: =BI27+BI29 -> 483 | BJ31: =BJ27+BJ29 -> 477 | ... CC31: =CC27+CC29 -> 692
A33: - commission related to distribution of participation units | B33: - dystrybucja jednostek uczestnictwa | BC33: 20 | BD33: 18 | BE33: 20 | BF33: 21 | BG33: 21 | BH33: 22 | BI33: 24 | BJ33: 24 | BK33: 19 | BL33: 15 | BM33: 14 | BN33: 13 | BO33: 14 | BP33: 15 | BQ33: 17 | BR33: 18 | BS33: 20 | BT33: 23 | BU33: 25 | BV33: 27 | BW33: 28 | BX33: 31 | BY33: 34 | BZ33: 37 | CA33: 41 | CB33: - | CC33: -
A34: - commission related to brokerage activity | B34: - działalność maklerska | BC34: 6 | BD34: 13 | BE34: 14 | BF34: -1 | BG34: 16 | BH34: 9 | BI34: 8 | BJ34: 10 | BK34: 14 | BL34: 7 | BM34: 7 | BN34: 7 | BO34: 8 | BP34: 7 | BQ34: 6 | BR34: 8 | BS34: 9 | BT34: 9 | BU34: 8 | BV34: 7 | BW34: 10 | BX34: 10 | BY34: 8 | BZ34: 9 | CA34: 12 | CB34: - | CC34: -

Sheet Pozost. dochody_Other income
A1: Go back to Table of content | B1: Powrót do spisu treści
A2: Comparable data pro-forma | B2: Dane porównywalne pro-forma
A3: Net income - other | B3: Wynik - pozostałe | BC3: 2020 | BG3: 2021 | BK3: 2022 | BO3: 2023 | BS3: 2024 | BW3: 2025 | CA3: 2026
BC4: 1Q | BD4: 2Q | BE4: 3Q | BF4: 4Q | BG4: 1Q | BH4: 2Q | BI4: 3Q | BJ4: 4Q | BK4: 1Q | BL4: 2Q | BM4: 3Q | BN4: 4Q | BO4: 1Q | BP4: 2Q | BQ4: 3Q | BR4: 4Q | BS4: 1Q | BT4: 2Q | BU4: 3Q | BV4: 4Q | BW4: 1Q | BX4: 2Q | BY4: 3Q | BZ4: 4Q | CA4: 1Q | CB4: 2Q | CC4: 3Q
A5: (PLN million) | B5: (w mln zł)
A6: FX result and net income on currency derivatives, including: | B6: Wynik z pozycji wymiany oraz wynik na pochodnych transakcjach walutowych, w tym: | BC6: =BC7+BC8 -> 24 | BD6: =BD7+BD8 -> 15 | BE6: =BE7+BE8 -> 15 | BF6: =BF7+BF8 -> 8 | BG6: =BG7+BG8 -> 20 | BH6: =BH7+BH8 -> 8 | BI6: =BI7+BI8 -> 5 | BJ6: =BJ7+BJ8 -> -16 | ... CC6: =CC7+CC8 -> 48
A7: - FX result | B7: - Wynik z pozycji wymiany | BC7: -6 | BD7: 143 | BE7: 5 | BF7: -87 | BG7: 189 | BH7: 50 | BI7: 209 | BJ7: 226 | BK7: 37 | BL7: 88 | BM7: 337 | BN7: -270 | BO7: -92 | BP7: -80 | BQ7: 135 | BR7: 230 | BS7: 218 | BT7: -56 | BU7: -99 | BV7: 82 | BW7: 228 | BX7: -309 | BY7: 2 | BZ7: 199 | CA7: 358 | CB7: 198 | CC7: 204
A8: - Currency derivatives | B8: - Transakcje pochodne walutowe | BC8: 30 | BD8: -128 | BE8: 10 | BF8: 95 | BG8: -169 | BH8: -42 | BI8: -204 | BJ8: -242 | BK8: -69 | BL8: -177 | BM8: -343 | BN8: 291 | BO8: 153 | BP8: 112 | BQ8: -56 | BR8: -184 | BS8: -183 | BT8: 119 | BU8: 150 | BV8: -26 | BW8: -139 | BX8: 411 | BY8: 120 | BZ8: -102 | CA8: -323 | CB8: -145 | CC8: -156
A9: Net income on interest rate derivatives | B9: Wynik na transakcjach pochodnych na stopę procentową | BC9: -33 | BD9: 20 | BE9: 6 | BF9: 12 | BG9: 13 | BH9: 6 | BI9: 14 | BJ9: 11 | BK9: 72 | BL9: 38 | BM9: 22 | BN9: -38 | BO9: 3 | BP9: -4 | BQ9: 14 | BR9: 41 | BS9: -28 | BT9: -4 | BU9: -3 | BV9: -6 | BW9: 7 | BX9: 52 | BY9: -9 | BZ9: 19 | CA9: -8 | CB9: 29 | CC9: 4
A10: Net income on debt instruments | B10: Wynik na instrumentach dłużnych | BC10: 23 | BD10: 9 | BE10: 4 | BF10: 1 | BG10: 1 | BH10: 2 | BI10: 2 | BJ10: 2 | BK10: 10 | BL10: 10 | BM10: 9 | BN10: 20 | BO10: 10 | BP10: 9 | BQ10: 16 | BR10: 25 | BS10: 12 | BT10: 8 | BU10: 4 | BV10: 10 | BW10: 12 | BX10: 17 | BY10: 3 | BZ10: 10 | CA10: 14 | CB10: 26 | CC10: 15
A11: Net income on securities derivatives | B11: Wynik na transakcjach pochodnych związanych z papierami wartościowymi | BC11: 0 | BD11: 0 | BE11: 0 | BF11: 0 | BG11: 0 | BH11: 0 | BI11: 0 | BJ11: 0 | BK11: 0 | BL11: 0 | BM11: 0 | BN11: 0 | BO11: 0 | BP11: 0 | BQ11: 0 | BR11: 0 | BS11: 0 | BT11: 0 | BU11: 0 | BV11: 0 | BW11: 0 | BX11: 0 | BY11: 0 | BZ11: 0 | CA11: 0 | CB11: 0 | CC11: 0
A12: Net income on equity instruments | B12: Wynik na instrumentach kapitałowych | BC12: 0 | BD12: 0 | BE12: 0 | BF12: 0 | BG12: 0 | BH12: 0 | BI12: 0 | BJ12: 0 | BK12: 0 | BL12: 0 | BM12: 0 | BN12: 0 | BO12: 0 | BP12: 0 | BQ12: 0 | BR12: 0 | BS12: 0 | BT12: 0 | BU12: 0 | BV12: 0 | BW12: 0 | BX12: 0 | BY12: 0 | BZ12: 0 | CA12: 0 | CB12: 0 | CC12: 0
A13: Result on measurement of loans to customers which are measured at fair value through profit or loss | B13: Wynik z tytułu wyceny kredytów i innych należności udzielonych klientom wycenianych do wartości godziwej przez rachunek zysków i strat | BC13: 0 | BD13: 0 | BE13: 0 | BF13: 0 | BG13: 0 | BH13: 0 | BI13: 0 | BJ13: 0 | BK13: 0 | BL13: 0 | BM13: 0 | BN13: 0 | BO13: 0 | BP13: 0 | BQ13: 0 | BR13: 0 | BS13: 0 | BT13: 0 | BU13: 0 | BV13: 0 | BW13: 0 | BX13: 0 | BY13: 0 | BZ13: 0 | CA13: 0 | CB13: 0 | CC13: 0
A14: Net income on equity instruments measured at fair value through profit or loss | B14: Wynik na instrumentach kapitałowych wycenianych według wartości godziwej przez wynik finansowy | BC14: 0 | BD14: 0 | BE14: 0 | BF14: 0 | BG14: 0 | BH14: 0 | BI14: 1 | BJ14: -5 | BK14: -3 | BL14: -1 | BM14: 0 | BN14: -1 | BO14: 0 | BP14: 0 | BQ14: 0 | BR14: 0 | BS14: 0 | BT14: 0 | BU14: 0 | BV14: 0 | BW14: 0 | BX14: 0 | BY14: 0 | BZ14: 0 | CA14: 0 | CB14: 0 | CC14: 0
A15: Net income on financial assets and liabilities measured at fair value upon initial recognition, of which: | B15: Wynik z tytułu aktywów i zobowiązań finansowych wycenianych wg wartości godziwej przy początkowym ujęciu, w tym: | BC15: - | BD15: - | BE15: - | BF15: - | BG15: - | BH15: - | BI15: - | BJ15: - | BK15: - | BL15: - | BM15: - | BN15: - | BO15: - | BP15: - | BQ15: - | BR15: - | BS15: - | BT15: - | BU15: - | BV15: - | BW15: - | BX15: - | BY15: - | BZ15: - | CA15: - | CB15: - | CC15: -
A16: - Net income on debt instruments | B16: - Wynik na instrumentach dłużnych | BC16: - | BD16: - | BE16: - | BF16: - | BG16: - | BH16: - | BI16: - | BJ16: - | BK16: - | BL16: - | BM16: - | BN16: - | BO16: - | BP16: - | BQ16: - | BR16: - | BS16: - | BT16: - | BU16: - | BV16: - | BW16: - | BX16: - | BY16: - | BZ16: - | CA16: - | CB16: - | CC16: -
A17: - Net income on the measurement of the deposits designated to be measured at their fair value | B17: - Wynik na wycenie lokat desygnowanych do wyceny według wartości godziwej | BC17: - | BD17: - | BE17: - | BF17: - | BG17: - | BH17: - | BI17: - | BJ17: - | BK17: - | BL17: - | BM17: - | BN17: - | BO17: - | BP17: - | BQ17: - | BR17: - | BS17: - | BT17: - | BU17: - | BV17: - | BW17: - | BX17: - | BY17: - | BZ17: - | CA17: - | CB17: - | CC17: -
B18: w mln zł
A19: Net income on financial instruments measured at fair value through profit or loss and FX result | B19: Wynik na instrumentach finansowych wycenianych przez rachunek zysków i strat oraz wynik z pozycji wymiany | BC19: =BC6+BC9+BC10+BC11++BC13+BC14 -> 14 | BD19: =BD6+BD9+BD10+BD11++BD13+BD14 -> 44 | BE19: =BE6+BE9+BE10+BE11++BE13+BE14 -> 25 | BF19: =BF6+BF9+BF10+BF11++BF13+BF14 -> 21 | BG19: =BG6+BG9+BG10+BG11++BG13+BG14 -> 34 | BH19: =BH6+BH9+BH10+BH11++BH13+BH14 -> 16 | BI19: =BI6+BI9+BI10+BI11++BI13+BI14 -> 22 | BJ19: =BJ6+BJ9+BJ10+BJ11++BJ13+BJ14 -> -8 | ... BP19: =BP6+BP9+BP10+BP11++BP13+BP14 -> 37 | BQ19: =BQ6+BQ9+BQ10+BQ11++BQ13+BQ14+BQ12 -> 109 | BR19: =BR6+BR9+BR10+BR11++BR13+BR14+BR12 -> 112 | BS19: =BS6+BS9+BS10+BS11++BS13+BS14+BS12 -> 19 | BT19: =BT6+BT9+BT10+BT11++BT13+BT14 -> 67 | BU19: =BU6+BU9+BU10+BU11++BU13+BU14 -> 52 | BV19: =BV6+BV9+BV10+BV11++BV13+BV14 -> 60 | BW19: =BW6+BW9+BW10+BW11++BW13+BW14+BW12 -> 108 | BX19: =BX6+BX9+BX10+BX11++BX13+BX14+BX12 -> 171 | BY19: =BY6+BY9+BY10+BY11++BY13+BY14+BY12 -> 116 | BZ19: =BZ6+BZ9+BZ10+BZ11++BZ13+BZ14+BZ12 -> 126 | CA19: =CA6+CA9+CA10+CA11++CA13+CA14+CA12 -> 41 | CB19: =CB6+CB9+CB10+CB11++CB13+CB14+CB12 -> 108 | CC19: =CC6+CC9+CC10+CC11++CC13+CC14+CC12 -> 67
A21: Net income on the sale of securities measured at amortised cost | B21: Wynik na sprzedaży papierów wartościowych wycenianych wg zamortyzowanego kosztu | BC21: 7 | BD21: 0 | BE21: 0 | BF21: 0 | BG21: 0 | BH21: 0 | BI21: 0 | BJ21: 3 | BK21: -4 | BL21: -12 | BM21: -9 | BN21: 0 | BO21: 0 | BP21: 0 | BQ21: 0 | BR21: 0 | BS21: -6 | BT21: 1 | BU21: -2 | BV21: 1 | BW21: 1 | BX21: -4 | BY21: -1 | BZ21: 0 | CA21: -1 | CB21: 0 | CC21: -1
A22: Net income on the sale of securities measured at fair value through other comprehensive income | B22: Wynik na sprzedaży papierów wartościowych wycenianych w wartości godziwej przez inne całkowite dochody | BC22: 2 | BD22: 11 | BE22: 5 | BF22: 5 | BG22: 0 | BH22: 1 | BI22: 4 | BJ22: 26 | BK22: 2 | BL22: 18 | BM22: 0 | BN22: 0 | BO22: 1 | BP22: 2 | BQ22: 3 | BR22: -12 | BS22: 2 | BT22: 3 | BU22: 2 | BV22: -18 | BW22: 0 | BX22: 4 | BY22: 4 | BZ22: 43 | CA22: 0 | CB22: 36 | CC22: -18
A23: Net income on equity instruments available-for-sale | B23: Wynik na instrumentach kapitałowych dostępnych do sprzedaży | BC23: - | BD23: - | BE23: - | BF23: - | BG23: - | BH23: - | BI23: - | BJ23: - | BK23: - | BL23: - | BM23: - | BN23: - | BO23: - | BP23: - | BQ23: - | BR23: - | BS23: - | BT23: - | BU23: - | BV23: - | BW23: - | BX23: - | BY23: - | BZ23: - | CA23: - | CB23: - | CC23: -
A24: Net income on debt instruments available-for-sale | B24: Wynik na instrumentach dłużnych dostępnych do sprzedaży | BC24: - | BD24: - | BE24: - | BF24: - | BG24: - | BH24: - | BI24: - | BJ24: - | BK24: - | BL24: - | BM24: - | BN24: - | BO24: - | BP24: - | BQ24: - | BR24: - | BS24: - | BT24: - | BU24: - | BV24: - | BW24: - | BX24: - | BY24: - | BZ24: - | CA24: - | CB24: - | CC24: -
A25: Dividend income | B25: Przychody z tytułu dywidend | BC25: 0 | BD25: 8 | BE25: 0 | BF25: 0 | BG25: 0 | BH25: 7 | BI25: 0 | BJ25: 0 | BK25: 0 | BL25: 7 | BM25: 0 | BN25: 0 | BO25: 0 | BP25: 7 | BQ25: 0 | BR25: 0 | BS25: 0 | BT25: 8 | BU25: 0 | BV25: 0 | BW25: 0 | BX25: 8 | BY25: 0 | BZ25: 0 | CA25: 0 | CB25: 50 | CC25: 0
A26: Impairment losses | B26: Odpisy z tytułu trwałej utraty wartości | BC26: - | BD26: - | BE26: - | BF26: - | BG26: - | BH26: - | BI26: - | BJ26: - | BK26: - | BL26: - | BM26: - | BN26: - | BO26: - | BP26: - | BQ26: - | BR26: - | BS26: - | BT26: - | BU26: - | BV26: - | BW26: - | BX26: - | BY26: - | BZ26: - | CA26: - | CB26: - | CC26: -
A27: Other | B27: Pozostałe | BC27: - | BD27: - | BE27: - | BF27: - | BG27: - | BH27: - | BI27: - | BJ27: - | BK27: - | BL27: - | BM27: - | BN27: - | BO27: - | BP27: - | BQ27: - | BR27: - | BS27: - | BT27: - | BU27: - | BV27: - | BW27: - | BX27: - | BY27: - | BZ27: - | CA27: - | CB27: - | CC27: -
A28: Net income on investments | B28: Wynik na inwestycjach | BC28: =SUM(BC21:BC27) -> 9 | BD28: =SUM(BD21:BD27) -> 19 | BE28: =SUM(BE21:BE27) -> 5 | BF28: =SUM(BF21:BF27) -> 5 | BG28: =SUM(BG21:BG27) -> 0 | BH28: =SUM(BH21:BH27) -> 8 | BI28: =SUM(BI21:BI27) -> 4 | BJ28: =SUM(BJ21:BJ27) -> 29 | ... CC28: =SUM(CC21:CC27) -> -19
A30: Fair value hedge accounting for securities | B30: Rachunkowość zabezpieczeń wartości godziwej papierów wartościowych | BC30: =BC31+BC32 -> 30 | BD30: =BD31+BD32 -> 7 | BE30: =BE31+BE32 -> -15 | BF30: =BF31+BF32 -> -2 | BG30: =BG31+BG32 -> -11 | BH30: =BH31+BH32 -> -4 | BI30: =BI31+BI32 -> -6 | BJ30: =BJ31+BJ32 -> -35 | ... CC30: =CC31+CC32 -> -11
A31: - valuation of the hedged transaction | B31: - wycena transakcji zabezpieczanej | BC31: 315 | BD31: 109 | BE31: -26 | BF31: -80 | BG31: -343 | BH31: -58 | BI31: -173 | BJ31: -515 | BK31: -237 | BL31: -214 | BM31: -100 | BN31: 23 | BO31: 35 | BP31: 154 | BQ31: 161 | BR31: 51 | BS31: -227 | BT31: -45 | BU31: 324 | BV31: -215 | BW31: 89 | BX31: 175 | BY31: 13 | BZ31: 206 | CA31: -713 | CB31: 340 | CC31: -725
A32: - valuation of the hedging transaction | B32: - wycena transakcji zabezpieczającej | BC32: -285 | BD32: -102 | BE32: 11 | BF32: 78 | BG32: 332 | BH32: 54 | BI32: 167 | BJ32: 480 | BK32: 222 | BL32: 196 | BM32: 99 | BN32: -24 | BO32: -43 | BP32: -158 | BQ32: -156 | BR32: -53 | BS32: 224 | BT32: 47 | BU32: -307 | BV32: 209 | BW32: -84 | BX32: -163 | BY32: -4 | BZ32: -187 | CA32: 690 | CB32: -329 | CC32: 714
A33: Cash flow hedge accounting | B33: Rachunkowość zabezpieczeń przepływów pieniężnych | BC33: =BC34 -> -6 | BD33: =BD34 -> -2 | BE33: =BE34 -> 0 | BF33: =BF34 -> 0 | BG33: =BG34 -> 0 | BH33: =BH34 -> 1 | BI33: =BI34 -> 1 | BJ33: =BJ34 -> 2 | ... CC33: =CC34 -> 0
A34: - ineffectiveness that arises from cash flow hedges | B34: - nieefektywność wynikająca z zabezpieczeń przepływów pieniężnych | BC34: -6 | BD34: -2 | BE34: 0 | BF34: 0 | BG34: 0 | BH34: 1 | BI34: 1 | BJ34: 2 | BK34: 0 | BL34: 0 | BM34: 0 | BN34: -4 | BO34: 3 | BP34: 1 | BQ34: -99 | BR34: 99 | BS34: 0 | BT34: 0 | BU34: -2 | BV34: 2 | BW34: 0 | BX34: -46 | BY34: 30 | BZ34: -44 | CA34: 68 | CB34: -7 | CC34: 0
A35: Net income on hedge accounting | B35: Wynik na rachunkowości zabezpieczeń | BC35: =+BC30+BC33 -> 24 | BD35: =+BD30+BD33 -> 5 | BE35: =+BE30+BE33 -> -15 | BF35: =+BF30+BF33 -> -2 | BG35: =+BG30+BG33 -> -11 | BH35: =+BH30+BH33 -> -3 | BI35: =+BI30+BI33 -> -5 | BJ35: =+BJ30+BJ33 -> -33 | ... CC35: =+CC30+CC33 -> -11

Sheet Koszty działania_Operating cost
A1: Go back to Table of content | B1: Powrót do spisu treści
A2: Comparable data pro-forma | B2: Dane porównywalne pro-forma
A3: Operating costs | B3: Koszty działania | BC3: 2020 | BG3: 2021 | BK3: 2022 | BO3: 2023 | BS3: 2024 | BW3: 2025 | CA3: 2026
BC4: 1Q | BD4: 2Q | BE4: 3Q | BF4: 4Q | BG4: 1Q | BH4: 2Q | BI4: 3Q | BJ4: 4Q | BK4: 1Q | BL4: 2Q | BM4: 3Q | BN4: 4Q | BO4: 1Q | BP4: 2Q | BQ4: 3Q | BR4: 4Q | BS4: 1Q | BT4: 2Q | BU4: 3Q | BV4: 4Q | BW4: 1Q | BX4: 2Q | BY4: 3Q | BZ4: 4Q | CA4: 1Q | CB4: 2Q | CC4: 3Q
A5: (PLN million) | B5: (w mln zł)
A6: Operating costs, of which: | B6: Koszty działania, w tym: | BC6: =SUM(BC7:BC17,BC20:BC23) -> -775 | BD6: =SUM(BD7:BD17,BD20:BD23) -> -638 | BE6: =SUM(BE7:BE17,BE20:BE23) -> -667 | BF6: =SUM(BF7:BF17,BF20:BF23) -> -683 | BG6: =SUM(BG7:BG17,BG20:BG23) -> -821 | BH6: =SUM(BH7:BH17,BH20:BH23) -> -692 | BI6: =SUM(BI7:BI17,BI20:BI23) -> -694 | BJ6: =SUM(BJ7:BJ17,BJ20:BJ23) -> -758 | ... CC6: =SUM(CC7:CC17,CC20:CC23) -> -1117
A7: - Personnel costs | B7: - koszty osobowe | BC7: -308 | BD7: -310 | BE7: -331 | BF7: -365 | BG7: -355 | BH7: -358 | BI7: -360 | BJ7: -424 | BK7: -361 | BL7: -410 | BM7: -415 | BN7: -414 | BO7: -423 | BP7: -466 | BQ7: -475 | BR7: -572 | BS7: -469 | BT7: -503 | BU7: -518 | BV7: -541 | BW7: -501 | BX7: -526 | BY7: -535 | BZ7: -563 | CA7: -551 | CB7: -587 | CC7: -591
A8: - Marketing and promotion costs | B8: - koszty marketingu i promocji | BC8: -27 | BD8: -24 | BE8: -32 | BF8: -39 | BG8: -34 | BH8: -34 | BI8: -32 | BJ8: -36 | BK8: -33 | BL8: -37 | BM8: -38 | BN8: -36 | BO8: -33 | BP8: -38 | BQ8: -42 | BR8: -52 | BS8: -41 | BT8: -45 | BU8: -54 | BV8: -49 | BW8: -47 | BX8: -50 | BY8: -61 | BZ8: -62 | CA8: -53 | CB8: -63 | CC8: -52
A9: - D&A | B9: - amortyzacja | BC9: -72 | BD9: -72 | BE9: -73 | BF9: -78 | BG9: -71 | BH9: -72 | BI9: -71 | BJ9: -73 | BK9: -69 | BL9: -68 | BM9: -71 | BN9: -72 | BO9: -73 | BP9: -73 | BQ9: -73 | BR9: -108 | BS9: -81 | BT9: -79 | BU9: -90 | BV9: -90 | BW9: -80 | BX9: -74 | BY9: -79 | BZ9: -89 | CA9: -74 | CB9: -77 | CC9: -84
A13: - IT costs | B13: - koszty IT | BC13: -75 | BD13: -76 | BE13: -77 | BF13: -39 | BG13: -71 | BH13: -77 | BI13: -84 | BJ13: -77 | BK13: -92 | BL13: -98 | BM13: -82 | BN13: -58 | BO13: -119 | BP13: -106 | BQ13: -108 | BR13: -53 | BS13: -111 | BT13: -142 | BU13: -118 | BV13: -122 | BW13: -136 | BX13: -176 | BY13: -147 | BZ13: -119 | CA13: -141 | CB13: -166 | CC13: -178
A14: - Maintenance of buildings | B14: - koszty utrzymania budynków | BC14: -25 | BD14: -27 | BE14: -26 | BF14: -19 | BG14: -28 | BH14: -28 | BI14: -25 | BJ14: -42 | BK14: -29 | BL14: -27 | BM14: -30 | BN14: -31 | BO14: -35 | BP14: -36 | BQ14: -40 | BR14: -60 | BS14: -45 | BT14: -42 | BU14: -31 | BV14: -42 | BW14: -44 | BX14: -38 | BY14: -30 | BZ14: -36 | CA14: -31 | CB14: -32 | CC14: -39
A15: - General and administrative costs | B15: - koszty działania i ogólnego zarządu | BC15: -92 | BD15: -87 | BE15: -86 | BF15: -101 | BG15: -82 | BH15: -95 | BI15: -94 | BJ15: -78 | BK15: -98 | BL15: -560 | BM15: -160.7 | BN15: -78.6 | BO15: -140 | BP15: -132 | BQ15: -122 | BR15: -143 | BS15: -163 | BT15: -167 | BU15: -145 | BV15: -90 | BW15: -160 | BX15: -166 | BY15: -170 | BZ15: -86 | CA15: -153 | CB15: -176 | CC15: -173
A16: - KNF costs | B16: - koszty KNF | BC16: -13 | BD16: 0 | BE16: 0 | BF16: 0 | BG16: -19 | BH16: 0 | BI16: 0 | BJ16: 0 | BK16: -22 | BL16: 0 | BM16: 0 | BN16: 0 | BO16: -25 | BP16: 0 | BQ16: 0 | BR16: 1 | BS16: -28 | BT16: 0 | BU16: -1 | BV16: 0 | BW16: -35 | BX16: 0 | BY16: 0 | BZ16: 0 | CA16: -32 | CB16: 0 | CC16: 0
A17: - Bank Guarantee Fund and Mortgage Support Fund costs, of which | B17: - koszty Bankowego Funduszu Gwarancyjnego i Funduszu Wsparcia Kredytobiorców, z czego: | BC17: -163 | BD17: -42 | BE17: -42 | BF17: -42 | BG17: -161 | BH17: -28 | BI17: -28 | BJ17: -28 | BK17: -227 | BL17: 0 | BM17: -25.3 | BN17: 0.6 | BO17: -154 | BP17: 0 | BQ17: 0 | BR17: 0 | BS17: -151 | BT17: 0 | BU17: 0 | BV17: 0 | BW17: -199 | BX17: -25 | BY17: -25 | BZ17: -25 | CA17: -246 | CB17: 0 | CC17: 0
A18: - contributions to the deposit guarantee fund | B18: - składki na fundusz gwarancyjny depozytów | BC18: -39 | BD18: -41 | BE18: -42 | BF18: -42 | BG18: -28 | BH18: -28 | BI18: -28 | BJ18: -28 | BK18: -54 | BL18: 0 | BM18: 0 | BN18: -1 | BO18: 0 | BP18: 0 | BQ18: 0 | BR18: 0 | BS18: 0 | BT18: 0 | BU18: 0 | BV18: 0 | BW18: -25 | BX18: -25 | BY18: -25 | BZ18: -25 | CA18: 0 | CB18: 0 | CC18: 0
A19: - contributions to the forced restructuring fund | B19: - składki na fundusz przymusowej restrukturyzacji | BC19: -124 | BD19: -1 | BE19: 0 | BF19: 0 | BG19: -133 | BH19: 0 | BI19: 0 | BJ19: 0 | BK19: -173 | BL19: 0 | BM19: 0 | BN19: 0 | BO19: -154 | BP19: 0 | BQ19: 0 | BR19: 0 | BS19: -151 | BT19: 0 | BU19: 0 | BV19: 0 | BW19: -174 | BX19: 0 | BY19: 0 | BZ19: 0 | CA19: -246 | CB19: 0 | CC19: 0
A21: - contribution to the Commercial Banks Protection System | B21: - wpłata na fundusz pomocowy systemu ochrony (SOBK) | BL21: -429.8 | BM21: -40.9

Sheet Koszty ryzyka_Cost of risk
A1: Go back to Table of content | B1: Powrót do spisu treści
A2: Comparable data pro-forma NOTE! - change in the layout Row 25 added | B2: Dane porównywalne pro-forma
A3: Cost of risk | B3: Koszty ryzyka | BC3: 2020 | BG3: 2021 | BK3: 2022 | BO3: 2023 | BS3: 2024 | BW3: 2025 | CA3: 2026
BC4: 1Q | BD4: 2Q | BE4: 3Q | BF4: 4Q | BG4: 1Q | BH4: 2Q | BI4: 3Q | BJ4: 4Q | BK4: 1Q | BL4: 2Q | BM4: 3Q | BN4: 4Q | BO4: 1Q | BP4: 2Q | BQ4: 3Q | BR4: 4Q | BS4: 1Q | BT4: 2Q | BU4: 3Q | BV4: 4Q | BW4: 1Q | BX4: 2Q | BY4: 3Q | BZ4: 4Q | CA4: 1Q | CB4: 2Q | CC4: 3Q
A5: (PLN million) | B5: (w mln zł)
A6: Retail portfolio, gross | B6: Portfel detaliczny, brutto | BC6: ='Jakość portfela_Portf. quality'!BC24 -> 50940 | BD6: ='Jakość portfela_Portf. quality'!BD24 -> 52606 | BE6: ='Jakość portfela_Portf. quality'!BE24 -> 53762 | BF6: ='Jakość portfela_Portf. quality'!BF24 -> 55831 | BG6: ='Jakość portfela_Portf. quality'!BG24 -> 58603 | BH6: ='Jakość portfela_Portf. quality'!BH24 -> 61502 | BI6: ='Jakość portfela_Portf. quality'!BI24 -> 64506 | BJ6: ='Jakość portfela_Portf. quality'!BJ24 -> 66484 | ... CC6: ='Jakość portfela_Portf. quality'!CC24 -> 85255
A7: Corporate portfolio, gross | B7: Portfel korporacyjny, brutto | BC7: ='Jakość portfela_Portf. quality'!BC7 -> 72929 | BD7: ='Jakość portfela_Portf. quality'!BD7 -> 68854 | BE7: ='Jakość portfela_Portf. quality'!BE7 -> 69981 | BF7: ='Jakość portfela_Portf. quality'!BF7 -> 70160 | BG7: ='Jakość portfela_Portf. quality'!BG7 -> 72299 | BH7: ='Jakość portfela_Portf. quality'!BH7 -> 73116 | BI7: ='Jakość portfela_Portf. quality'!BI7 -> 76655 | BJ7: ='Jakość portfela_Portf. quality'!BJ7 -> 79915 | ... CC7: ='Jakość portfela_Portf. quality'!CC7 -> 105221
A8: Total portfolio, gross | B8: Cały portfel, brutto | BC8: =+BC6+BC7 -> 123869 | BD8: =+BD6+BD7 -> 121460 | BE8: =+BE6+BE7 -> 123743 | BF8: =+BF6+BF7 -> 125991 | BG8: =+BG6+BG7 -> 130902 | BH8: =+BH6+BH7 -> 134618 | BI8: =+BI6+BI7 -> 141161 | BJ8: =+BJ6+BJ7 -> 146399 | ... CC8: =+CC6+CC7 -> 190476
A10: Retail segment - impairment for expected losses including legal cost of risk for FX-mortgage loans | B10: Segment detaliczny - koszty ryzyka łącznie z kosztami ryzyka prawnego walutowych kredytów hipotecznych | BC10: ='RZiS B. Detaliczna_P&L Retail'!BC16+'RZiS B. Detaliczna_P&L Retail'!BC17 -> -109 | BD10: ='RZiS B. Detaliczna_P&L Retail'!BD16+'RZiS B. Detaliczna_P&L Retail'!BD17 -> -71 | BE10: ='RZiS B. Detaliczna_P&L Retail'!BE16+'RZiS B. Detaliczna_P&L Retail'!BE17 -> -82 | BF10: ='RZiS B. Detaliczna_P&L Retail'!BF16+'RZiS B. Detaliczna_P&L Retail'!BF17 -> -324 | BG10: ='RZiS B. Detaliczna_P&L Retail'!BG16+'RZiS B. Detaliczna_P&L Retail'!BG17 -> -68 | BH10: ='RZiS B. Detaliczna_P&L Retail'!BH16+'RZiS B. Detaliczna_P&L Retail'!BH17 -> 27 | BI10: ='RZiS B. Detaliczna_P&L Retail'!BI16+'RZiS B. Detaliczna_P&L Retail'!BI17 -> -32 | BJ10: ='RZiS B. Detaliczna_P&L Retail'!BJ16+'RZiS B. Detaliczna_P&L Retail'!BJ17 -> -62 | ... CC10: ='RZiS B. Detaliczna_P&L Retail'!CC16+'RZiS B. Detaliczna_P&L Retail'!CC17 -> -31
A11: Retail corporate - impairment for expected losses including legal cost of risk for FX-mortgage loans | B11: Segment korporacyjny - koszty ryzyka łącznie z kosztami ryzyka prawnego walutowych kredytów hipotecznych | BC11: ='RZiS B. Korp._P&L Corporate'!BC16+'RZiS B. Korp._P&L Corporate'!BC17 -> -185 | BD11: ='RZiS B. Korp._P&L Corporate'!BD16+'RZiS B. Korp._P&L Corporate'!BD17 -> -242 | BE11: ='RZiS B. Korp._P&L Corporate'!BE16+'RZiS B. Korp._P&L Corporate'!BE17 -> -63 | BF11: ='RZiS B. Korp._P&L Corporate'!BF16+'RZiS B. Korp._P&L Corporate'!BF17 -> 1 | BG11: ='RZiS B. Korp._P&L Corporate'!BG16+'RZiS B. Korp._P&L Corporate'!BG17 -> -61 | BH11: ='RZiS B. Korp._P&L Corporate'!BH16+'RZiS B. Korp._P&L Corporate'!BH17 -> -46 | BI11: ='RZiS B. Korp._P&L Corporate'!BI16+'RZiS B. Korp._P&L Corporate'!BI17 -> -48 | BJ11: ='RZiS B. Korp._P&L Corporate'!BJ16+'RZiS B. Korp._P&L Corporate'!BJ17 -> -82 | ... CC11: ='RZiS B. Korp._P&L Corporate'!CC16+'RZiS B. Korp._P&L Corporate'!CC17 -> -42
A12: Total impairment for expected losses including legal cost of risk for FX-mortgage loans | B12: Koszty ryzyka razem łącznie z kosztami ryzyka prawnego walutowych kredytów hipotecznych | BC12: =+BC10+BC11 -> -294 | BD12: =+BD10+BD11 -> -313 | BE12: =+BE10+BE11 -> -145 | BF12: =+BF10+BF11 -> -323 | BG12: =+BG10+BG11 -> -129 | BH12: =+BH10+BH11 -> -19 | BI12: =+BI10+BI11 -> -80 | BJ12: =+BJ10+BJ11 -> -144 | ... CC12: =+CC10+CC11 -> -73
A14: Net gain on sale of retail portfolios (lower cost of risk) | B14: Zysk na sprzedaży portfeli detalicznych (pomniejszenie kosztów ryzyka) | BC14: 0 | BD14: 0 | BE14: 0 | BF14: 0 | BG14: 0 | BH14: 51 | BI14: 0 | BJ14: 0 | BK14: 0 | BL14: 0 | BM14: 65 | BN14: 0 | BO14: 0 | BP14: 0 | BQ14: 0 | BR14: 22 | BS14: 0 | BT14: 0 | BU14: 57 | BV14: 0 | BW14: 0 | BX14: 43 | BY14: 0 | BZ14: 0 | CA14: 0 | CB14: 58 | CC14: 0
A15: Net gain on sale of corporate portfolios (lower cost of risk) | B15: Zysk na sprzedaży portfeli korporacyjnych (pomniejszenie kosztów ryzyka) | BC15: 4 | BD15: 0 | BE15: 0 | BF15: 0 | BG15: 0 | BH15: 11 | BI15: 0 | BJ15: 0 | BK15: 9 | BL15: 0 | BM15: 9 | BN15: 0 | BO15: 0 | BP15: 0 | BQ15: 0 | BR15: 2 | BS15: 0 | BT15: 0 | BU15: 2 | BV15: 21 | BW15: 0 | BX15: 2 | BY15: 0 | BZ15: 19 | CA15: 0 | CB15: 4 | CC15: 0
A16: Net gain on sale of portfolios (lower cost of risk) | B16: Zysk na sprzedaży portfeli (pomniejszenie kosztów ryzyka) | BC16: =+BC14+BC15 -> 4 | BD16: =+BD14+BD15 -> 0 | BE16: =+BE14+BE15 -> 0 | BF16: =+BF14+BF15 -> 0 | BG16: =+BG14+BG15 -> 0 | BH16: =+BH14+BH15 -> 62 | BI16: =+BI14+BI15 -> 0 | BJ16: =+BJ14+BJ15 -> 0 | ... CC16: =+CC14+CC15 -> 0
A18: Retail risk cost margin (cumulative) | B18: Detaliczna marża kosztów ryzyka (kwartalna) | BC18: =-BC10*4/AVERAGE(BB6:BC6) -> 0.0085590891 | BD18: =-BD10*4/AVERAGE(BC6:BD6) -> 0.0054854847 | BE18: =-BE10*4/AVERAGE(BD6:BE6) -> 0.0061672684 | BF18: =-BF10*4/AVERAGE(BE6:BF6) -> 0.023651146 | BG18: =-BG10*4/AVERAGE(BF6:BG6) -> 0.0047538319 | BH18: =-BH10*4/AVERAGE(BG6:BH6) -> -0.0017984264 | BI18: =-BI10*4/AVERAGE(BH6:BI6) -> 0.002031617 | BJ18: =-BJ10*4/AVERAGE(BI6:BJ6) -> 0.0037865486 | ... CC18: =-CC10*4/AVERAGE(CB6:CC6) -> 0.0014638609
A19: Retail risk cost margin (cumulative) | B19: Detaliczna marża kosztów ryzyka (skumulowana) | BC19: =-SUM(AZ10:BC10)/AVERAGE(AY6:BC6) -> 0.0021397723 | BD19: =-SUM(BA10:BD10)/AVERAGE(AZ6:BD6) -> 0.0034767157 | BE19: =-SUM(BB10:BE10)/AVERAGE(BA6:BE6) -> 0.0049965672 | BF19: =-SUM(BC10:BF10)/AVERAGE(BB6:BF6) -> 0.010997518 | BG19: =-SUM(BD10:BG10)/AVERAGE(BC6:BG6) -> 0.010027894 | BH19: =-SUM(BE10:BH10)/AVERAGE(BD6:BH6) -> 0.0079169973 | BI19: =-SUM(BF10:BI10)/AVERAGE(BE6:BI6) -> 0.0067470191 | BJ19: =-SUM(BG10:BJ10)/AVERAGE(BF6:BJ6) -> 0.0021992272 | ... CC19: =-SUM(BZ10:CC10)/AVERAGE(BY6:CC6) -> 0.001583593
A21: Corporate risk cost margin (cumulative) | B21: Korporacyjna marża kosztów ryzyka (kwartalna) | BC21: =-BC11*4/AVERAGE(BB7:BC7) -> 0.010146855 | BD21: =-BD11*4/AVERAGE(BC7:BD7) -> 0.013654669 | BE21: =-BE11*4/AVERAGE(BD7:BE7) -> 0.0036302085 | BF21: =-BF11*4/AVERAGE(BE7:BF7) -> -5.7085364e-05 | BG21: =-BG11*4/AVERAGE(BF7:BG7) -> 0.003425547 | BH21: =-BH11*4/AVERAGE(BG7:BH7) -> 0.002530688 | BI21: =-BI11*4/AVERAGE(BH7:BI7) -> 0.0025639142 | BJ21: =-BJ11*4/AVERAGE(BI7:BJ7) -> 0.0041898193 | ... CC21: =-CC11*4/AVERAGE(CB7:CC7) -> 0.0015927945
A22: Corporate risk cost margin (cumulative) | B22: Korporacyjna marża kosztów ryzyka (skumulowana) | BC22: =-SUM(AZ11:BC11)/AVERAGE(AY7:BC7) -> 0.0025367138 | BD22: =-SUM(BA11:BD11)/AVERAGE(AZ7:BD7) -> 0.0060232891 | BE22: =-SUM(BB11:BE11)/AVERAGE(BA7:BE7) -> 0.0069416898 | BF22: =-SUM(BC11:BF11)/AVERAGE(BB7:BF7) -> 0.00693804 | BG22: =-SUM(BD11:BG11)/AVERAGE(BC7:BG7) -> 0.0051521217 | BH22: =-SUM(BE11:BH11)/AVERAGE(BD7:BH7) -> 0.0023842442 | BI22: =-SUM(BF11:BI11)/AVERAGE(BE7:BI7) -> 0.0021258327 | BJ22: =-SUM(BG11:BJ11)/AVERAGE(BF7:BJ7) -> 0.0031842427 | ... CC22: =-SUM(BZ11:CC11)/AVERAGE(BY7:CC7) -> 0.0037402112
A24: Risk cost margin (cumulative) | B24: Marża kosztów ryzyka (kwartalna) | BC24: =-BC12*4/AVERAGE(BB8:BC8) -> 0.0094939008 | BD24: =-BD12*4/AVERAGE(BC8:BD8) -> 0.010206702 | BE24: =-BE12*4/AVERAGE(BD8:BE8) -> 0.0047307741 | BF24: =-BF12*4/AVERAGE(BE8:BF8) -> 0.010347009 | BG24: =-BG12*4/AVERAGE(BF8:BG8) -> 0.0040172367 | BH24: =-BH12*4/AVERAGE(BG8:BH8) -> 0.00057246158 | BI24: =-BI12*4/AVERAGE(BH8:BI8) -> 0.0023206988 | BJ24: =-BJ12*4/AVERAGE(BI8:BJ8) -> 0.0040061205 | ... CC24: =-CC12*4/AVERAGE(CB8:CC8) -> 0.0015353673
A25: Risk cost margin (cumulative) | B25: Marża kosztów ryzyka (skumulowana) | BC25: =-SUM(AZ12:BC12)/AVERAGE(AY8:BC8) -> 0.0023734752 | BD25: =-SUM(BA12:BD12)/AVERAGE(AZ8:BD8) -> 0.004948457 | BE25: =-SUM(BB12:BE12)/AVERAGE(BA8:BE8) -> 0.0061126284 | BF25: =-SUM(BC12:BF12)/AVERAGE(BB8:BF8) -> 0.0086857632 | BG25: =-SUM(BD12:BG12)/AVERAGE(BC8:BG8) -> 0.007268777 | BH25: =-SUM(BE12:BH12)/AVERAGE(BD8:BH8) -> 0.0048373367 | BI25: =-SUM(BF12:BI12)/AVERAGE(BE8:BI8) -> 0.00419704 | BJ25: =-SUM(BG12:BJ12)/AVERAGE(BF8:BJ8) -> 0.0027390361 | ... CC25: =-SUM(BZ12:CC12)/AVERAGE(BY8:CC8) -> 0.0027819905

Sheet Bilans_BS
A1: Go back to Table of content | B1: Powrót do spisu treści
A2: Comparable data pro-forma | B2: Dane porównywalne pro-forma
A3: CONSOLIDATED STATEMENT OF FINANCIAL POSITION of the ING Bank Śląski Group S.A. | B3: SKONSOLIDOWANE SPRAWOZDANIE Z SYTUACJI FINANSOWEJ Grupy Kapitałowej ING Banku Śląskiego S.A. | BC3: 2020 | BG3: 2021 | BK3: 2022 | BO3: 2023 | BS3: 2024 | BW3: 2025 | CA3: 2026
BC4: 1Q | BD4: 2Q | BE4: 3Q | BF4: 4Q | BG4: 1Q | BH4: 2Q | BI4: 3Q | BJ4: 4Q | BK4: 1Q | BL4: 2Q | BM4: 3Q | BN4: 4Q | BO4: 1Q | BP4: 2Q | BQ4: 3Q | BR4: 4Q | BS4: 1Q | BT4: 2Q | BU4: 3Q | BV4: 4Q | BW4: 1Q | BX4: 2Q | BY4: 3Q | BZ4: 4Q | CA4: 1Q | CB4: 2Q | CC4: 3Q
A5: (PLN million) | B5: (w mln zł)
A6: A S S E T S | B6: A K T Y W A
A7: - Cash in hand and balances with the Central Bank | B7: - Kasa, środki w Banku Centralnym | BC7: 2506 | BD7: 2341 | BE7: 1588 | BF7: 1228 | BG7: 1894 | BH7: 1199 | BI7: 1318 | BJ7: 1378 | BK7: 5530 | BL7: 4546 | BM7: 3926 | BN7: 3050 | BO7: 7311 | BP7: 2848 | BQ7: 4499 | BR7: 7041 | BS7: 4508 | BT7: 3338 | BU7: 8965 | BV7: 8361 | BW7: 9240 | BX7: 8828 | BY7: 8457 | BZ7: 7310 | CA7: 8609 | CB7: 11424 | CC7: 15814
A8: - Loans and receivables to other banks | B8: - Kredyty i inne należności udzielone innym bankom | BC8: 317 | BD8: 314 | BE8: 337 | BF8: 343 | BG8: 341 | BH8: 361 | BI8: 343 | BJ8: 427 | BK8: 540 | BL8: 465 | BM8: 401 | BN8: 689 | BO8: 348 | BP8: 313 | BQ8: 729 | BR8: 620 | BS8: 794 | BT8: 773 | BU8: 756 | BV8: 856 | BW8: 1244 | BX8: 869 | BY8: 908 | BZ8: 853 | CA8: 849 | CB8: 825 | CC8: 3462
A9: - Loans to other banks | B9: - Kredyty udzielone innym bankom | BC9: 0 | BD9: 0 | BE9: 0 | BF9: 0 | BG9: 0 | BH9: 0 | BI9: 0 | BJ9: 0 | BK9: 0 | BL9: 0 | BM9: 0 | BN9: 0 | BO9: 0 | BP9: 0 | BQ9: 0 | BR9: 0 | BS9: 0 | BT9: 0 | BU9: 0 | BV9: 856 | BW9: 857 | BX9: 807 | BY9: 845 | BZ9: 821 | CA9: 806 | CB9: 805 | CC9: 3452
A10: - Other receivables to other banks | B10: - Inne należności udzielone bankom | BC10: 0 | BD10: 0 | BE10: 0 | BF10: 0 | BG10: 0 | BH10: 0 | BI10: 0 | BJ10: 0 | BK10: 0 | BL10: 0 | BM10: 0 | BN10: 0 | BO10: 0 | BP10: 0 | BQ10: 0 | BR10: 0 | BS10: 0 | BT10: 0 | BU10: 0 | BV10: 0 | BW10: 387 | BX10: 62 | BY10: 63 | BZ10: 32 | CA10: 43 | CB10: 20 | CC10: 10
A11: - Financial assets held for trading / Financial assets at fair value through profit or loss | B11: - Aktywa przeznaczone do obrotu / Aktywa finansowe wyceniane według wartości godziwej przez wynik finansowy | BC11: 1500 | BD11: 1107 | BE11: 1259 | BF11: 1818 | BG11: 1610 | BH11: 1471 | BI11: 1957 | BJ11: 1538 | BK11: 1499 | BL11: 3488 | BM11: 3396 | BN11: 1953 | BO11: 1584 | BP11: 2340 | BQ11: 1885 | BR11: 2274 | BS11: 2010 | BT11: 1316 | BU11: 1402 | BV11: 1948 | BW11: 1740 | BX11: 1675 | BY11: 1456 | BZ11: 2340 | CA11: 1364 | CB11: 2864 | CC11: 2511
A12: - Derivative hedge instruments | B12: - Pochodne instrumenty zabezpieczające | BC12: 1076 | BD12: 1096 | BE12: 1054 | BF12: 1195 | BG12: 874 | BH12: 882 | BI12: 593 | BJ12: 250 | BK12: 323 | BL12: 834 | BM12: 504 | BN12: 139 | BO12: 243 | BP12: 196 | BQ12: 361 | BR12: 208 | BS12: 327 | BT12: 103 | BU12: 92 | BV12: 61 | BW12: 159 | BX12: 47 | BY12: 126 | BZ12: 73 | CA12: 63 | CB12: 29 | CC12: 236
A13: - Investments | B13: - Inwestycyjne papiery wartościowe | BC13: 38095 | BD13: 53077 | BE13: 56084 | BF13: 54171 | BG13: 54708 | BH13: 55222 | BI13: 49444 | BJ13: 45585 | BK13: 37312 | BL13: 39284 | BM13: 42365 | BN13: 48433 | BO13: 40977 | BP13: 41151 | BQ13: 54003 | BR13: 56614 | BS13: 64439 | BT13: 58931 | BU13: 54231 | BV13: 58992 | BW13: 60706 | BX13: 56162 | BY13: 60635 | BZ13: 65556 | CA13: 80249 | CB13: 82609 | CC13: 82029
A14: - Loans and receivables to customers at amortised cost | B14: - Kredyty i inne należności udzielone klientom wyceniane wg zamortyzowanego kosztu | BC14: 123460 | BD14: 120598 | BE14: 122382 | BF14: 124655 | BG14: 129453 | BH14: 133769 | BI14: 141169 | BJ14: 146536 | BK14: 149710 | BL14: 152118 | BM14: 154350 | BN14: 154975 | BO14: 156051 | BP14: 156213 | BQ14: 158086 | BR14: 156521 | BS14: 158426 | BT14: 161385 | BU14: 163292 | BV14: 165637 | BW14: 168133 | BX14: 172221 | BY14: 174662 | BZ14: 180309 | CA14: 184152 | CB14: 188750 | CC14: 189694
A15: - Receivables due to repo transactions | B15: - Należności z tytułu transakcji z przyrzeczeniem odkupu | BC15: 0 | BD15: 0 | BE15: 0 | BF15: 0 | BG15: 0 | BH15: 0 | BI15: 0 | BJ15: 0 | BK15: 2 | BL15: 0 | BM15: 0 | BN15: 3760 | BO15: 8210 | BP15: 10395 | BQ15: 9845 | BR15: 19000 | BS15: 19437 | BT15: 18873 | BU15: 18719 | BV15: 21819 | BW15: 20711 | BX15: 23336 | BY15: 26209 | BZ15: 23101 | CA15: 11658 | CB15: 18526 | CC15: 19379
A16: - Transferred assets | B16: - Aktywa stanowiące zabezpieczenie zobowiązań | BC16: 2111 | BD16: 4 | BE16: 0 | BF16: 963 | BG16: 3607 | BH16: 1881 | BI16: 3019 | BJ16: 2281 | BK16: 10936 | BL16: 6879 | BM16: 3206 | BN16: 164 | BO16: 9417 | BP16: 11308 | BQ16: 465 | BR16: 165 | BS16: 0 | BT16: 1996 | BU16: 4495 | BV16: 179 | BW16: 4805 | BX16: 16431 | BY16: 7940 | BZ16: 0 | CA16: 13171 | CB16: 5804 | CC16: 5077
A17: - Investments in controlled entities recognised under the equity method | B17: - Inwestycje w jednostki stowarzyszone wyceniane metodą praw własności | BC17: 185 | BD17: 166 | BE17: 170 | BF17: 174 | BG17: 180 | BH17: 169 | BI17: 176 | BJ17: 185 | BK17: 192 | BL17: 166 | BM17: 173 | BN17: 179 | BO17: 185 | BP17: 163 | BQ17: 170 | BR17: 181 | BS17: 188 | BT17: 196 | BU17: 175 | BV17: 185 | BW17: 194 | BX17: 175 | BY17: 187 | BZ17: 204 | CA17: 167 | CB17: 0 | CC17: 0
A18: - Investment real estates | B18: - Nieruchomości inwestycyjne | BC18: 0 | BD18: 0 | BE18: 0 | BF18: 0 | BG18: 0 | BH18: 0 | BI18: 0 | BJ18: 0 | BK18: 0 | BL18: 0 | BM18: 0 | BN18: 0 | BO18: 0 | BP18: 0 | BQ18: 0 | BR18: 0 | BS18: 0 | BT18: 0 | BU18: 0 | BV18: 0 | BW18: 0 | BX18: 0 | BY18: 0 | BZ18: 0 | CA18: 0 | CB18: 0 | CC18: 0
... A20: - Intangible assets | B20: - Wartości niematerialne | BC20: 424 | BD20: 423 | BE20: 425 | BF20: 427 | BG20: 416 | BH20: 410 | BI20: 406 | BJ20: 377 | BK20: 401 | BL20: 409 | BM20: 407 | BN20: 416 | BO20: 463 | BP20: 467 | BQ20: 478 | BR20: 493 | BS20: 492 | BT20: 495 | BU20: 482 | BV20: 457 | BW20: 465 | BX20: 486 | BY20: 532 | BZ20: 551 | CA20: 556 | CB20: 1187 | CC20: 1211
A21: - Property, plant and equipment held for sale | B21: - Aktywa trwałe przeznaczone do sprzedaży
A22: - Deferred tax assets | B22: - Aktywa z tytułu odroczonego podatku dochodowego | BC22: 378 | BD22: 380 | BE22: 410 | BF22: 423 | BG22: 558 | BH22: 463 | BI22: 594 | BJ22: 1245 | BK22: 1694 | BL22: 2239 | BM22: 2409 | BN22: 1829 | BO22: 1458 | BP22: 1195 | BQ22: 1178 | BR22: 1097 | BS22: 839 | BT22: 684 | BU22: 645 | BV22: 690 | BW22: 585 | BX22: 615 | BY22: 652 | BZ22: 621 | CA22: 862 | CB22: 635 | CC22: 941
A23: - Current income tax assets | B23: - Aktywa z tytułu bieżącego podatku dochodowego | BC23: 0 | BD23: 0 | BE23: 0 | BF23: 3 | BG23: 2 | BH23: 308 | BI23: 426 | BJ23: 735 | BK23: 825 | BL23: 820 | BM23: 761 | BN23: 572 | BO23: 259 | BP23: 7 | BQ23: 7 | BR23: 1 | BS23: 59 | BT23: 2 | BU23: 3 | BV23: 14 | BW23: 22 | BX23: 4 | BY23: 12 | BZ23: 12 | CA23: 29 | CB23: 14 | CC23: 19
A24: - Other assets | B24: - Inne aktywa | BC24: 238 | BD24: 208 | BE24: 234 | BF24: 283 | BG24: 293 | BH24: 290 | BI24: 270 | BJ24: 286 | BK24: 188 | BL24: 222 | BM24: 165 | BN24: 158 | BO24: 193 | BP24: 215 | BQ24: 202 | BR24: 144 | BS24: 211 | BT24: 172 | BU24: 179 | BV24: 149 | BW24: 171 | BX24: 164 | BY24: 273 | BZ24: 157 | CA24: 255 | CB24: 266 | CC24: 229
A25: T o t a l a s s e t s | B25: A k t y w a r a z e m | BC25: =SUM(BC7:BC24) -> 171241 | BD25: =SUM(BD7:BD24) -> 180639 | BE25: =SUM(BE7:BE24) -> 184860 | BF25: =SUM(BF7:BF24) -> 186596 | BG25: =SUM(BG7:BG8,BG11:BG24) -> 194821 | BH25: =SUM(BH7:BH8,BH11:BH24) -> 197282 | BI25: =SUM(BI7:BI8,BI11:BI24) -> 200543 | BJ25: =SUM(BJ7:BJ8,BJ11:BJ24) -> 201654 | BK25: =SUM(BK7:BK8,BK11:BK24) -> 210069 | BL25: =SUM(BL7:BL8,BL11:BL24) -> 212395 | BM25: =SUM(BM7:BM8,BM11:BM24) -> 213012 | BN25: =SUM(BN7:BN8,BN11:BN24) -> 217266 | ... CC25: =SUM(CC7:CC8,CC11:CC24) -> 321596
A27: E Q U I T Y A N D L I A B I L I T I E S | B27: Z O B O W I Ą Z A N I A I K A P I T A Ł Y
A28: LIABILITIES | B28: ZOBOWIĄZANIA
A29: - Liabilities due to the Central Bank | B29: - Zobowiązania wobec Banku Centralnego | BC29: 0 | BD29: 0 | BE29: 0 | BF29: 0 | BG29: 0 | BH29: 0 | BI29: 0 | BJ29: 0 | BK29: 0 | BL29: 0 | BM29: 0 | BN29: 0 | BO29: 0 | BP29: 0 | BQ29: 0 | BR29: 0 | BS29: 0 | BT29: 0 | BU29: 0 | BV29: 0 | BW29: 0 | BX29: 0 | BY29: 0 | BZ29: 0 | CA29: 0 | CB29: 0 | CC29: 0
A30: - Liabilities due to other banks | B30: - Zobowiązania wobec innych banków | BC30: 5089 | BD30: 4595 | BE30: 4883 | BF30: 7465 | BG30: 8754 | BH30: 7550 | BI30: 7280 | BJ30: 8060 | BK30: 9108 | BL30: 7748 | BM30: 8728 | BN30: 5640 | BO30: 7123 | BP30: 7382 | BQ30: 7253 | BR30: 13655 | BS30: 13590 | BT30: 13877 | BU30: 13354 | BV30: 15468 | BW30: 14595 | BX30: 14671 | BY30: 14746 | BZ30: 15042 | CA30: 15090 | CB30: 16708 | CC30: 15750
A31: - Financial liabilities measured at fair value through profit and loss | B31: - Zobowiązania finansowe wyceniane do wartości godziwej przez rachunek zysków i strat | BC31: 1026 | BD31: 617 | BE31: 697 | BF31: 1531 | BG31: 1194 | BH31: 1040 | BI31: 1435 | BJ31: 1680 | BK31: 1794 | BL31: 3295 | BM31: 3478 | BN31: 2204 | BO31: 1702 | BP31: 1589 | BQ31: 1467 | BR31: 1822 | BS31: 1314 | BT31: 974 | BU31: 1248 | BV31: 1400 | BW31: 961 | BX31: 839 | BY31: 926 | BZ31: 916 | CA31: 1022 | CB31: 981 | CC31: 1782
A32: - Derivative hedge instruments | B32: - Pochodne instrumenty zabezpieczające | BC32: 510 | BD32: 481 | BE32: 450 | BF32: 558 | BG32: 550 | BH32: 454 | BI32: 406 | BJ32: 236 | BK32: 363 | BL32: 1144 | BM32: 842 | BN32: 370 | BO32: 419 | BP32: 329 | BQ32: 390 | BR32: 280 | BS32: 411 | BT32: 149 | BU32: 137 | BV32: 83 | BW32: 172 | BX32: 57 | BY32: 129 | BZ32: 77 | CA32: 104 | CB32: 41 | CC32: 187
A33: - Liabilities due to customers | B33: - Zobowiązania wobec klientów | BC33: 139089 | BD33: 150979 | BE33: 154400 | BF33: 151029 | BG33: 156896 | BH33: 161998 | BI33: 164586 | BJ33: 170610 | BK33: 171572 | BL33: 179741 | BM33: 184166 | BN33: 192731 | BO33: 192426 | BP33: 188846 | BQ33: 201951 | BR33: 205290 | BS33: 214126 | BT33: 211543 | BU33: 212068 | BV33: 219996 | BW33: 223239 | BX33: 225631 | BY33: 232103 | BZ33: 235328 | CA33: 244500 | CB33: 260166 | CC33: 266544
A34: - Liabilities under repo transactions | B34: - Zobowiązania z tytułu transakcji z przyrzeczeniem odkupu | BC34: 2096 | BD34: 0 | BE34: 0 | BF34: 763 | BG34: 3615 | BH34: 1873 | BI34: 3026 | BJ34: 1991 | BK34: 10474 | BL34: 6394 | BM34: 2838 | BN34: 0 | BO34: 9248 | BP34: 10894 | BQ34: 466 | BR34: 0 | BS34: 0 | BT34: 1998 | BU34: 4225 | BV34: 0 | BW34: 4755 | BX34: 16307 | BY34: 7883 | BZ34: 0 | CA34: 13128 | CB34: 6097 | CC34: 8381
A35: - Liabilities under issue of debt securities | B35: - Zobowiązania z tytułu emisji papierów wartościowych | BC35: 398 | BD35: 395 | BE35: 398 | BF35: 1371 | BG35: 596 | BH35: 546 | BI35: 547 | BJ35: 972 | BK35: 398 | BL35: 402 | BM35: 408 | BN35: 405 | BO35: 413 | BP35: 405 | BQ35: 413 | BR35: 404 | BS35: 411 | BT35: 405 | BU35: 914 | BV35: 509 | BW35: 501 | BX35: 509 | BY35: 1501 | BZ35: 1521 | CA35: 1501 | CB35: 2520 | CC35: 2515
A36: - Subordinated liabilities | B36: - Zobowiązania podporządkowane | BC36: 2278 | BD36: 2235 | BE36: 2265 | BF36: 2309 | BG36: 2332 | BH36: 2262 | BI36: 2318 | BJ36: 1610 | BK36: 1629 | BL36: 1639 | BM36: 1706 | BN36: 1644 | BO36: 1640 | BP36: 1561 | BQ36: 1627 | BR36: 1526 | BS36: 1510 | BT36: 1514 | BU36: 1501 | BV36: 1499 | BW36: 1467 | BX36: 1487 | BY36: 1497 | BZ36: 2548 | CA36: 2585 | CB36: 2590 | CC36: 2633
A37: - Provisions | B37: - Rezerwy | BC37: 186 | BD37: 203 | BE37: 196 | BF37: 256 | BG37: 240 | BH37: 248 | BI37: 253 | BJ37: 337 | BK37: 350 | BL37: 339 | BM37: 347 | BN37: 359 | BO37: 347 | BP37: 367 | BQ37: 371 | BR37: 542 | BS37: 523 | BT37: 645 | BU37: 640 | BV37: 636 | BW37: 613 | BX37: 589 | BY37: 607 | BZ37: 643 | CA37: 681 | CB37: 637 | CC37: 585
A38: - Deferred tax provision | B38: - Rezerwa z tytułu odroczonego podatku dochodowego | BC38: 5 | BD38: 5 | BE38: 5 | BF38: 0 | BG38: 0 | BH38: 0 | BI38: 0 | BJ38: 0 | BK38: 0 | BL38: 0 | BM38: 0 | BN38: 0 | BO38: 0 | BP38: 0 | BQ38: 0 | BR38: 0 | BS38: 0 | BT38: 0 | BU38: 0 | BV38: 1 | BW38: 0 | BX38: 0 | BY38: 0 | BZ38: 0 | CA38: 0 | CB38: 0 | CC38: 0
A39: - Current income tax liabilities | B39: - Zobowiązanie z tytułu bieżącego podatku dochodowego | BC39: 700 | BD39: 426 | BE39: 445 | BF39: 390 | BG39: 200 | BH39: 2 | BI39: 4 | BJ39: 4 | BK39: 5 | BL39: 12 | BM39: 13 | BN39: 20 | BO39: 17 | BP39: 125 | BQ39: 211 | BR39: 115 | BS39: 17 | BT39: 70 | BU39: 156 | BV39: 16 | BW39: 149 | BX39: 455 | BY39: 697 | BZ39: 924 | CA39: 0 | CB39: 672 | CC39: 423
A40: - Other liabilities | B40: - Inne zobowiązania | BC40: 2523 | BD40: 2467 | BE40: 2525 | BF40: 2306 | BG40: 2884 | BH40: 3451 | BI40: 3248 | BJ40: 2623 | BK40: 3220 | BL40: 3964 | BM40: 3063 | BN40: 4550 | BO40: 3083 | BP40: 3276 | BQ40: 3509 | BR40: 4991 | BS40: 3379 | BT40: 3930 | BU40: 3947 | BV40: 3581 | BW40: 3906 | BX40: 3819 | BY40: 3753 | BZ40: 3684 | CA40: 3750 | CB40: 3819 | CC40: 3806
A41: T o t a l l i a b i l i t i e s | B41: Z o b o w i ą z a n i a o g ó ł e m | BC41: =SUM(BC29:BC40) -> 153900 | BD41: =SUM(BD29:BD40) -> 162403 | BE41: =SUM(BE29:BE40) -> 166264 | BF41: =SUM(BF29:BF40) -> 167978 | BG41: =SUM(BG29:BG40) -> 177261 | BH41: =SUM(BH29:BH40) -> 179424 | BI41: =SUM(BI29:BI40) -> 183103 | BJ41: =SUM(BJ29:BJ40) -> 188123 | ... CC41: =SUM(CC29:CC40) -> 302606
A42: EQUITY | B42: KAPITAŁY
A43: - Share capital | B43: - Kapitał akcyjny | BC43: 130 | BD43: 130 | BE43: 130 | BF43: 130 | BG43: 130 | BH43: 130 | BI43: 130 | BJ43: 130 | BK43: 130 | BL43: 130 | BM43: 130 | BN43: 130 | BO43: 130 | BP43: 130 | BQ43: 130 | BR43: 130 | BS43: 130 | BT43: 130 | BU43: 130 | BV43: 130 | BW43: 130 | BX43: 130 | BY43: 130 | BZ43: 130 | CA43: 130 | CB43: 130 | CC43: 130
A44: - Supplementary capital - issuance of shares over nominal value | B44: - Kapitał zapasowy - nadwyżka ze sprzedaży akcji powyżej ich wartości nominalnej | BC44: 956 | BD44: 956 | BE44: 956 | BF44: 956 | BG44: 956 | BH44: 956 | BI44: 956 | BJ44: 956 | BK44: 956 | BL44: 956 | BM44: 956 | BN44: 956 | BO44: 956 | BP44: 956 | BQ44: 956 | BR44: 956 | BS44: 956 | BT44: 956 | BU44: 956 | BV44: 956 | BW44: 956 | BX44: 956 | BY44: 956 | BZ44: 956 | CA44: 956 | CB44: 956 | CC44: 956
A45: - Accumulated other comprehensive income | B45: - Skumulowane inne całkowite dochody | BC45: 3718 | BD45: 4297 | BE45: 4217 | BF45: 3923 | BG45: 2480 | BH45: 2159 | BI45: 1103 | BJ45: -2821 | BK45: -5989 | BL45: -9311 | BM45: -9292 | BN45: -8040 | BO45: -7055 | BP45: -6432 | BQ45: -5377 | BR45: -5095 | BS45: -5379 | BT45: -5274 | BU45: -4325 | BV45: -4699 | BW45: -4076 | BX45: -3131 | BY45: -2704 | BZ45: -1884 | CA45: -3460 | CB45: -2090 | CC45: -3920
A46: - Retained earnings | B46: - Zyski zatrzymane | BC46: 12537 | BD46: 12853 | BE46: 13293 | BF46: 13609 | BG46: 13994 | BH46: 14613 | BI46: 15251 | BJ46: 15266 | BK46: 16059 | BL46: 15942 | BM46: 15629 | BN46: 16297 | BO46: 17208 | BP46: 18312 | BQ46: 19473 | BR46: 20750 | BS46: 21744 | BT46: 18372 | BU46: 19469 | BV46: 20783 | BW46: 21805 | BX46: 19667 | BY46: 20772 | BZ46: 22149 | CA46: 22976 | CB46: 20700 | CC46: 21824
A47: - Own shares for the purposes of the incentive program | B47: - Akcje własne na cele pracowniczego programu motywacyjnego | BP47: -4 | BQ47: 0 | BR47: -5 | BS47: -11 | BT47: -11 | BU47: 0 | BV47: 0 | BW47: -6 | BX47: -6 | BY47: 0 | BZ47: -9 | CA47: -17 | CB47: -17 | CC47: 0
A48: Equity attributable to shareholders of ING Bank Śląski S.A. | B48: Kapitał własny przypadający akcjonariuszom ING Banku Śląskiego S.A. | BC48: =SUM(BC43:BC46) -> 17341 | BD48: =SUM(BD43:BD46) -> 18236 | BE48: =SUM(BE43:BE46) -> 18596 | BF48: =SUM(BF43:BF46) -> 18618 | BG48: =SUM(BG43:BG46) -> 17560 | BH48: =SUM(BH43:BH46) -> 17858 | BI48: =SUM(BI43:BI46) -> 17440 | BJ48: =SUM(BJ43:BJ46) -> 13531 | ... BO48: =SUM(BO43:BO46) -> 11239 | BP48: =SUM(BP43:BP47) -> 12962 | BQ48: =SUM(BQ43:BQ47) -> 15182 | BR48: =SUM(BR43:BR47) -> 16736 | BS48: =SUM(BS43:BS47) -> 17440 | BT48: =SUM(BT43:BT47) -> 14173 | BU48: =SUM(BU43:BU47) -> 16230 | BV48: =SUM(BV43:BV47) -> 17170 | BW48: =SUM(BW43:BW47) -> 18809 | ... CC48: =SUM(CC43:CC47) -> 18990
A49: - Non-controlling interests | B49: - Udziały niekontrolujące | BC49: 0 | BD49: 0 | BE49: 0 | BF49: 0 | BG49: 0 | BH49: 0 | BI49: 0 | BJ49: 0 | BK49: 0 | BL49: 0 | BM49: 0 | BN49: 0 | BO49: 0 | BP49: 0 | BQ49: 0 | BR49: 0 | BS49: 0 | BT49: 0 | BU49: 0 | BV49: 0 | BW49: 0 | BX49: 0 | BY49: 0 | BZ49: 0 | CA49: 0 | CB49: 0 | CC49: 0
A51: T o t a l e q u i t y | B51: K a p i t a ł y w ł a s n e o g ó ł e m | BC51: =BC48+BC49 -> 17341 | BD51: =BD48+BD49 -> 18236 | BE51: =BE48+BE49 -> 18596 | BF51: =BF48+BF49 -> 18618 | BG51: =BG48+BG49 -> 17560 | BH51: =BH48+BH49 -> 17858 | BI51: =BI48+BI49 -> 17440 | BJ51: =BJ48+BJ49 -> 13531 | ... CC51: =CC48+CC49 -> 18990
A53: T o t a l e q u i t y a n d l i a b i l i t i e s | B53: Z o b o w i ą z a n i a i k a p i t a ł w ł a s n y r a z e m | BC53: =BC41+BC51 -> 171241 | BD53: =BD41+BD51 -> 180639 | BE53: =BE41+BE51 -> 184860 | BF53: =BF41+BF51 -> 186596 | BG53: =BG41+BG51 -> 194821 | BH53: =BH41+BH51 -> 197282 | BI53: =BI41+BI51 -> 200543 | BJ53: =BJ41+BJ51 -> 201654 | ... CC53: =CC41+CC51 -> 321596

Sheet Kredyty_loans
A1: Go back to Table of content | B1: Powrót do spisu treści
A2: Comparable data pro-forma | B2: Dane porównywalne pro-forma
A3: Loans and other receivables to customers | B3: Kredyty i inne należności udzielone klientom | BC3: 2020 | BG3: 2021 | BK3: 2022 | BO3: 2023 | BS3: 2024 | BW3: 2025 | CA3: 2026
BC4: 1Q | BD4: 2Q | BE4: 3Q | BF4: 4Q | BG4: 1Q | BH4: 2Q | BI4: 3Q | BJ4: 4Q | BK4: 1Q | BL4: 2Q | BM4: 3Q | BN4: 4Q | BO4: 1Q | BP4: 2Q | BQ4: 3Q | BR4: 4Q | BS4: 1Q | BT4: 2Q | BU4: 3Q | BV4: 4Q | BW4: 1Q | BX4: 2Q | BY4: 3Q | BZ4: 4Q | CA4: 1Q | CB4: 2Q | CC4: 3Q
A5: (PLN million) | B5: (w mln zł) | BC5: [MSSF 9 / IFRS 9] | BD5: [MSSF 9 / IFRS 9] | BE5: [MSSF 9 / IFRS 9] | BF5: [MSSF 9 / IFRS 9] | BG5: [MSSF 9 / IFRS 9] | BH5: [MSSF 9 / IFRS 9] | BI5: [MSSF 9 / IFRS 9] | BJ5: [MSSF 9 / IFRS 9] | BK5: [MSSF 9 / IFRS 9] | BL5: [MSSF 9 / IFRS 9] | BM5: [MSSF 9 / IFRS 9] | BN5: [MSSF 9 / IFRS 9] | BO5: [MSSF 9 / IFRS 9] | BP5: [MSSF 9 / IFRS 9] | BQ5: [MSSF 9 / IFRS 9] | BR5: [MSSF 9 / IFRS 9] | BS5: [MSSF 9 / IFRS 9] | BT5: [MSSF 9 / IFRS 9] | BU5: [MSSF 9 / IFRS 9] | BV5: [MSSF 9 / IFRS 9] | BW5: [MSSF 9 / IFRS 9] | BX5: [MSSF 9 / IFRS 9] | BY5: [MSSF 9 / IFRS 9] | BZ5: [MSSF 9 / IFRS 9] | CA5: [MSSF 9 / IFRS 9] | CB5: [MSSF 9 / IFRS 9] | CC5: [MSSF 9 / IFRS 9]
A6: Measured at amortised cost | B6: Wyceniane wg zamortyzowanego kosztu | BC6: =BC61 -> 123460 | BD6: =BD61 -> 120598 | BE6: =BE61 -> 122382 | BF6: =BF61 -> 124655 | BG6: =BG61 -> 129453 | BH6: =BH61 -> 133769 | BI6: =BI61 -> 141169 | BJ6: =BJ61 -> 146536 | ... CC6: =CC61 -> 189694
A7: Measured at fair value through profit or loss | B7: Wyceniane do wartości godziwej przez rachunek zysków i strat | BC7: 149 | BD7: 233 | BE7: 220 | BF7: 106 | BG7: 100 | BH7: 94 | BI7: 87 | BJ7: 78 | BK7: 73 | BL7: 63 | BM7: 60 | BN7: 55 | BO7: 50 | BP7: 42 | BQ7: 41 | BR7: 39 | BS7: 27 | BT7: 26 | BU7: 24 | BV7: 21 | BW7: 12 | BX7: 11 | BY7: 10 | BZ7: 7 | CA7: 7 | CB7: 6 | CC7: 5
A8: Total (net) | B8: Razem (netto) | BC8: =SUM(BC6:BC7) -> 123609 | BD8: =SUM(BD6:BD7) -> 120831 | BE8: =SUM(BE6:BE7) -> 122602 | BF8: =SUM(BF6:BF7) -> 124761 | BG8: =SUM(BG6:BG7) -> 129553 | BH8: =SUM(BH6:BH7) -> 133863 | BI8: =SUM(BI6:BI7) -> 141256 | BJ8: =SUM(BJ6:BJ7) -> 146614 | ... CC8: =SUM(CC6:CC7) -> 189699
A10: Loans and other receivables measured at amortised cost | B10: Kredyty i inne należności wyceniane wg zamortyzowanego kosztu | BC10: 2020 | BG10: 2021 | BK10: 2022 | BO10: 2023 | BS10: 2024 | BW10: 2025 | CA10: 2026
BC11: 1Q | BD11: 2Q | BE11: 3Q | BF11: 4Q | BG11: 1Q | BH11: 2Q | BI11: 3Q | BJ11: 4Q | BK11: 1Q | BL11: 2Q | BM11: 3Q | BN11: 4Q | BO11: 1Q | BP11: 2Q | BQ11: 3Q | BR11: 4Q | BS11: 1Q | BT11: 2Q | BU11: 3Q | BV11: 4Q | BW11: 1Q | BX11: 2Q | BY11: 3Q | BZ11: 4Q | CA11: 1Q | CB11: 2Q | CC11: 3Q
A13: Gross loans and other receivables measured at amortised cost, including: | B13: Kredyty i inne należności brutto wyceniane wg zamortyzowanego kosztu, w tym: | BC13: =SUM(BC15,BC31) -> 126226 | BD13: =SUM(BD15,BD31) -> 123646 | BE13: =SUM(BE15,BE31) -> 125568 | BF13: =SUM(BF15,BF31) -> 127926 | BG13: =SUM(BG15,BG31) -> 132843 | BH13: =SUM(BH15,BH31) -> 136777 | BI13: =SUM(BI15,BI31) -> 144202 | BJ13: =SUM(BJ15,BJ31) -> 149650 | ... CC13: =SUM(CC15,CC31) -> 194131
A15: Portfolio of gross loans, including: | B15: Portfel kredytowy brutto, w tym: | BC15: =SUM(BC16:BC18) -> 123869 | BD15: =SUM(BD16:BD18) -> 121463 | BE15: =SUM(BE16:BE18) -> 123745 | BF15: =SUM(BF16:BF18) -> 125993 | BG15: =SUM(BG16:BG18) -> 130904 | BH15: =SUM(BH16:BH18) -> 134620 | BI15: =SUM(BI16:BI18) -> 141163 | BJ15: =SUM(BJ16:BJ18) -> 146401 | ... CC15: =SUM(CC16:CC18) -> 190478
A16: Households | B16: Gospodarstwa domowe | BC16: 61283 | BD16: 62527 | BE16: 64045 | BF16: 65040 | BG16: 68072 | BH16: 71315 | BI16: 74786 | BJ16: 77015 | BK16: 77491 | BL16: 76619 | BM16: 74865 | BN16: 74500 | BO16: 74231 | BP16: 75013 | BQ16: 75815 | BR16: 74528 | BS16: 73193 | BT16: 75675 | BU16: 77226 | BV16: 78852 | BW16: 80946 | BX16: 83507 | BY16: 86159 | BZ16: 88181 | CA16: 90187 | CB16: 92144 | CC16: 93344
A17: Business entities | B17: Podmioty gospodarcze | BC17: 59611 | BD17: 55989 | BE17: 56604 | BF17: 57635 | BG17: 59593 | BH17: 60143 | BI17: 63303 | BJ17: 66440 | BK17: 69638 | BL17: 74273 | BM17: 78138 | BN17: 78784 | BO17: 80630 | BP17: 80022 | BQ17: 81314 | BR17: 80571 | BS17: 83919 | BT17: 85090 | BU17: 85451 | BV17: 85703 | BW17: 86677 | BX17: 87391 | BY17: 87002 | BZ17: 89063 | CA17: 90265 | CB17: 92774 | CC17: 92183
A18: The government and self-government institutions’ sector | B18: Sektor instytucji rządowych i samorządowych | BC18: 2975 | BD18: 2947 | BE18: 3096 | BF18: 3318 | BG18: 3239 | BH18: 3162 | BI18: 3074 | BJ18: 2946 | BK18: 2894 | BL18: 2869 | BM18: 2919 | BN18: 3076 | BO18: 3118 | BP18: 3065 | BQ18: 3143 | BR18: 3157 | BS18: 3139 | BT18: 3049 | BU18: 3022 | BV18: 2839 | BW18: 2796 | BX18: 3409 | BY18: 3933 | BZ18: 3908 | CA18: 4743 | CB18: 4973 | CC18: 4951
A19: Total, including: | B19: Razem, w tym: | BC19: =SUM(BC20,BC26) -> 123869 | BD19: =SUM(BD20,BD26) -> 121463 | BE19: =SUM(BE20,BE26) -> 123745 | BF19: =SUM(BF20,BF26) -> 125993 | BG19: =SUM(BG20,BG26) -> 130904 | BH19: =SUM(BH20,BH26) -> 134620 | BI19: =SUM(BI20,BI26) -> 141163 | BJ19: =SUM(BJ20,BJ26) -> 146401 | ... CC19: =SUM(CC20,CC26) -> 190478
A20: Corporate banking segment | B20: Bankowość korporacyjna | BC20: =SUM(BC21:BC25) -> 72929 | BD20: =SUM(BD21:BD25) -> 68854 | BE20: =SUM(BE21:BE25) -> 69981 | BF20: =SUM(BF21:BF25) -> 70160 | BG20: =SUM(BG21:BG25) -> 72299 | BH20: =SUM(BH21:BH25) -> 73116 | BI20: =SUM(BI21:BI25) -> 76655 | BJ20: =SUM(BJ21:BJ25) -> 79915 | ... CC20: =SUM(CC21:CC25) -> 105221
A21: loans in the current account | B21: kredyty w rachunku bieżącym | BC21: 11872 | BD21: 10096 | BE21: 9950 | BF21: 9550 | BG21: 10892 | BH21: 11508 | BI21: 12524 | BJ21: 12409 | BK21: 9823 | BL21: 15643 | BM21: 16499 | BN21: 15445 | BO21: 15937 | BP21: 16235 | BQ21: 15934 | BR21: 13739 | BS21: 14799 | BT21: 15619 | BU21: 15887 | BV21: 14935 | BW21: 16030 | BX21: 16697 | BY21: 16645 | BZ21: 15569 | CA21: 16793 | CB21: 16485 | CC21: 16243
A22: term loans and advances | B22: kredyty i pożyczki terminowe | BC22: 43599 | BD22: 42455 | BE22: 42734 | BF22: 42929 | BG22: 43294 | BH22: 42727 | BI22: 44604 | BJ22: 46117 | BK22: 52001 | BL22: 49649 | BM22: 51808 | BN22: 53021 | BO22: 53994 | BP22: 53608 | BQ22: 54864 | BR22: 55373 | BS22: 55111 | BT22: 55371 | BU22: 55637 | BV22: 56317 | BW22: 56460 | BX22: 56798 | BY22: 56817 | BZ22: 59849 | CA22: 60686 | CB22: 63262 | CC22: 62809
A23: leasing receivables | B23: należności leasingowe | BC23: 9608 | BD23: 9477 | BE23: 9626 | BF23: 9832 | BG23: 10154 | BH23: 10407 | BI23: 10648 | BJ23: 11180 | BK23: 11573 | BL23: 11978 | BM23: 12545 | BN23: 12479 | BO23: 12642 | BP23: 12695 | BQ23: 13285 | BR23: 13209 | BS23: 13282 | BT23: 13507 | BU23: 13411 | BV23: 13444 | BW23: 13351 | BX23: 13663 | BY23: 13868 | BZ23: 13803 | CA23: 13699 | CB23: 13786 | CC23: 14006
A24: factoring receivables | B24: należności faktoringowe | BC24: 5375 | BD24: 4598 | BE24: 4674 | BF24: 4857 | BG24: 5118 | BH24: 5756 | BI24: 6242 | BJ24: 6890 | BK24: 6534 | BL24: 7288 | BM24: 7526 | BN24: 7751 | BO24: 7754 | BP24: 7390 | BQ24: 7218 | BR24: 6851 | BS24: 6774 | BT24: 7114 | BU24: 7083 | BV24: 6860 | BW24: 6896 | BX24: 6939 | BY24: 6832 | BZ24: 6838 | CA24: 7044 | CB24: 7458 | CC24: 7456
A25: corporate and municipal securities | B25: papiery wartościowe komercyjne i komunalne | BC25: 2475 | BD25: 2228 | BE25: 2997 | BF25: 2992 | BG25: 2841 | BH25: 2718 | BI25: 2637 | BJ25: 3319 | BK25: 3224 | BL25: 3300 | BM25: 3344 | BN25: 3782 | BO25: 4290 | BP25: 4244 | BQ25: 4249 | BR25: 4192 | BS25: 4212 | BT25: 4182 | BU25: 4184 | BV25: 4571 | BW25: 4450 | BX25: 4356 | BY25: 4560 | BZ25: 4669 | CA25: 4718 | CB25: 4738 | CC25: 4707
A26: Retail banking segment | B26: Bankowość detaliczna | BC26: =SUM(BC27:BC30) -> 50940 | BD26: =SUM(BD27:BD30) -> 52609 | BE26: =SUM(BE27:BE30) -> 53764 | BF26: =SUM(BF27:BF30) -> 55833 | BG26: =SUM(BG27:BG30) -> 58605 | BH26: =SUM(BH27:BH30) -> 61504 | BI26: =SUM(BI27:BI30) -> 64508 | BJ26: =SUM(BJ27:BJ30) -> 66486 | ... CC26: =SUM(CC27:CC30) -> 85257
A27: mortgages | B27: kredyty i pożyczki hipoteczne | BC27: 43179 | BD27: 44933 | BE27: 45924 | BF27: 47901 | BG27: 50406 | BH27: 52983 | BI27: 55535 | BJ27: 57410 | BK27: 57861 | BL27: 56900 | BM27: 55468 | BN27: 55156 | BO27: 54698 | BP27: 54998 | BQ27: 55567 | BR27: 55719 | BS27: 56715 | BT27: 58292 | BU27: 59689 | BV27: 61295 | BW27: 63117 | BX27: 65508 | BY27: 67563 | BZ27: 69268 | CA27: 70823 | CB27: 72455 | CC27: 73135
A28: loans in the current account | B28: kredyty w rachunku bieżącym | BC28: 627 | BD28: 613 | BE28: 654 | BF28: 655 | BG28: 647 | BH28: 652 | BI28: 692 | BJ28: 686 | BK28: 682 | BL28: 694 | BM28: 683 | BN28: 697 | BO28: 681 | BP28: 694 | BQ28: 702 | BR28: 706 | BS28: 679 | BT28: 691 | BU28: 693 | BV28: 688 | BW28: 681 | BX28: 675 | BY28: 693 | BZ28: 687 | CA28: 677 | CB28: 673 | CC28: 686
A29: leasing receivables | B29: należności leasingowe | BC29: 0 | BD29: 0 | BE29: 0 | BF29: 0 | BG29: 0 | BH29: 0 | BI29: 0 | BJ29: 0 | BK29: 0 | BL29: 0 | BM29: 0 | BN29: 0 | BO29: 0 | BP29: 0 | BQ29: 0 | BR29: 0 | BS29: 0 | BT29: 0 | BU29: 0 | BV29: 0 | BW29: 0 | BX29: 0 | BY29: 0 | BZ29: 0 | CA29: 0 | CB29: 0 | CC29: 0
A30: other loans and advances | B30: pozostałe kredyty i pożyczki | BC30: 7134 | BD30: 7063 | BE30: 7186 | BF30: 7277 | BG30: 7552 | BH30: 7869 | BI30: 8281 | BJ30: 8390 | BK30: 8325 | BL30: 8309 | BM30: 8049 | BN30: 8029 | BO30: 7983 | BP30: 8236 | BQ30: 8453 | BR30: 8467 | BS30: 8679 | BT30: 9038 | BU30: 9115 | BV30: 9284 | BW30: 9434 | BX30: 9671 | BY30: 10116 | BZ30: 10469 | CA30: 10755 | CB30: 11034 | CC30: 11436
A31: Other gross receivables, including: | B31: Inne należności brutto, w tym: | BC31: =SUM(BC32:BC35) -> 2357 | BD31: =SUM(BD32:BD35) -> 2183 | BE31: =SUM(BE32:BE35) -> 1823 | BF31: =SUM(BF32:BF35) -> 1933 | BG31: =SUM(BG32:BG35) -> 1939 | BH31: =SUM(BH32:BH35) -> 2157 | BI31: =SUM(BI32:BI35) -> 3039 | BJ31: =SUM(BJ32:BJ35) -> 3249 | ... CC31: =SUM(CC32:CC35) -> 3653
A32: Eurobonds (T-bonds) | B32: euroobligacje (obligacje Skarbu Państwa) | BC32: 0 | BD32: 0 | BE32: 0 | BF32: 0 | BG32: 0 | BH32: 0 | BI32: 0 | BJ32: 0 | BK32: 0 | BL32: 0 | BM32: 0 | BN32: 0 | BO32: 0 | BP32: 0 | BQ32: 0 | BR32: 0 | BS32: 0 | BT32: 0 | BU32: 0 | BV32: 0 | BW32: 0 | BX32: 0 | BY32: 0 | BZ32: 0 | CA32: 0 | CB32: 0 | CC32: 0
A33: complex call deposits | B33: złożone depozyty zabezpieczające typu call | BC33: 1937 | BD33: 1368 | BE33: 1213 | BF33: 1272 | BG33: 1325 | BH33: 1398 | BI33: 2257 | BJ33: 2531 | BK33: 1862 | BL33: 474 | BM33: 596 | BN33: 828 | BO33: 551 | BP33: 677 | BQ33: 527 | BR33: 607 | BS33: 815 | BT33: 527 | BU33: 643 | BV33: 759 | BW33: 870 | BX33: 981 | BY33: 875 | BZ33: 1788 | CA33: 2143 | CB33: 1994 | CC33: 2511
A34: receivables under repo transactions | B34: należności z tytułu transakcji z przyrzeczeniem odkupu | BC34: 0 | BD34: 0 | BE34: 0 | BF34: 0 | BG34: 0 | BH34: 0 | BI34: 0 | BJ34: 0 | BK34: 0 | BL34: 0 | BM34: 0 | BN34: 0 | BO34: 0 | BP34: 0 | BQ34: 0 | BR34: 0 | BS34: 0 | BT34: 0 | BU34: 0 | BV34: 0 | BW34: 0 | BX34: 0 | BY34: 0 | BZ34: 0 | CA34: 0 | CB34: 0 | CC34: 0
A35: other receivables | B35: pozostałe należności | BC35: 420 | BD35: 815 | BE35: 610 | BF35: 661 | BG35: 614 | BH35: 759 | BI35: 782 | BJ35: 718 | BK35: 817 | BL35: 1080 | BM35: 916 | BN35: 1056 | BO35: 889 | BP35: 986 | BQ35: 1016 | BR35: 1166 | BS35: 1093 | BT35: 1042 | BU35: 1018 | BV35: 1439 | BW35: 1033 | BX35: 1158 | BY35: 1165 | BZ35: 1523 | CA35: 1144 | CB35: 1191 | CC35: 1142
A37: Impairment on loans and other receivables measured at amortised cost, including: | B37: Odpis na kredyty i inne należności wyceniane wg zamortyzowanego kosztu, w tym: | BC37: =SUM(BC39,BC55) -> -2766 | BD37: =SUM(BD39,BD55) -> -3048 | BE37: =SUM(BE39,BE55) -> -3186 | BF37: =SUM(BF39,BF55) -> -3271 | BG37: =SUM(BG39,BG55) -> -3390 | BH37: =SUM(BH39,BH55) -> -3008 | BI37: =SUM(BI39,BI55) -> -3033 | BJ37: =SUM(BJ39,BJ55) -> -3114 | ... CC37: =SUM(CC39,CC55) -> -4437
A39: Impairment on portfolio of loans, including: | B39: Odpis na portfel kredytowy, w tym: | BC39: =SUM(BC40:BC42) -> -2766 | BD39: =SUM(BD40:BD42) -> -3048 | BE39: =SUM(BE40:BE42) -> -3186 | BF39: =SUM(BF40:BF42) -> -3271 | BG39: =SUM(BG40:BG42) -> -3390 | BH39: =SUM(BH40:BH42) -> -3008 | BI39: =SUM(BI40:BI42) -> -3033 | BJ39: =SUM(BJ40:BJ42) -> -3114 | ... CC39: =SUM(CC40:CC42) -> -4437
A40: Households | B40: Gospodarstwa domowe | BC40: -1379 | BD40: -1489 | BE40: -1589 | BF40: -1695 | BG40: -1796 | BH40: -1465 | BI40: -1546 | BJ40: -1596 | BK40: -1723 | BL40: -1884 | BM40: -1644 | BN40: -1785 | BO40: -1823 | BP40: -1902 | BQ40: -2006 | BR40: -1687 | BS40: -1747 | BT40: -1862 | BU40: -1648 | BV40: -1600 | BW40: -1681 | BX40: -1491 | BY40: -1586 | BZ40: -1612 | CA40: -1659 | CB40: -1492 | CC40: -1525
A41: Business entities | B41: Podmioty gospodarcze | BC41: -1387 | BD41: -1558 | BE41: -1596 | BF41: -1575 | BG41: -1593 | BH41: -1543 | BI41: -1487 | BJ41: -1517 | BK41: -1268 | BL41: -1311 | BM41: -1435 | BN41: -1476 | BO41: -1542 | BP41: -1643 | BQ41: -1720 | BR41: -1818 | BS41: -1985 | BT41: -2134 | BU41: -2418 | BV41: -2348 | BW41: -2501 | BX41: -2729 | BY41: -2882 | BZ41: -2538 | CA41: -2668 | CB41: -2830 | CC41: -2909
A42: The government and self-government institutions’ sector | B42: Sektor instytucji rządowych i samorządowych | BC42: 0 | BD42: -1 | BE42: -1 | BF42: -1 | BG42: -1 | BH42: 0 | BI42: 0 | BJ42: -1 | BK42: -1 | BL42: -2 | BM42: -5 | BN42: -8 | BO42: -3 | BP42: -5 | BQ42: -3 | BR42: -3 | BS42: -1 | BT42: -2 | BU42: -2 | BV42: -7 | BW42: -7 | BX42: -5 | BY42: -4 | BZ42: -4 | CA42: -3 | CB42: -4 | CC42: -3
A43: Total, including: | B43: Razem, w tym: | BC43: =SUM(BC44,BC50) -> -2766 | BD43: =SUM(BD44,BD50) -> -3048 | BE43: =SUM(BE44,BE50) -> -3186 | BF43: =SUM(BF44,BF50) -> -3271 | BG43: =SUM(BG44,BG50) -> -3390 | BH43: =SUM(BH44,BH50) -> -3008 | BI43: =SUM(BI44,BI50) -> -3033 | BJ43: =SUM(BJ44,BJ50) -> -3114 | ... CC43: =SUM(CC44,CC50) -> -4437
A44: Corporate banking segment | B44: Bankowość korporacyjna | BC44: =SUM(BC45:BC49) -> -1892 | BD44: =SUM(BD45:BD49) -> -2110 | BE44: =SUM(BE45:BE49) -> -2182 | BF44: =SUM(BF45:BF49) -> -2184 | BG44: =SUM(BG45:BG49) -> -2235 | BH44: =SUM(BH45:BH49) -> -2094 | BI44: =SUM(BI45:BI49) -> -2085 | BJ44: =SUM(BJ45:BJ49) -> -2158 | ... CC44: =SUM(CC45:CC49) -> -3637
A45: loans in the current account | B45: kredyty w rachunku bieżącym | BC45: -550 | BD45: -566 | BE45: -588 | BF45: -568 | BG45: -565 | BH45: -518 | BI45: -545 | BJ45: -560 | BK45: -429 | BL45: -440 | BM45: -462 | BN45: -484 | BO45: -535 | BP45: -538 | BQ45: -546 | BR45: -140 | BS45: -208 | BT45: -229 | BU45: -225 | BV45: -219 | BW45: -231 | BX45: -276 | BY45: -309 | BZ45: -312 | CA45: -363 | CB45: -348 | CC45: -351
A46: term loans and advances | B46: kredyty i pożyczki terminowe | BC46: -1212 | BD46: -1375 | BE46: -1409 | BF46: -1418 | BG46: -1477 | BH46: -1375 | BI46: -1374 | BJ46: -1442 | BK46: -1408 | BL46: -1490 | BM46: -1480 | BN46: -1519 | BO46: -1545 | BP46: -1672 | BQ46: -1783 | BR46: -2201 | BS46: -2317 | BT46: -2509 | BU46: -2615 | BV46: -2461 | BW46: -2624 | BX46: -2645 | BY46: -2785 | BZ46: -2455 | CA46: -2595 | CB46: -2654 | CC46: -2733
A47: leasing receivables | B47: należności leasingowe | BC47: -82 | BD47: -113 | BE47: -122 | BF47: -134 | BG47: -130 | BH47: -138 | BI47: -97 | BJ47: -90 | BK47: -87 | BL47: -84 | BM47: -107 | BN47: -115 | BO47: -116 | BP47: -94 | BQ47: -99 | BR47: -78 | BS47: -90 | BT47: -108 | BU47: -99 | BV47: -102 | BW47: -115 | BX47: -111 | BY47: -123 | BZ47: -131 | CA47: -133 | CB47: -143 | CC47: -140
A48: factoring receivables | B48: należności faktoringowe | BC48: -47 | BD48: -55 | BE48: -62 | BF48: -63 | BG48: -63 | BH48: -63 | BI48: -69 | BJ48: -66 | BK48: -57 | BL48: -60 | BM48: -62 | BN48: -69 | BO48: -74 | BP48: -82 | BQ48: -85 | BR48: -104 | BS48: -102 | BT48: -103 | BU48: -302 | BV48: -289 | BW48: -309 | BX48: -416 | BY48: -422 | BZ48: -366 | CA48: -328 | CB48: -412 | CC48: -410
A49: corporate and municipal securities | B49: papiery wartościowe komercyjne i komunalne | BC49: -1 | BD49: -1 | BE49: -1 | BF49: -1 | BG49: 0 | BH49: 0 | BI49: 0 | BJ49: 0 | BK49: -1 | BL49: -1 | BM49: -2 | BN49: -5 | BO49: -2 | BP49: -3 | BQ49: -1 | BR49: -2 | BS49: -1 | BT49: -2 | BU49: -1 | BV49: -4 | BW49: -4 | BX49: -3 | BY49: -2 | BZ49: -2 | CA49: -3 | CB49: -3 | CC49: -3
A50: Retail banking segment | B50: Bankowość detaliczna | BC50: =SUM(BC51:BC54) -> -874 | BD50: =SUM(BD51:BD54) -> -938 | BE50: =SUM(BE51:BE54) -> -1004 | BF50: =SUM(BF51:BF54) -> -1087 | BG50: =SUM(BG51:BG54) -> -1155 | BH50: =SUM(BH51:BH54) -> -914 | BI50: =SUM(BI51:BI54) -> -948 | BJ50: =SUM(BJ51:BJ54) -> -956 | ... CC50: =SUM(CC51:CC54) -> -800
A51: mortgages | B51: kredyty i pożyczki hipoteczne | BC51: -202 | BD51: -224 | BE51: -255 | BF51: -279 | BG51: -289 | BH51: -257 | BI51: -245 | BJ51: -218 | BK51: -204 | BL51: -228 | BM51: -219 | BN51: -269 | BO51: -292 | BP51: -308 | BQ51: -316 | BR51: -226 | BS51: -220 | BT51: -212 | BU51: -176 | BV51: -181 | BW51: -188 | BX51: -172 | BY51: -174 | BZ51: -172 | CA51: -168 | CB51: -164 | CC51: -139
A52: loans in the current account | B52: kredyty w rachunku bieżącym | BC52: -54 | BD52: -54 | BE52: -53 | BF52: -61 | BG52: -64 | BH52: -50 | BI52: -51 | BJ52: -54 | BK52: -60 | BL52: -68 | BM52: -60 | BN52: -64 | BO52: -63 | BP52: -68 | BQ52: -72 | BR52: -63 | BS52: -64 | BT52: -69 | BU52: -58 | BV52: -64 | BW52: -65 | BX52: -58 | BY52: -63 | BZ52: -69 | CA52: -71 | CB52: -59 | CC52: -64
A53: leasing receivables | B53: należności leasingowe | BC53: 0 | BD53: 0 | BE53: 0 | BF53: 0 | BG53: 0 | BH53: 0 | BI53: 0 | BJ53: 0 | BK53: 0 | BL53: 0 | BM53: 0 | BN53: 0 | BO53: 0 | BP53: 0 | BQ53: 0 | BR53: 0 | BS53: 0 | BT53: 0 | BU53: 0 | BV53: 0 | BW53: 0 | BX53: 0 | BY53: 0 | BZ53: 0 | CA53: 0 | CB53: 0 | CC53: 0
A54: other loans and advances | B54: pozostałe kredyty i pożyczki | BC54: -618 | BD54: -660 | BE54: -696 | BF54: -747 | BG54: -802 | BH54: -607 | BI54: -652 | BJ54: -684 | BK54: -746 | BL54: -826 | BM54: -692 | BN54: -744 | BO54: -741 | BP54: -785 | BQ54: -827 | BR54: -694 | BS54: -731 | BT54: -766 | BU54: -592 | BV54: -635 | BW54: -653 | BX54: -544 | BY54: -594 | BZ54: -647 | CA54: -669 | CB54: -543 | CC54: -597
A55: Impairment on other receivables, including: | B55: Odpis na inne należności, w tym: | BC55: =SUM(BC56:BC59) -> 0 | BD55: =SUM(BD56:BD59) -> 0 | BE55: =SUM(BE56:BE59) -> 0 | BF55: =SUM(BF56:BF59) -> 0 | BG55: =SUM(BG56:BG59) -> 0 | BH55: =SUM(BH56:BH59) -> 0 | BI55: =SUM(BI56:BI59) -> 0 | BJ55: =SUM(BJ56:BJ59) -> 0 | ... CC55: =SUM(CC56:CC59) -> 0
A56: Eurobonds (T-bonds) | B56: euroobligacje (obligacje Skarbu Państwa) | BC56: 0 | BD56: 0 | BE56: 0 | BF56: 0 | BG56: 0 | BH56: 0 | BI56: 0 | BJ56: 0 | BK56: 0 | BL56: 0 | BM56: 0 | BN56: 0 | BO56: 0 | BP56: 0 | BQ56: 0 | BR56: 0 | BS56: 0 | BT56: 0 | BU56: 0 | BV56: 0 | BW56: 0 | BX56: 0 | BY56: 0 | BZ56: 0 | CA56: 0 | CB56: 0 | CC56: 0
A57: complex call deposits | B57: złożone depozyty zabezpieczające typu call | BC57: 0 | BD57: 0 | BE57: 0 | BF57: 0 | BG57: 0 | BH57: 0 | BI57: 0 | BJ57: 0 | BK57: 0 | BL57: 0 | BM57: 0 | BN57: 0 | BO57: 0 | BP57: 0 | BQ57: 0 | BR57: 0 | BS57: 0 | BT57: 0 | BU57: 0 | BV57: 0 | BW57: 0 | BX57: 0 | BY57: 0 | BZ57: 0 | CA57: 0 | CB57: 0 | CC57: 0
A58: receivables under repo transactions | B58: należności z tytułu transakcji z przyrzeczeniem odkupu | BC58: 0 | BD58: 0 | BE58: 0 | BF58: 0 | BG58: 0 | BH58: 0 | BI58: 0 | BJ58: 0 | BK58: 0 | BL58: 0 | BM58: 0 | BN58: 0 | BO58: 0 | BP58: 0 | BQ58: 0 | BR58: 0 | BS58: 0 | BT58: 0 | BU58: 0 | BV58: 0 | BW58: 0 | BX58: 0 | BY58: 0 | BZ58: 0 | CA58: 0 | CB58: 0 | CC58: 0
A59: other receivables | B59: pozostałe należności | BC59: 0 | BD59: 0 | BE59: 0 | BF59: 0 | BG59: 0 | BH59: 0 | BI59: 0 | BJ59: 0 | BK59: 0 | BL59: 0 | BM59: 0 | BN59: 0 | BO59: 0 | BP59: 0 | BQ59: 0 | BR59: 0 | BS59: 0 | BT59: 0 | BU59: 0 | BV59: 0 | BW59: 0 | BX59: 0 | BY59: 0 | BZ59: 0 | CA59: 0 | CB59: 0 | CC59: 0
A61: Net loans and other receivables measured at amortised cost, including: | B61: Kredyty i inne należności netto wyceniane wg zamortyzowanego kosztu, w tym: | BC61: =SUM(BC63,BC79) -> 123460 | BD61: =SUM(BD63,BD79) -> 120598 | BE61: =SUM(BE63,BE79) -> 122382 | BF61: =SUM(BF63,BF79) -> 124655 | BG61: =SUM(BG63,BG79) -> 129453 | BH61: =SUM(BH63,BH79) -> 133769 | BI61: =SUM(BI63,BI79) -> 141169 | BJ61: =SUM(BJ63,BJ79) -> 146536 | ... CC61: =SUM(CC63,CC79) -> 189694
A63: Portfolio of net loans, including: | B63: Portfel kredytowy netto, w tym: | BC63: =SUM(BC64:BC66) -> 121103 | BD63: =SUM(BD64:BD66) -> 118415 | BE63: =SUM(BE64:BE66) -> 120559 | BF63: =SUM(BF64:BF66) -> 122722 | BG63: =SUM(BG64:BG66) -> 127514 | BH63: =SUM(BH64:BH66) -> 131612 | BI63: =SUM(BI64:BI66) -> 138130 | BJ63: =SUM(BJ64:BJ66) -> 143287 | ... CC63: =SUM(CC64:CC66) -> 186041
A64: Households | B64: Gospodarstwa domowe | BC64: =SUM(BC16,BC40) -> 59904 | BD64: =SUM(BD16,BD40) -> 61038 | BE64: =SUM(BE16,BE40) -> 62456 | BF64: =SUM(BF16,BF40) -> 63345 | BG64: =SUM(BG16,BG40) -> 66276 | BH64: =SUM(BH16,BH40) -> 69850 | BI64: =SUM(BI16,BI40) -> 73240 | BJ64: =SUM(BJ16,BJ40) -> 75419 | ... CC64: =SUM(CC16,CC40) -> 91819
A65: Business entities | B65: Podmioty gospodarcze | BC65: =SUM(BC17,BC41) -> 58224 | BD65: =SUM(BD17,BD41) -> 54431 | BE65: =SUM(BE17,BE41) -> 55008 | BF65: =SUM(BF17,BF41) -> 56060 | BG65: =SUM(BG17,BG41) -> 58000 | BH65: =SUM(BH17,BH41) -> 58600 | BI65: =SUM(BI17,BI41) -> 61816 | BJ65: =SUM(BJ17,BJ41) -> 64923 | ... CC65: =SUM(CC17,CC41) -> 89274
A66: The government and self-government institutions’ sector | B66: Sektor instytucji rządowych i samorządowych | BC66: =SUM(BC18,BC42) -> 2975 | BD66: =SUM(BD18,BD42) -> 2946 | BE66: =SUM(BE18,BE42) -> 3095 | BF66: =SUM(BF18,BF42) -> 3317 | BG66: =SUM(BG18,BG42) -> 3238 | BH66: =SUM(BH18,BH42) -> 3162 | BI66: =SUM(BI18,BI42) -> 3074 | BJ66: =SUM(BJ18,BJ42) -> 2945 | ... CC66: =SUM(CC18,CC42) -> 4948
A67: Total, including: | B67: Razem, w tym: | BC67: =SUM(BC68,BC74) -> 121103 | BD67: =SUM(BD68,BD74) -> 118415 | BE67: =SUM(BE68,BE74) -> 120559 | BF67: =SUM(BF68,BF74) -> 122722 | BG67: =SUM(BG68,BG74) -> 127514 | BH67: =SUM(BH68,BH74) -> 131612 | BI67: =SUM(BI68,BI74) -> 138130 | BJ67: =SUM(BJ68,BJ74) -> 143287 | ... CC67: =SUM(CC68,CC74) -> 186041
A68: Corporate banking segment | B68: Bankowość korporacyjna | BC68: =SUM(BC69:BC73) -> 71037 | BD68: =SUM(BD69:BD73) -> 66744 | BE68: =SUM(BE69:BE73) -> 67799 | BF68: =SUM(BF69:BF73) -> 67976 | BG68: =SUM(BG69:BG73) -> 70064 | BH68: =SUM(BH69:BH73) -> 71022 | BI68: =SUM(BI69:BI73) -> 74570 | BJ68: =SUM(BJ69:BJ73) -> 77757 | ... CC68: =SUM(CC69:CC73) -> 101584
A69: loans in the current account | B69: kredyty w rachunku bieżącym | BC69: =SUM(BC21,BC45) -> 11322 | BD69: =SUM(BD21,BD45) -> 9530 | BE69: =SUM(BE21,BE45) -> 9362 | BF69: =SUM(BF21,BF45) -> 8982 | BG69: =SUM(BG21,BG45) -> 10327 | BH69: =SUM(BH21,BH45) -> 10990 | BI69: =SUM(BI21,BI45) -> 11979 | BJ69: =SUM(BJ21,BJ45) -> 11849 | ... CC69: =SUM(CC21,CC45) -> 15892
A70: term loans and advances | B70: kredyty i pożyczki terminowe | BC70: =SUM(BC22,BC46) -> 42387 | BD70: =SUM(BD22,BD46) -> 41080 | BE70: =SUM(BE22,BE46) -> 41325 | BF70: =SUM(BF22,BF46) -> 41511 | BG70: =SUM(BG22,BG46) -> 41817 | BH70: =SUM(BH22,BH46) -> 41352 | BI70: =SUM(BI22,BI46) -> 43230 | BJ70: =SUM(BJ22,BJ46) -> 44675 | ... CC70: =SUM(CC22,CC46) -> 60076
A71: leasing receivables | B71: należności leasingowe | BC71: =SUM(BC23,BC47) -> 9526 | BD71: =SUM(BD23,BD47) -> 9364 | BE71: =SUM(BE23,BE47) -> 9504 | BF71: =SUM(BF23,BF47) -> 9698 | BG71: =SUM(BG23,BG47) -> 10024 | BH71: =SUM(BH23,BH47) -> 10269 | BI71: =SUM(BI23,BI47) -> 10551 | BJ71: =SUM(BJ23,BJ47) -> 11090 | ... CC71: =SUM(CC23,CC47) -> 13866
A72: factoring receivables | B72: należności faktoringowe | BC72: =SUM(BC24,BC48) -> 5328 | BD72: =SUM(BD24,BD48) -> 4543 | BE72: =SUM(BE24,BE48) -> 4612 | BF72: =SUM(BF24,BF48) -> 4794 | BG72: =SUM(BG24,BG48) -> 5055 | BH72: =SUM(BH24,BH48) -> 5693 | BI72: =SUM(BI24,BI48) -> 6173 | BJ72: =SUM(BJ24,BJ48) -> 6824 | ... CC72: =SUM(CC24,CC48) -> 7046
A73: corporate and municipal securities | B73: papiery wartościowe komercyjne i komunalne | BC73: =SUM(BC25,BC49) -> 2474 | BD73: =SUM(BD25,BD49) -> 2227 | BE73: =SUM(BE25,BE49) -> 2996 | BF73: =SUM(BF25,BF49) -> 2991 | BG73: =SUM(BG25,BG49) -> 2841 | BH73: =SUM(BH25,BH49) -> 2718 | BI73: =SUM(BI25,BI49) -> 2637 | BJ73: =SUM(BJ25,BJ49) -> 3319 | ... CC73: =SUM(CC25,CC49) -> 4704
A74: Retail banking segment | B74: Bankowość detaliczna | BC74: =SUM(BC75:BC78) -> 50066 | BD74: =SUM(BD75:BD78) -> 51671 | BE74: =SUM(BE75:BE78) -> 52760 | BF74: =SUM(BF75:BF78) -> 54746 | BG74: =SUM(BG75:BG78) -> 57450 | BH74: =SUM(BH75:BH78) -> 60590 | BI74: =SUM(BI75:BI78) -> 63560 | BJ74: =SUM(BJ75:BJ78) -> 65530 | ... CC74: =SUM(CC75:CC78) -> 84457
A75: mortgages | B75: kredyty i pożyczki hipoteczne | BC75: =SUM(BC27,BC51) -> 42977 | BD75: =SUM(BD27,BD51) -> 44709 | BE75: =SUM(BE27,BE51) -> 45669 | BF75: =SUM(BF27,BF51) -> 47622 | BG75: =SUM(BG27,BG51) -> 50117 | BH75: =SUM(BH27,BH51) -> 52726 | BI75: =SUM(BI27,BI51) -> 55290 | BJ75: =SUM(BJ27,BJ51) -> 57192 | ... CC75: =SUM(CC27,CC51) -> 72996
A76: loans in the current account | B76: kredyty w rachunku bieżącym | BC76: =SUM(BC28,BC52) -> 573 | BD76: =SUM(BD28,BD52) -> 559 | BE76: =SUM(BE28,BE52) -> 601 | BF76: =SUM(BF28,BF52) -> 594 | BG76: =SUM(BG28,BG52) -> 583 | BH76: =SUM(BH28,BH52) -> 602 | BI76: =SUM(BI28,BI52) -> 641 | BJ76: =SUM(BJ28,BJ52) -> 632 | ... CC76: =SUM(CC28,CC52) -> 622
A77: leasing receivables | B77: należności leasingowe | BC77: =SUM(BC29,BC53) -> 0 | BD77: =SUM(BD29,BD53) -> 0 | BE77: =SUM(BE29,BE53) -> 0 | BF77: =SUM(BF29,BF53) -> 0 | BG77: =SUM(BG29,BG53) -> 0 | BH77: =SUM(BH29,BH53) -> 0 | BI77: =SUM(BI29,BI53) -> 0 | BJ77: =SUM(BJ29,BJ53) -> 0 | ... CC77: =SUM(CC29,CC53) -> 0
A78: other loans and advances | B78: pozostałe kredyty i pożyczki | BC78: =SUM(BC30,BC54) -> 6516 | BD78: =SUM(BD30,BD54) -> 6403 | BE78: =SUM(BE30,BE54) -> 6490 | BF78: =SUM(BF30,BF54) -> 6530 | BG78: =SUM(BG30,BG54) -> 6750 | BH78: =SUM(BH30,BH54) -> 7262 | BI78: =SUM(BI30,BI54) -> 7629 | BJ78: =SUM(BJ30,BJ54) -> 7706 | ... CC78: =SUM(CC30,CC54) -> 10839
A79: Other net receivables, including: | B79: Inne należności netto, w tym: | BC79: =SUM(BC80:BC83) -> 2357 | BD79: =SUM(BD80:BD83) -> 2183 | BE79: =SUM(BE80:BE83) -> 1823 | BF79: =SUM(BF80:BF83) -> 1933 | BG79: =SUM(BG80:BG83) -> 1939 | BH79: =SUM(BH80:BH83) -> 2157 | BI79: =SUM(BI80:BI83) -> 3039 | BJ79: =SUM(BJ80:BJ83) -> 3249 | ... CC79: =SUM(CC80:CC83) -> 3653
A80: Eurobonds (T-bonds) | B80: euroobligacje (obligacje Skarbu Państwa) | BC80: =SUM(BC32,BC56) -> 0 | BD80: =SUM(BD32,BD56) -> 0 | BE80: =SUM(BE32,BE56) -> 0 | BF80: =SUM(BF32,BF56) -> 0 | BG80: =SUM(BG32,BG56) -> 0 | BH80: =SUM(BH32,BH56) -> 0 | BI80: =SUM(BI32,BI56) -> 0 | BJ80: =SUM(BJ32,BJ56) -> 0 | ... CC80: =SUM(CC32,CC56) -> 0
A81: complex call deposits | B81: złożone depozyty zabezpieczające typu call | BC81: =SUM(BC33,BC57) -> 1937 | BD81: =SUM(BD33,BD57) -> 1368 | BE81: =SUM(BE33,BE57) -> 1213 | BF81: =SUM(BF33,BF57) -> 1272 | BG81: =SUM(BG33,BG57) -> 1325 | BH81: =SUM(BH33,BH57) -> 1398 | BI81: =SUM(BI33,BI57) -> 2257 | BJ81: =SUM(BJ33,BJ57) -> 2531 | ... CC81: =SUM(CC33,CC57) -> 2511
A82: receivables under repo transactions | B82: należności z tytułu transakcji z przyrzeczeniem odkupu | BC82: =SUM(BC34,BC58) -> 0 | BD82: =SUM(BD34,BD58) -> 0 | BE82: =SUM(BE34,BE58) -> 0 | BF82: =SUM(BF34,BF58) -> 0 | BG82: =SUM(BG34,BG58) -> 0 | BH82: =SUM(BH34,BH58) -> 0 | BI82: =SUM(BI34,BI58) -> 0 | BJ82: =SUM(BJ34,BJ58) -> 0 | ... CC82: =SUM(CC34,CC58) -> 0
A83: other receivables | B83: pozostałe należności | BC83: =SUM(BC35,BC59) -> 420 | BD83: =SUM(BD35,BD59) -> 815 | BE83: =SUM(BE35,BE59) -> 610 | BF83: =SUM(BF35,BF59) -> 661 | BG83: =SUM(BG35,BG59) -> 614 | BH83: =SUM(BH35,BH59) -> 759 | BI83: =SUM(BI35,BI59) -> 782 | BJ83: =SUM(BJ35,BJ59) -> 718 | ... CC83: =SUM(CC35,CC59) -> 1142

Sheet Jakość portfela_Portf. quality
A1: Go back to Table of content | B1: Powrót do spisu treści
A3: Quality of loan portfolio under IFRS 9 | B3: Jakość portfela kredytowego wg MSSF 9 | BC3: 2020 | BG3: 2021 | BK3: 2022 | BO3: 2023 | BS3: 2024 | BW3: 2025 | CA3: 2026
BC4: 1Q | BD4: 2Q | BE4: 3Q | BF4: 4Q | BG4: 1Q | BH4: 2Q | BI4: 3Q | BJ4: 4Q | BK4: 1Q | BL4: 2Q | BM4: 3Q | BN4: 4Q | BO4: 1Q | BP4: 2Q | BQ4: 3Q | BR4: 4Q | BS4: 1Q | BT4: 2Q | BU4: 3Q | BV4: 4Q | BW4: 1Q | BX4: 2Q | BY4: 3Q | BZ4: 4Q | CA4: 1Q | CB4: 2Q | CC4: 3Q
A5: (PLN million) | B5: (w mln zł)
A6: Corporate banking segment | B6: Działalność korporacyjna
A7: Gross amount | B7: Wartość brutto | BC7: =SUM(BC8:BC11) -> 72929 | BD7: =SUM(BD8:BD11) -> 68854 | BE7: =SUM(BE8:BE11) -> 69981 | BF7: =SUM(BF8:BF11) -> 70160 | BG7: =SUM(BG8:BG11) -> 72299 | BH7: =SUM(BH8:BH11) -> 73116 | BI7: =SUM(BI8:BI11) -> 76655 | BJ7: =SUM(BJ8:BJ11) -> 79915 | ... CC7: =SUM(CC8:CC11) -> 105221
A8: - assets in Stage 1 | B8: - aktywa w etapie 1 | BC8: 63156 | BD8: 55541 | BE8: 57069 | BF8: 59222 | BG8: 62437 | BH8: 63786 | BI8: 67165 | BJ8: 70654 | BK8: 73473 | BL8: 77626 | BM8: 76616 | BN8: 75522 | BO8: 79573 | BP8: 78073 | BQ8: 79299 | BR8: 77536 | BS8: 77208 | BT8: 78107 | BU8: 76590 | BV8: 77535 | BW8: 78335 | BX8: 80999 | BY8: 80994 | BZ8: 83260 | CA8: 85635 | CB8: 87411 | CC8: 86555
A9: - assets in Stage 2 | B9: - aktywa w etapie 2 | BC9: 6760 | BD9: 10186 | BE9: 9793 | BF9: 7842 | BG9: 6815 | BH9: 6479 | BI9: 6688 | BJ9: 6467 | BK9: 7125 | BL9: 7598 | BM9: 12489 | BN9: 14302 | BO9: 12160 | BP9: 13022 | BQ9: 12989 | BR9: 12626 | BS9: 13539 | BT9: 13592 | BU9: 14117 | BV9: 13088 | BW9: 13144 | BX9: 11627 | BY9: 11655 | BZ9: 11634 | CA9: 10999 | CB9: 11954 | CC9: 12072
A10: - assets in Stage 3 | B10: - aktywa w etapie 3 | BC10: 3012 | BD10: 3126 | BE10: 3118 | BF10: 3095 | BG10: 3045 | BH10: 2849 | BI10: 2800 | BJ10: 2743 | BK10: 2505 | BL10: 2582 | BM10: 2563 | BN10: 2601 | BO10: 2831 | BP10: 3026 | BQ10: 3208 | BR10: 3151 | BS10: 3380 | BT10: 4042 | BU10: 5495 | BV10: 5457 | BW10: 5662 | BX10: 5784 | BY10: 6034 | BZ10: 5795 | CA10: 6265 | CB10: 6323 | CC10: 6552
A11: - POCI | B11: - POCI | BC11: 1 | BD11: 1 | BE11: 1 | BF11: 1 | BG11: 2 | BH11: 2 | BI11: 2 | BJ11: 51 | BK11: 52 | BL11: 52 | BM11: 54 | BN11: 53 | BO11: 53 | BP11: 51 | BQ11: 54 | BR11: 51 | BS11: 51 | BT11: 52 | BU11: 0 | BV11: 47 | BW11: 46 | BX11: 43 | BY11: 39 | BZ11: 39 | CA11: 41 | CB11: 41 | CC11: 42
A12: Impairment for expected losses | B12: Odpis z tytułu strat oczekiwanych | BC12: =SUM(BC13:BC16) -> -1892 | BD12: =SUM(BD13:BD16) -> -2110 | BE12: =SUM(BE13:BE16) -> -2182 | BF12: =SUM(BF13:BF16) -> -2184 | BG12: =SUM(BG13:BG16) -> -2235 | BH12: =SUM(BH13:BH16) -> -2094 | BI12: =SUM(BI13:BI16) -> -2085 | BJ12: =SUM(BJ13:BJ16) -> -2158 | ... CC12: =SUM(CC13:CC16) -> -3637
A13: - on assets in Stage 1 | B13: - na aktywa w etapie 1 | BC13: -126 | BD13: -172 | BE13: -182 | BF13: -192 | BG13: -194 | BH13: -169 | BI13: -166 | BJ13: -169 | BK13: -139 | BL13: -119 | BM13: -203 | BN13: -196 | BO13: -175 | BP13: -175 | BQ13: -174 | BR13: -188 | BS13: -149 | BT13: -172 | BU13: -151 | BV13: -136 | BW13: -137 | BX13: -134 | BY13: -140 | BZ13: -134 | CA13: -143 | CB13: -168 | CC13: -148
A14: - on assets in Stage 2 | B14: - na aktywa w etapie 2 | BC14: -190 | BD14: -252 | BE14: -257 | BF14: -228 | BG14: -244 | BH14: -227 | BI14: -215 | BJ14: -218 | BK14: -252 | BL14: -303 | BM14: -471 | BN14: -491 | BO14: -494 | BP14: -502 | BQ14: -486 | BR14: -413 | BS14: -487 | BT14: -492 | BU14: -396 | BV14: -394 | BW14: -415 | BX14: -383 | BY14: -400 | BZ14: -393 | CA14: -380 | CB14: -416 | CC14: -416
A15: - on assets in Stage 3 | B15: - na aktywa w etapie 3 | BC15: -1576 | BD15: -1686 | BE15: -1743 | BF15: -1764 | BG15: -1797 | BH15: -1698 | BI15: -1704 | BJ15: -1771 | BK15: -1591 | BL15: -1653 | BM15: -1439 | BN15: -1505 | BO15: -1603 | BP15: -1712 | BQ15: -1854 | BR15: -1924 | BS15: -2082 | BT15: -2287 | BU15: -2695 | BV15: -2545 | BW15: -2731 | BX15: -2934 | BY15: -3101 | BZ15: -2739 | CA15: -2899 | CB15: -2976 | CC15: -3073
A16: - POCI | B16: - POCI | BC16: 0 | BD16: 0 | BE16: 0 | BF16: 0 | BG16: 0 | BH16: 0 | BI16: 0 | BJ16: 0 | BK16: 0 | BL16: 0 | BM16: 0 | BN16: 0 | BO16: 0 | BP16: 0 | BQ16: 0 | BR16: 0 | BS16: 0 | BT16: 0 | BU16: 0 | BV16: 0 | BW16: 0 | BX16: 0 | BY16: 0 | BZ16: 0 | CA16: 0 | CB16: 0 | CC16: 0
A17: Net amount | B17: Wartość netto | BC17: =SUM(BC18:BC21) -> 71037 | BD17: =SUM(BD18:BD21) -> 66744 | BE17: =SUM(BE18:BE21) -> 67799 | BF17: =SUM(BF18:BF21) -> 67976 | BG17: =SUM(BG18:BG21) -> 70064 | BH17: =SUM(BH18:BH21) -> 71022 | BI17: =SUM(BI18:BI21) -> 74570 | BJ17: =SUM(BJ18:BJ21) -> 77757 | ... CC17: =SUM(CC18:CC21) -> 101584
A18: - assets in Stage 1 | B18: - aktywa w etapie 1 | BC18: =BC8+BC13 -> 63030 | BD18: =BD8+BD13 -> 55369 | BE18: =BE8+BE13 -> 56887 | BF18: =BF8+BF13 -> 59030 | BG18: =BG8+BG13 -> 62243 | BH18: =BH8+BH13 -> 63617 | BI18: =BI8+BI13 -> 66999 | BJ18: =BJ8+BJ13 -> 70485 | ... CC18: =CC8+CC13 -> 86407
A19: - assets in Stage 2 | B19: - aktywa w etapie 2 | BC19: =BC9+BC14 -> 6570 | BD19: =BD9+BD14 -> 9934 | BE19: =BE9+BE14 -> 9536 | BF19: =BF9+BF14 -> 7614 | BG19: =BG9+BG14 -> 6571 | BH19: =BH9+BH14 -> 6252 | BI19: =BI9+BI14 -> 6473 | BJ19: =BJ9+BJ14 -> 6249 | ... CC19: =CC9+CC14 -> 11656
A20: - assets in Stage 3 | B20: - aktywa w etapie 3 | BC20: =BC10+BC15 -> 1436 | BD20: =BD10+BD15 -> 1440 | BE20: =BE10+BE15 -> 1375 | BF20: =BF10+BF15 -> 1331 | BG20: =BG10+BG15 -> 1248 | BH20: =BH10+BH15 -> 1151 | BI20: =BI10+BI15 -> 1096 | BJ20: =BJ10+BJ15 -> 972 | ... CC20: =CC10+CC15 -> 3479
A21: - POCI | B21: - POCI | BC21: =BC11+BC16 -> 1 | BD21: =BD11+BD16 -> 1 | BE21: =BE11+BE16 -> 1 | BF21: =BF11+BF16 -> 1 | BG21: =BG11+BG16 -> 2 | BH21: =BH11+BH16 -> 2 | BI21: =BI11+BI16 -> 2 | BJ21: =BJ11+BJ16 -> 51 | ... CC21: =CC11+CC16 -> 42
A23: Retail banking segment | B23: Działalność detaliczna
A24: Gross amount | B24: Wartość brutto | BC24: =SUM(BC25:BC27) -> 50940 | BD24: =SUM(BD25:BD27) -> 52606 | BE24: =SUM(BE25:BE27) -> 53762 | BF24: =SUM(BF25:BF27) -> 55831 | BG24: =SUM(BG25:BG27) -> 58603 | BH24: =SUM(BH25:BH27) -> 61502 | BI24: =SUM(BI25:BI27) -> 64506 | BJ24: =SUM(BJ25:BJ27) -> 66484 | ... CC24: =SUM(CC25:CC27) -> 85255
A25: - assets in Stage 1 | B25: - aktywa w etapie 1 | BC25: 46334 | BD25: 48112 | BE25: 50227 | BF25: 52646 | BG25: 55449 | BH25: 58744 | BI25: 61788 | BJ25: 64103 | BK25: 64435 | BL25: 63219 | BM25: 61299 | BN25: 56942 | BO25: 56311 | BP25: 56773 | BQ25: 57409 | BR25: 58257 | BS25: 59406 | BT25: 61350 | BU25: 61587 | BV25: 62124 | BW25: 64193 | BX25: 72064 | BY25: 75317 | BZ25: 77179 | CA25: 79035 | CB25: 81063 | CC25: 81183
A26: - assets in Stage 2 | B26: - aktywa w etapie 2 | BC26: 3915 | BD26: 3709 | BE26: 2647 | BF26: 2130 | BG26: 1980 | BH26: 1788 | BI26: 1708 | BJ26: 1371 | BK26: 1451 | BL26: 1664 | BM26: 2052 | BN26: 6014 | BO26: 6053 | BP26: 6091 | BQ26: 6185 | BR26: 5606 | BS26: 5584 | BT26: 5537 | BU26: 6973 | BV26: 8185 | BW26: 8038 | BX26: 2898 | BY26: 2092 | BZ26: 2258 | CA26: 2221 | CB26: 2206 | CC26: 3129
A27: - assets in Stage 3 | B27: - aktywa w etapie 3 | BC27: 691 | BD27: 785 | BE27: 888 | BF27: 1055 | BG27: 1174 | BH27: 970 | BI27: 1010 | BJ27: 1010 | BK27: 980 | BL27: 1018 | BM27: 847 | BN27: 924 | BO27: 995 | BP27: 1061 | BQ27: 1125 | BR27: 1026 | BS27: 1080 | BT27: 1131 | BU27: 934 | BV27: 955 | BW27: 998 | BX27: 889 | BY27: 960 | BZ27: 984 | CA27: 998 | CB27: 891 | CC27: 943
A28: - POCI | B28: - POCI | BC28: 0 | BD28: 3 | BE28: 2 | BF28: 2 | BG28: 2 | BH28: 2 | BI28: 2 | BJ28: 2 | BK28: 2 | BL28: 2 | BM28: 2 | BN28: 2 | BO28: 3 | BP28: 3 | BQ28: 3 | BR28: 3 | BS28: 3 | BT28: 3 | BU28: 3 | BV28: 3 | BW28: 3 | BX28: 3 | BY28: 3 | BZ28: 3 | CA28: 1 | CB28: 2 | CC28: 2
A29: Impairment for expected losses | B29: Odpis z tytułu strat oczekiwanych | BC29: =SUM(BC30:BC32) -> -874 | BD29: =SUM(BD30:BD32) -> -938 | BE29: =SUM(BE30:BE32) -> -1004 | BF29: =SUM(BF30:BF32) -> -1087 | BG29: =SUM(BG30:BG32) -> -1155 | BH29: =SUM(BH30:BH32) -> -914 | BI29: =SUM(BI30:BI32) -> -948 | BJ29: =SUM(BJ30:BJ32) -> -956 | ... CC29: =SUM(CC30:CC32) -> -800
A30: - on assets in Stage 1 | B30: - na aktywa w etapie 1 | BC30: -64 | BD30: -80 | BE30: -120 | BF30: -150 | BG30: -144 | BH30: -128 | BI30: -117 | BJ30: -107 | BK30: -122 | BL30: -134 | BM30: -162 | BN30: -191 | BO30: -175 | BP30: -177 | BQ30: -185 | BR30: -128 | BS30: -133 | BT30: -137 | BU30: -103 | BV30: -105 | BW30: -98 | BX30: -93 | BY30: -102 | BZ30: -109 | CA30: -104 | CB30: -102 | CC30: -97
A31: - on assets in Stage 2 | B31: - na aktywa w etapie 2 | BC31: -298 | BD31: -279 | BE31: -229 | BF31: -182 | BG31: -173 | BH31: -149 | BI31: -143 | BJ31: -140 | BK31: -192 | BL31: -229 | BM31: -223 | BN31: -292 | BO31: -270 | BP31: -280 | BQ31: -281 | BR31: -200 | BS31: -179 | BT31: -161 | BU31: -139 | BV31: -172 | BW31: -165 | BX31: -143 | BY31: -140 | BZ31: -165 | CA31: -161 | CB31: -140 | CC31: -152
A32: - on assets in Stage 3 | B32: - na aktywa w etapie 3 | BC32: -512 | BD32: -579 | BE32: -655 | BF32: -755 | BG32: -838 | BH32: -637 | BI32: -688 | BJ32: -709 | BK32: -696 | BL32: -759 | BM32: -586 | BN32: -594 | BO32: -651 | BP32: -704 | BQ32: -749 | BR32: -655 | BS32: -703 | BT32: -749 | BU32: -584 | BV32: -603 | BW32: -643 | BX32: -538 | BY32: -589 | BZ32: -614 | CA32: -643 | CB32: -524 | CC32: -551
A33: - POCI | B33: - POCI | BC33: 0 | BD33: 0 | BE33: 0 | BF33: 0 | BG33: 0 | BH33: 0 | BI33: 0 | BJ33: 0 | BK33: 0 | BL33: 0 | BM33: 0 | BN33: 0 | BO33: 0 | BP33: 0 | BQ33: 0 | BR33: 0 | BS33: 0 | BT33: 0 | BU33: 0 | BV33: 0 | BW33: 0 | BX33: 0 | BY33: 0 | BZ33: 0 | CA33: 0 | CB33: 0 | CC33: 0
A34: Net amount | B34: Wartość netto | BC34: =SUM(BC35:BC38) -> 50066 | BD34: =SUM(BD35:BD38) -> 51671 | BE34: =SUM(BE35:BE38) -> 52760 | BF34: =SUM(BF35:BF38) -> 54746 | BG34: =SUM(BG35:BG38) -> 57450 | BH34: =SUM(BH35:BH38) -> 60590 | BI34: =SUM(BI35:BI38) -> 63560 | BJ34: =SUM(BJ35:BJ38) -> 65530 | ... CC34: =SUM(CC35:CC38) -> 84457
A35: - assets in Stage 1 | B35: - aktywa w etapie 1 | BC35: =BC25+BC30 -> 46270 | BD35: =BD25+BD30 -> 48032 | BE35: =BE25+BE30 -> 50107 | BF35: =BF25+BF30 -> 52496 | BG35: =BG25+BG30 -> 55305 | BH35: =BH25+BH30 -> 58616 | BI35: =BI25+BI30 -> 61671 | BJ35: =BJ25+BJ30 -> 63996 | ... CC35: =CC25+CC30 -> 81086
A36: - assets in Stage 2 | B36: - aktywa w etapie 2 | BC36: =BC26+BC31 -> 3617 | BD36: =BD26+BD31 -> 3430 | BE36: =BE26+BE31 -> 2418 | BF36: =BF26+BF31 -> 1948 | BG36: =BG26+BG31 -> 1807 | BH36: =BH26+BH31 -> 1639 | BI36: =BI26+BI31 -> 1565 | BJ36: =BJ26+BJ31 -> 1231 | ... CC36: =CC26+CC31 -> 2977
A37: - assets in Stage 3 | B37: - aktywa w etapie 3 | BC37: =BC27+BC32 -> 179 | BD37: =BD27+BD32 -> 206 | BE37: =BE27+BE32 -> 233 | BF37: =BF27+BF32 -> 300 | BG37: =BG27+BG32 -> 336 | BH37: =BH27+BH32 -> 333 | BI37: =BI27+BI32 -> 322 | BJ37: =BJ27+BJ32 -> 301 | ... CC37: =CC27+CC32 -> 392
A38: - POCI | B38: - POCI | BC38: =BC28+BC33 -> 0 | BD38: =BD28+BD33 -> 3 | BE38: =BE28+BE33 -> 2 | BF38: =BF28+BF33 -> 2 | BG38: =BG28+BG33 -> 2 | BH38: =BH28+BH33 -> 2 | BI38: =BI28+BI33 -> 2 | BJ38: =BJ28+BJ33 -> 2 | ... CC38: =CC28+CC33 -> 2
A40: Total | B40: Ogółem
A41: Gross amount | B41: Wartość brutto | BC41: =SUM(BC42:BC45) -> 123869 | BD41: =SUM(BD42:BD45) -> 121463 | BE41: =SUM(BE42:BE45) -> 123745 | BF41: =SUM(BF42:BF45) -> 125993 | BG41: =SUM(BG42:BG45) -> 130904 | BH41: =SUM(BH42:BH45) -> 134620 | BI41: =SUM(BI42:BI45) -> 141163 | BJ41: =SUM(BJ42:BJ45) -> 146401 | ... CC41: =SUM(CC42:CC45) -> 190478
A42: - assets in Stage 1 | B42: - aktywa w etapie 1 | BC42: =BC8+BC25 -> 109490 | BD42: =BD8+BD25 -> 103653 | BE42: =BE8+BE25 -> 107296 | BF42: =BF8+BF25 -> 111868 | BG42: =BG8+BG25 -> 117886 | BH42: =BH8+BH25 -> 122530 | BI42: =BI8+BI25 -> 128953 | BJ42: =BJ8+BJ25 -> 134757 | ... CC42: =CC8+CC25 -> 167738
A43: - assets in Stage 2 | B43: - aktywa w etapie 2 | BC43: =BC9+BC26 -> 10675 | BD43: =BD9+BD26 -> 13895 | BE43: =BE9+BE26 -> 12440 | BF43: =BF9+BF26 -> 9972 | BG43: =BG9+BG26 -> 8795 | BH43: =BH9+BH26 -> 8267 | BI43: =BI9+BI26 -> 8396 | BJ43: =BJ9+BJ26 -> 7838 | ... CC43: =CC9+CC26 -> 15201
A44: - assets in Stage 3 | B44: - aktywa w etapie 3 | BC44: =BC10+BC27 -> 3703 | BD44: =BD10+BD27 -> 3911 | BE44: =BE10+BE27 -> 4006 | BF44: =BF10+BF27 -> 4150 | BG44: =BG10+BG27 -> 4219 | BH44: =BH10+BH27 -> 3819 | BI44: =BI10+BI27 -> 3810 | BJ44: =BJ10+BJ27 -> 3753 | ... CC44: =CC10+CC27 -> 7495
A45: - POCI | B45: - POCI | BC45: =BC11+BC28 -> 1 | BD45: =BD11+BD28 -> 4 | BE45: =BE11+BE28 -> 3 | BF45: =BF11+BF28 -> 3 | BG45: =BG11+BG28 -> 4 | BH45: =BH11+BH28 -> 4 | BI45: =BI11+BI28 -> 4 | BJ45: =BJ11+BJ28 -> 53 | ... CC45: =CC11+CC28 -> 44
A46: Impairment for expected losses | B46: Odpis z tytułu strat oczekiwanych | BC46: =SUM(BC47:BC50) -> -2766 | BD46: =SUM(BD47:BD50) -> -3048 | BE46: =SUM(BE47:BE50) -> -3186 | BF46: =SUM(BF47:BF50) -> -3271 | BG46: =SUM(BG47:BG50) -> -3390 | BH46: =SUM(BH47:BH50) -> -3008 | BI46: =SUM(BI47:BI50) -> -3033 | BJ46: =SUM(BJ47:BJ50) -> -3114 | ... CC46: =SUM(CC47:CC50) -> -4437
A47: - on assets in Stage 1 | B47: - na aktywa w etapie 1 | BC47: =BC13+BC30 -> -190 | BD47: =BD13+BD30 -> -252 | BE47: =BE13+BE30 -> -302 | BF47: =BF13+BF30 -> -342 | BG47: =BG13+BG30 -> -338 | BH47: =BH13+BH30 -> -297 | BI47: =BI13+BI30 -> -283 | BJ47: =BJ13+BJ30 -> -276 | ... CC47: =CC13+CC30 -> -245
A48: - on assets in Stage 2 | B48: - na aktywa w etapie 2 | BC48: =BC14+BC31 -> -488 | BD48: =BD14+BD31 -> -531 | BE48: =BE14+BE31 -> -486 | BF48: =BF14+BF31 -> -410 | BG48: =BG14+BG31 -> -417 | BH48: =BH14+BH31 -> -376 | BI48: =BI14+BI31 -> -358 | BJ48: =BJ14+BJ31 -> -358 | ... CC48: =CC14+CC31 -> -568
A49: - on assets in Stage 3 | B49: - na aktywa w etapie 3 | BC49: =BC15+BC32 -> -2088 | BD49: =BD15+BD32 -> -2265 | BE49: =BE15+BE32 -> -2398 | BF49: =BF15+BF32 -> -2519 | BG49: =BG15+BG32 -> -2635 | BH49: =BH15+BH32 -> -2335 | BI49: =BI15+BI32 -> -2392 | BJ49: =BJ15+BJ32 -> -2480 | ... CC49: =CC15+CC32 -> -3624
A50: - POCI | B50: - POCI | BC50: =BC16+BC33 -> 0 | BD50: =BD16+BD33 -> 0 | BE50: =BE16+BE33 -> 0 | BF50: =BF16+BF33 -> 0 | BG50: =BG16+BG33 -> 0 | BH50: =BH16+BH33 -> 0 | BI50: =BI16+BI33 -> 0 | BJ50: =BJ16+BJ33 -> 0 | ... CC50: =CC16+CC33 -> 0
A51: Net amount | B51: Wartość netto | BC51: =SUM(BC52:BC55) -> 121103 | BD51: =SUM(BD52:BD55) -> 118415 | BE51: =SUM(BE52:BE55) -> 120559 | BF51: =SUM(BF52:BF55) -> 122722 | BG51: =SUM(BG52:BG55) -> 127514 | BH51: =SUM(BH52:BH55) -> 131612 | BI51: =SUM(BI52:BI55) -> 138130 | BJ51: =SUM(BJ52:BJ55) -> 143287 | ... CC51: =SUM(CC52:CC55) -> 186041
A52: - assets in Stage 1 | B52: - aktywa w etapie 1 | BC52: =BC18+BC35 -> 109300 | BD52: =BD18+BD35 -> 103401 | BE52: =BE18+BE35 -> 106994 | BF52: =BF18+BF35 -> 111526 | BG52: =BG18+BG35 -> 117548 | BH52: =BH18+BH35 -> 122233 | BI52: =BI18+BI35 -> 128670 | BJ52: =BJ18+BJ35 -> 134481 | ... CC52: =CC18+CC35 -> 167493
A53: - assets in Stage 2 | B53: - aktywa w etapie 2 | BC53: =BC19+BC36 -> 10187 | BD53: =BD19+BD36 -> 13364 | BE53: =BE19+BE36 -> 11954 | BF53: =BF19+BF36 -> 9562 | BG53: =BG19+BG36 -> 8378 | BH53: =BH19+BH36 -> 7891 | BI53: =BI19+BI36 -> 8038 | BJ53: =BJ19+BJ36 -> 7480 | ... CC53: =CC19+CC36 -> 14633
A54: - assets in Stage 3 | B54: - aktywa w etapie 3 | BC54: =BC20+BC37 -> 1615 | BD54: =BD20+BD37 -> 1646 | BE54: =BE20+BE37 -> 1608 | BF54: =BF20+BF37 -> 1631 | BG54: =BG20+BG37 -> 1584 | BH54: =BH20+BH37 -> 1484 | BI54: =BI20+BI37 -> 1418 | BJ54: =BJ20+BJ37 -> 1273 | ... CC54: =CC20+CC37 -> 3871
A55: - POCI | B55: - POCI | BC55: =BC21+BC38 -> 1 | BD55: =BD21+BD38 -> 4 | BE55: =BE21+BE38 -> 3 | BF55: =BF21+BF38 -> 3 | BG55: =BG21+BG38 -> 4 | BH55: =BH21+BH38 -> 4 | BI55: =BI21+BI38 -> 4 | BJ55: =BJ21+BJ38 -> 53 | ... CC55: =CC21+CC38 -> 44
A57: Share of assets in Stage 1 | B57: Udział aktywów w etapie 1 | BC57: =BC42/BC41 -> 0.88391769 | BD57: =BD42/BD41 -> 0.85337099 | BE57: =BE42/BE41 -> 0.86707342 | BF57: =BF42/BF41 -> 0.8878906 | BG57: =BG42/BG41 -> 0.90055308 | BH57: =BH42/BH41 -> 0.91019165 | BI57: =BI42/BI41 -> 0.91350425 | BJ57: =BJ42/BJ41 -> 0.92046502 | ... CC57: =CC42/CC41 -> 0.88061613
A58: Share of assets in Stage 2 | B58: Udział aktywów w etapie 2 | BC58: =BC43/BC41 -> 0.086179754 | BD58: =BD43/BD41 -> 0.11439698 | BE58: =BE43/BE41 -> 0.10052931 | BF58: =BF43/BF41 -> 0.079147254 | BG58: =BG43/BG41 -> 0.067186641 | BH58: =BH43/BH41 -> 0.061409895 | BI58: =BI43/BI41 -> 0.059477342 | BJ58: =BJ43/BJ41 -> 0.053537886 | ... CC58: =CC43/CC41 -> 0.079804492
A59: Share of assets in Stage 3 & POCI | B59: Udział aktywów w etapie 3 i POCI | BC59: =(BC44+BC45)/BC41 -> 0.029902558 | BD59: =(BD44+BD45)/BD41 -> 0.032232038 | BE59: =(BE44+BE45)/BE41 -> 0.032397269 | BF59: =(BF44+BF45)/BF41 -> 0.032962149 | BG59: =(BG44+BG45)/BG41 -> 0.032260282 | BH59: =(BH44+BH45)/BH41 -> 0.028398455 | BI59: =(BI44+BI45)/BI41 -> 0.027018411 | BJ59: =(BJ44+BJ45)/BJ41 -> 0.02599709 | ... CC59: =(CC44+CC45)/CC41 -> 0.039579374
A61: Coverage of assets in Stage 1 | B61: Pokrycie odpisem aktywów w etapie 1 | BC61: =-BC47/BC42 -> 0.0017353183 | BD61: =-BD47/BD42 -> 0.0024311887 | BE61: =-BE47/BE42 -> 0.0028146436 | BF61: =-BF47/BF42 -> 0.0030571745 | BG61: =-BG47/BG42 -> 0.0028671768 | BH61: =-BH47/BH42 -> 0.0024238962 | BI61: =-BI47/BI42 -> 0.002194598 | BJ61: =-BJ47/BJ42 -> 0.0020481311 | ... CC61: =-CC47/CC42 -> 0.0014606112
A62: Coverage of assets in Stage 2 | B62: Pokrycie odpisem aktywów w etapie 2 | BC62: =-BC48/BC43 -> 0.045714286 | BD62: =-BD48/BD43 -> 0.038215185 | BE62: =-BE48/BE43 -> 0.039067524 | BF62: =-BF48/BF43 -> 0.041115122 | BG62: =-BG48/BG43 -> 0.047413303 | BH62: =-BH48/BH43 -> 0.045482037 | BI62: =-BI48/BI43 -> 0.042639352 | BJ62: =-BJ48/BJ43 -> 0.045674917 | ... CC62: =-CC48/CC43 -> 0.037365963
A63: Coverage of assets in Stage 3 & POCI | B63: Pokrycie odpisem aktywów w etapie 3 i POCI | BC63: =(-BC49-BC50)/(BC44+BC45) -> 0.5637149 | BD63: =(-BD49-BD50)/(BD44+BD45) -> 0.57854406 | BE63: =(-BE49-BE50)/(BE44+BE45) -> 0.59815415 | BF63: =(-BF49-BF50)/(BF44+BF45) -> 0.60654948 | BG63: =(-BG49-BG50)/(BG44+BG45) -> 0.62396401 | BH63: =(-BH49-BH50)/(BH44+BH45) -> 0.61077688 | BI63: =(-BI49-BI50)/(BI44+BI45) -> 0.62716308 | BJ63: =(-BJ49-BJ50)/(BJ44+BJ45) -> 0.65160273 | ... CC63: =(-CC49-CC50)/(CC44+CC45) -> 0.48070036

Sheet Aktywa finans_Financial assets
A1: Go back to Table of content | B1: Powrót do spisu treści
A2: Comparable data pro-forma | B2: Dane porównywalne pro-forma
A3: Financial assets | B3: Aktywa finansowe | BC3: 2020 | BG3: 2021 | BK3: 2022 | BO3: 2023 | BS3: 2024 | BW3: 2025 | CA3: 2026
BC4: 1Q | BD4: 2Q | BE4: 3Q | BF4: 4Q | BG4: 1Q | BH4: 2Q | BI4: 3Q | BJ4: 4Q | BK4: 1Q | BL4: 2Q | BM4: 3Q | BN4: 4Q | BO4: 1Q | BP4: 2Q | BQ4: 3Q | BR4: 4Q | BS4: 1Q | BT4: 2Q | BU4: 3Q | BV4: 4Q | BW4: 1Q | BX4: 2Q | BY4: 3Q | BZ4: 4Q | CA4: 1Q | CB4: 2Q | CC4: 3Q
A5: (PLN million) | B5: (w mln zł)
A6: Financial assets held for trading, of which: | B6: Aktywa finansowe przeznaczone do obrotu, w tym:
A7: - valuation of derivatives | B7: - wycena instrumentów pochodnych | BC7: 0 | BD7: 0 | BE7: 0 | BF7: 0 | BG7: 1134 | BH7: 1287 | BI7: 1131 | BJ7: 629 | BK7: 1109 | BL7: 2790 | BM7: 2735 | BN7: 975 | BO7: 1136 | BP7: 1372 | BQ7: 1150 | BR7: 900 | BS7: 1091 | BT7: 634 | BU7: 769 | BV7: 898 | BW7: 1029 | BX7: 812 | BY7: 1027 | BZ7: 818 | CA7: 675 | CB7: 490 | CC7: 973
A8: - debt instruments | B8: - instrumenty dłużne | BC8: 1351 | BD8: 874 | BE8: 1039 | BF8: 1711 | BG8: 346 | BH8: 89 | BI8: 453 | BJ8: 301 | BK8: 131 | BL8: 386 | BM8: 353 | BN8: 443 | BO8: 330 | BP8: 852 | BQ8: 432 | BR8: 719 | BS8: 754 | BT8: 481 | BU8: 220 | BV8: 521 | BW8: 632 | BX8: 733 | BY8: 240 | BZ8: 1090 | CA8: 393 | CB8: 1830 | CC8: 1125
A9: - repo transactions | B9: - transakcje z przyrzeczeniem odkupu | BC9: 1089 | BD9: 700 | BE9: 717 | BF9: 1200 | BG9: 29 | BH9: 0 | BI9: 286 | BJ9: 525 | BK9: 184 | BL9: 248 | BM9: 247 | BN9: 478 | BO9: 68 | BP9: 73 | BQ9: 262 | BR9: 616 | BS9: 138 | BT9: 175 | BU9: 389 | BV9: 507 | BW9: 66 | BX9: 118 | BY9: 178 | BZ9: 424 | CA9: 288 | CB9: 537 | CC9: 407
A10: - equity instruments | B10: - instrumenty kapitałowe | BC10: - | BD10: - | BE10: - | BF10: - | BG10: - | BH10: - | BI10: - | BJ10: - | BK10: - | BL10: - | BM10: - | BN10: - | BO10: - | BP10: - | BQ10: - | BR10: - | BS10: - | BT10: - | BU10: - | BV10: - | BW10: - | BX10: - | BY10: - | BZ10: - | CA10: - | CB10: - | CC10: -
A11: - financial assets designated as at fair value upon initial recognition, of which: | B11: - aktywa finansowe desygnowane do wyceny do wartości godziwej przy początkowym ujęciu, w tym: | BC11: - | BD11: - | BE11: - | BF11: - | BG11: - | BH11: - | BI11: - | BJ11: - | BK11: - | BL11: - | BM11: - | BN11: - | BO11: - | BP11: - | BQ11: - | BR11: - | BS11: - | BT11: - | BU11: - | BV11: - | BW11: - | BX11: - | BY11: - | BZ11: - | CA11: - | CB11: - | CC11: -
A12: - debt instruments | B12: - instrumenty dłużne | BC12: - | BD12: - | BE12: - | BF12: - | BG12: - | BH12: - | BI12: - | BJ12: - | BK12: - | BL12: - | BM12: - | BN12: - | BO12: - | BP12: - | BQ12: - | BR12: - | BS12: - | BT12: - | BU12: - | BV12: - | BW12: - | BX12: - | BY12: - | BZ12: - | CA12: - | CB12: - | CC12: -
A13: - buy-sell-back transactions | B13: - transakcje z przyrzeczeniem odkupu (buy-sell-back) | BC13: - | BD13: - | BE13: - | BF13: - | BG13: - | BH13: - | BI13: - | BJ13: - | BK13: - | BL13: - | BM13: - | BN13: - | BO13: - | BP13: - | BQ13: - | BR13: - | BS13: - | BT13: - | BU13: - | BV13: - | BW13: - | BX13: - | BY13: - | BZ13: - | CA13: - | CB13: - | CC13: -
A14: - deposits | B14: - lokaty | BC14: - | BD14: - | BE14: - | BF14: - | BG14: - | BH14: - | BI14: - | BJ14: - | BK14: - | BL14: - | BM14: - | BN14: - | BO14: - | BP14: - | BQ14: - | BR14: - | BS14: - | BT14: - | BU14: - | BV14: - | BW14: - | BX14: - | BY14: - | BZ14: - | CA14: - | CB14: - | CC14: -
A15: - financial assets measured at fair value through profit or loss other then held for trading, of which: | B15: - aktywa finansowe wyceniane w wartości godziwej przez wynik finansowy, inne niż przeznaczone do obrotu, w tym: | BC15: =+BC16+BC17 -> 193 | BD15: =+BD16+BD17 -> 233 | BE15: =+BE16+BE17 -> 232 | BF15: =+BF16+BF17 -> 382 | BG15: =+BG16+BG17 -> 101 | BH15: =+BH16+BH17 -> 95 | BI15: =+BI16+BI17 -> 87 | BJ15: =+BJ16+BJ17 -> 83 | ... CC15: =+CC16+CC17 -> 6
A16: - loans obligatorily classified as measured at fair value through profit or loss | B16: - kredyty obligatoryjnie klasyfikowane jako wyceniane w wartości godziwej przez wynik finansowy | BC16: 44 | BD16: 0 | BE16: 12 | BF16: 275 | BG16: 100 | BH16: 94 | BI16: 87 | BJ16: 78 | BK16: 73 | BL16: 63 | BM16: 60 | BN16: 55 | BO16: 50 | BP16: 42 | BQ16: 41 | BR16: 39 | BS16: 27 | BT16: 26 | BU16: 24 | BV16: 21 | BW16: 12 | BX16: 11 | BY16: 10 | BZ16: 7 | CA16: 7 | CB16: 6 | CC16: 5
A17: - equity instruments | B17: - instrumenty kapitałowe | BC17: 149 | BD17: 233 | BE17: 220 | BF17: 107 | BG17: 1 | BH17: 1 | BI17: 0 | BJ17: 5 | BK17: 2 | BL17: 1 | BM17: 1 | BN17: 2 | BO17: 0 | BP17: 1 | BQ17: 0 | BR17: 0 | BS17: 0 | BT17: 0 | BU17: 0 | BV17: 1 | BW17: 1 | BX17: 1 | BY17: 1 | BZ17: 1 | CA17: 1 | CB17: 1 | CC17: 1
A18: Total financial assets held for trading | B18: Razem aktywa finansowe przeznaczone do obrotu | BC18: =+BC7+BC8+BC9+BC16+BC17 -> 2633 | BD18: =+BD7+BD8+BD9+BD16+BD17 -> 1807 | BE18: =+BE7+BE8+BE9+BE16+BE17 -> 1988 | BF18: =+BF7+BF8+BF9+BF16+BF17 -> 3293 | BG18: =+BG7+BG8+BG9+BG16+BG17 -> 1610 | BH18: =+BH7+BH8+BH9+BH16+BH17 -> 1471 | BI18: =+BI7+BI8+BI9+BI16+BI17 -> 1957 | BJ18: =+BJ7+BJ8+BJ9+BJ16+BJ17 -> 1538 | ... CC18: =+CC7+CC8+CC9+CC16+CC17 -> 2511
A20: Measured at fair value through other comprehensive income, including: | B20: Wyceniane do wartości godziwiej przez inne całkowite dochody, w tym: | BC20: =BC21+BC22 -> 20292 | BD20: =BD21+BD22 -> 22913 | BE20: =BE21+BE22 -> 23548 | BF20: =BF21+BF22 -> 20632 | BG20: =BG21+BG22 -> 19954 | BH20: =BH21+BH22 -> 21222 | BI20: =BI21+BI22 -> 17491 | BJ20: =BJ21+BJ22 -> 14379 | ... CC20: =CC21+CC22 -> 32092
A21: - debt instruments | B21: - instrumenty dłużne | BC21: TRUE | BD21: TRUE | BE21: TRUE | BF21: TRUE | BG21: 19797 | BH21: 21042 | BI21: 17312 | BJ21: 14211 | BK21: 10883 | BL21: 12025 | BM21: 14831 | BN21: 15692 | BO21: 15073 | BP21: 15517 | BQ21: 23119 | BR21: 23680 | BS21: 28687 | BT21: 29809 | BU21: 28784 | BV21: 31685 | BW21: 28713 | BX21: 24913 | BY21: 35241 | BZ21: 38208 | CA21: 36508 | CB21: 32458 | CC21: 31773
A22: - equity instruments | B22: - instrumenty kapitałowe | BC22: 20291 | BD22: 22912 | BE22: 23547 | BF22: 20631 | BG22: 157 | BH22: 180 | BI22: 179 | BJ22: 168 | BK22: 167 | BL22: 127 | BM22: 127 | BN22: 121 | BO22: 121 | BP22: 127 | BQ22: 127 | BR22: 236 | BS22: 236 | BT22: 238 | BU22: 238 | BV22: 254 | BW22: 254 | BX22: 301 | BY22: 301 | BZ22: 299 | CA22: 300 | CB22: 319 | CC22: 319
A23: Measured at amortised cost, including: | B23: Wyceniane wg zamortyzowanego kosztu, w tym: | BC23: =SUM(BC24) -> 112 | BD23: =SUM(BD24) -> 123 | BE23: =SUM(BE24) -> 125 | BF23: =SUM(BF24) -> 158 | BG23: =SUM(BG24) -> 34754 | BH23: =SUM(BH24) -> 34000 | BI23: =SUM(BI24) -> 31953 | BJ23: =SUM(BJ24) -> 31206 | ... CC23: =SUM(CC24) -> 49937
A24: - debt instruments | B24: - instrumenty dłużne | BC24: 112 | BD24: 123 | BE24: 125 | BF24: 158 | BG24: 34754 | BH24: 34000 | BI24: 31953 | BJ24: 31206 | BK24: 26262 | BL24: 27132 | BM24: 27407 | BN24: 32620 | BO24: 25783 | BP24: 25507 | BQ24: 30757 | BR24: 32698 | BS24: 35516 | BT24: 28884 | BU24: 25209 | BV24: 27053 | BW24: 31739 | BX24: 30948 | BY24: 25093 | BZ24: 27049 | CA24: 43441 | CB24: 49832 | CC24: 49937
A25: Available-for-sale financial assets, of which: | B25: Aktywa finansowe dostępne do sprzedaży, w tym: | BC25: - | BD25: - | BE25: - | BF25: - | BG25: - | BH25: - | BI25: - | BJ25: - | BK25: - | BL25: - | BM25: - | BN25: - | BO25: - | BP25: - | BQ25: - | BR25: - | BS25: - | BT25: - | BU25: - | BV25: - | BW25: - | BX25: - | BY25: - | BZ25: - | CA25: - | CB25: - | CC25: -
A26: - debt instruments | B26: - instrumenty dłużne | BC26: - | BD26: - | BE26: - | BF26: - | BG26: - | BH26: - | BI26: - | BJ26: - | BK26: - | BL26: - | BM26: - | BN26: - | BO26: - | BP26: - | BQ26: - | BR26: - | BS26: - | BT26: - | BU26: - | BV26: - | BW26: - | BX26: - | BY26: - | BZ26: - | CA26: - | CB26: - | CC26: -
A27: - equity instruments | B27: - instrumenty kapitałowe | BC27: - | BD27: - | BE27: - | BF27: - | BG27: - | BH27: - | BI27: - | BJ27: - | BK27: - | BL27: - | BM27: - | BN27: - | BO27: - | BP27: - | BQ27: - | BR27: - | BS27: - | BT27: - | BU27: - | BV27: - | BW27: - | BX27: - | BY27: - | BZ27: - | CA27: - | CB27: - | CC27: -
A28: Held-to-maturity financial assets, of which: | B28: Aktywa finansowe utrzymywane do terminu wymagalności, w tym: | BC28: - | BD28: - | BE28: - | BF28: - | BG28: - | BH28: - | BI28: - | BJ28: - | BK28: - | BL28: - | BM28: - | BN28: - | BO28: - | BP28: - | BQ28: - | BR28: - | BS28: - | BT28: - | BU28: - | BV28: - | BW28: - | BX28: - | BY28: - | BZ28: - | CA28: - | CB28: - | CC28: -
A29: - debt instruments | B29: - instrumenty dłużne | BC29: - | BD29: - | BE29: - | BF29: - | BG29: - | BH29: - | BI29: - | BJ29: - | BK29: - | BL29: - | BM29: - | BN29: - | BO29: - | BP29: - | BQ29: - | BR29: - | BS29: - | BT29: - | BU29: - | BV29: - | BW29: - | BX29: - | BY29: - | BZ29: - | CA29: - | CB29: - | CC29: -
A30: Total investment securities | B30: Razem inwestycyjne papiery wartościowe | BC30: =BC20+BC23 -> 20404 | BD30: =BD20+BD23 -> 23036 | BE30: =BE20+BE23 -> 23673 | BF30: =BF20+BF23 -> 20790 | BG30: =BG20+BG23 -> 54708 | BH30: =BH20+BH23 -> 55222 | BI30: =BI20+BI23 -> 49444 | BJ30: =BJ20+BJ23 -> 45585 | ... CC30: =CC20+CC23 -> 82029
A32: Debt securities - transferred assets | B32: Dłużne papiery wartościowe stanowiące zabezpieczenie zobowiązań | BC32: =+BC33+BC34+BC35 -> 2101 | BD32: =+BD33+BD34+BD35 -> 0 | BE32: =+BE33+BE34+BE35 -> 0 | BF32: =+BF33+BF34+BF35 -> 763 | BG32: =+BG33+BG34+BG35 -> 3607 | BH32: =+BH33+BH34+BH35 -> 1881 | BI32: =+BI33+BI34+BI35 -> 3019 | BJ32: =+BJ33+BJ34+BJ35 -> 2281 | ... CC32: =+CC33+CC34+CC35 -> 5077
A33: - measured at fair value through profit or loss | B33: - wyceniane według wartości godziwej przez wynik finansowy | BC33: 2101 | BD33: 0 | BE33: 0 | BF33: 763 | BG33: 0 | BH33: 0 | BI33: 12 | BJ33: 243 | BK33: 72 | BL33: 57 | BM33: 0 | BN33: 164 | BO33: 0 | BP33: 0 | BQ33: 0 | BR33: 165 | BS33: 0 | BT33: 0 | BU33: 212 | BV33: 179 | BW33: 0 | BX33: 0 | BY33: 5 | BZ33: 0 | CA33: 0 | CB33: 0 | CC33: 0
A34: - measured at fair value through other comprehensive income | B34: - wyceniane według wartości godziwej przez inne całkowite dochody | BC34: 0 | BD34: 0 | BE34: 0 | BF34: 0 | BG34: 3267 | BH34: 1782 | BI34: 2409 | BJ34: 1267 | BK34: 6124 | BL34: 4051 | BM34: 1002 | BN34: 0 | BO34: 5785 | BP34: 8060 | BQ34: 465 | BR34: 0 | BS34: 0 | BT34: 1779 | BU34: 3022 | BV34: 0 | BW34: 3374 | BX34: 13425 | BY34: 6386 | BZ34: 0 | CA34: 12215 | CB34: 4260 | CC34: 2316
A35: - measured at amortised cost | B35: - wyceniane według zamortyzowanego kosztu | BC35: 0 | BD35: 0 | BE35: 0 | BF35: 0 | BG35: 340 | BH35: 99 | BI35: 598 | BJ35: 771 | BK35: 4740 | BL35: 2771 | BM35: 2204 | BN35: 0 | BO35: 3632 | BP35: 3248 | BQ35: 0 | BR35: 0 | BS35: 0 | BT35: 217 | BU35: 1261 | BV35: 0 | BW35: 1431 | BX35: 3006 | BY35: 1549 | BZ35: 0 | CA35: 956 | CB35: 1544 | CC35: 2761
A36: Total debt securities - transferred assets | B36: Razem dłużne papiery wartościowe stanowiące zabezpieczenie zobowiązań | BC36: =+BC32 -> 2101 | BD36: =+BD32 -> 0 | BE36: =+BE32 -> 0 | BF36: =+BF32 -> 763 | BG36: =+BG32 -> 3607 | BH36: =+BH32 -> 1881 | BI36: =+BI32 -> 3019 | BJ36: =+BJ32 -> 2281 | ... CC36: =+CC32 -> 5077

Sheet Depozyty_Deposits
A1: Go back to Table of content | B1: Powrót do spisu treści
A2: Go back to Table of content | B2: Powrót do spisu treści
A3: Comparable data pro-forma | B3: Dane porównywalne pro-forma
A4: Liabilities due to customers | B4: Zobowiązania wobec klientów | BC4: 2020 | BG4: 2021 | BK4: 2022 | BO4: 2023 | BS4: 2024 | BW4: 2025 | CA4: 2026
BC5: 1Q | BD5: 2Q | BE5: 3Q | BF5: 4Q | BG5: 1Q | BH5: 2Q | BI5: 3Q | BJ5: 4Q | BK5: 1Q | BL5: 2Q | BM5: 3Q | BN5: 4Q | BO5: 1Q | BP5: 2Q | BQ5: 3Q | BR5: 4Q | BS5: 1Q | BT5: 2Q | BU5: 3Q | BV5: 4Q | BW5: 1Q | BX5: 2Q | BY5: 3Q | BZ5: 4Q | CA5: 1Q | CB5: 2Q | CC5: 3Q
A6: (PLN million) | B6: (w mln zł)
A7: Liabilities to customers, including: | B7: Zobowiązania wobec klientów, w tym: | BC7: =SUM(BC9,BC23) -> 139089 | BD7: =SUM(BD9,BD23) -> 150979 | BE7: =SUM(BE9,BE23) -> 154400 | BF7: =SUM(BF9,BF23) -> 151029 | BG7: =SUM(BG9,BG23) -> 156896 | BH7: =SUM(BH9,BH23) -> 161998 | BI7: =SUM(BI9,BI23) -> 164586 | BJ7: =SUM(BJ9,BJ23) -> 170610 | ... CC7: =SUM(CC9,CC23) -> 266544
A9: Deposits, including: | B9: Depozyty, w tym: | BC9: =SUM(BC10:BC12) -> 137490 | BD9: =SUM(BD10:BD12) -> 149301 | BE9: =SUM(BE10:BE12) -> 152724 | BF9: =SUM(BF10:BF12) -> 149270 | BG9: =SUM(BG10:BG12) -> 155165 | BH9: =SUM(BH10:BH12) -> 160221 | BI9: =SUM(BI10:BI12) -> 162780 | BJ9: =SUM(BJ10:BJ12) -> 168849 | ... CC9: =SUM(CC10:CC12) -> 264690
A10: Households | B10: Gospodarstwa domowe | BC10: 93434 | BD10: 99066 | BE10: 99146 | BF10: 102920 | BG10: 106821 | BH10: 108585 | BI10: 109615 | BJ10: 113901 | BK10: 110669 | BL10: 109814 | BM10: 112911 | BN10: 118537 | BO10: 123475 | BP10: 119116 | BQ10: 126631 | BR10: 125609 | BS10: 134247 | BT10: 131808 | BU10: 133292 | BV10: 139725 | BW10: 144637 | BX10: 146145 | BY10: 147716 | BZ10: 150945 | CA10: 158976 | CB10: 171120 | CC10: 174312
A11: Business entities | B11: Podmioty gospodarcze | BC11: 41881 | BD11: 48100 | BE11: 50502 | BF11: 43455 | BG11: 45623 | BH11: 47582 | BI11: 49425 | BJ11: 51476 | BK11: 55673 | BL11: 60235 | BM11: 61542 | BN11: 64316 | BO11: 61807 | BP11: 60823 | BQ11: 66396 | BR11: 73017 | BS11: 69702 | BT11: 69745 | BU11: 69372 | BV11: 73101 | BW11: 69981 | BX11: 71377 | BY11: 76114 | BZ11: 76895 | CA11: 78869 | CB11: 81924 | CC11: 85030
A12: The government and self-government institutions’ sector | B12: Sektor instytucji rządowych i samorządowych | BC12: 2175 | BD12: 2135 | BE12: 3076 | BF12: 2895 | BG12: 2721 | BH12: 4054 | BI12: 3740 | BJ12: 3472 | BK12: 3260 | BL12: 7403 | BM12: 7300 | BN12: 6685 | BO12: 5035 | BP12: 6910 | BQ12: 6594 | BR12: 3583 | BS12: 7391 | BT12: 7604 | BU12: 7492 | BV12: 5322 | BW12: 6562 | BX12: 6128 | BY12: 6384 | BZ12: 5516 | CA12: 4644 | CB12: 5286 | CC12: 5348
A13: Total (gross), including: | B13: Razem (brutto), w tym: | BC13: =SUM(BC14,BC18) -> 137490 | BD13: =SUM(BD14,BD18) -> 149301 | BE13: =SUM(BE14,BE18) -> 152724 | BF13: =SUM(BF14,BF18) -> 149270 | BG13: =SUM(BG14,BG18) -> 155165 | BH13: =SUM(BH14,BH18) -> 160221 | BI13: =SUM(BI14,BI18) -> 162780 | BJ13: =SUM(BJ14,BJ18) -> 168849 | ... CC13: =SUM(CC14,CC18) -> 264690
A14: Corporate banking segment | B14: Bankowość korporacyjna | BC14: =SUM(BC15:BC17) -> 52498 | BD14: =SUM(BD15:BD17) -> 61912 | BE14: =SUM(BE15:BE17) -> 65293 | BF14: =SUM(BF15:BF17) -> 58756 | BG14: =SUM(BG15:BG17) -> 60667 | BH14: =SUM(BH15:BH17) -> 64134 | BI14: =SUM(BI15:BI17) -> 66104 | BJ14: =SUM(BJ15:BJ17) -> 69113 | ... CC14: =SUM(CC15:CC17) -> 105479
A15: current deposits | B15: depozyty bieżące | BC15: 36865 | BD15: 45550 | BE15: 48310 | BF15: 45251 | BG15: 46942 | BH15: 50989 | BI15: 53080 | BJ15: 55810 | BK15: 55062 | BL15: 53822 | BM15: 53270 | BN15: 53717 | BO15: 50396 | BP15: 51065 | BQ15: 55755 | BR15: 60650 | BS15: 54563 | BT15: 56308 | BU15: 56511 | BV15: 60948 | BW15: 57660 | BX15: 59373 | BY15: 60281 | BZ15: 66135 | CA15: 62571 | CB15: 67235 | CC15: 67416
A16: savings deposits | B16: depozyty oszczędnościowe | BC16: 14372 | BD16: 15498 | BE16: 16144 | BF16: 12921 | BG16: 13034 | BH16: 12638 | BI16: 12351 | BJ16: 12462 | BK16: 12299 | BL16: 13204 | BM16: 16489 | BN16: 18053 | BO16: 18960 | BP16: 16656 | BQ16: 17551 | BR16: 19441 | BS16: 19954 | BT16: 18595 | BU16: 18629 | BV16: 20010 | BW16: 19534 | BX16: 19911 | BY16: 21246 | BZ16: 20941 | CA16: 20509 | CB16: 19301 | CC16: 19267
A17: term deposits | B17: depozyty terminowe | BC17: 1261 | BD17: 864 | BE17: 839 | BF17: 584 | BG17: 691 | BH17: 507 | BI17: 673 | BJ17: 841 | BK17: 4212 | BL17: 13506 | BM17: 12234 | BN17: 12969 | BO17: 10480 | BP17: 13277 | BQ17: 13269 | BR17: 10032 | BS17: 14348 | BT17: 14723 | BU17: 14439 | BV17: 11516 | BW17: 12190 | BX17: 11089 | BY17: 14232 | BZ17: 10229 | CA17: 14292 | CB17: 15464 | CC17: 18796
A18: Retail banking segment | B18: Bankowość detaliczna | BC18: =SUM(BC19:BC21) -> 84992 | BD18: =SUM(BD19:BD21) -> 87389 | BE18: =SUM(BE19:BE21) -> 87431 | BF18: =SUM(BF19:BF21) -> 90514 | BG18: =SUM(BG19:BG21) -> 94498 | BH18: =SUM(BH19:BH21) -> 96087 | BI18: =SUM(BI19:BI21) -> 96676 | BJ18: =SUM(BJ19:BJ21) -> 99736 | ... CC18: =SUM(CC19:CC21) -> 159211
A19: current deposits | B19: depozyty bieżące | BC19: 17721 | BD19: 18942 | BE19: 20298 | BF19: 22924 | BG19: 24727 | BH19: 26500 | BI19: 27216 | BJ19: 28924 | BK19: 29649 | BL19: 28841 | BM19: 28256 | BN19: 27530 | BO19: 27485 | BP19: 28171 | BQ19: 28527 | BR19: 28816 | BS19: 29831 | BT19: 30757 | BU19: 31477 | BV19: 31850 | BW19: 32938 | BX19: 33868 | BY19: 35118 | BZ19: 34998 | CA19: 37193 | CB19: 37141 | CC19: 37534
A20: savings deposits | B20: depozyty oszczędnościowe | BC20: 64941 | BD20: 66078 | BE20: 65343 | BF20: 65896 | BG20: 68184 | BH20: 68094 | BI20: 68073 | BJ20: 69286 | BK20: 66713 | BL20: 65172 | BM20: 65312 | BN20: 69381 | BO20: 72502 | BP20: 64599 | BQ20: 70050 | BR20: 67713 | BS20: 76966 | BT20: 73144 | BU20: 73153 | BV20: 76338 | BW20: 80564 | BX20: 80225 | BY20: 79758 | BZ20: 81942 | CA20: 88677 | CB20: 97878 | CC20: 96757
A21: term deposits | B21: depozyty terminowe | BC21: 2330 | BD21: 2369 | BE21: 1790 | BF21: 1694 | BG21: 1587 | BH21: 1493 | BI21: 1387 | BJ21: 1526 | BK21: 1667 | BL21: 2907 | BM21: 6192 | BN21: 7888 | BO21: 10494 | BP21: 13081 | BQ21: 14469 | BR21: 15557 | BS21: 15678 | BT21: 15630 | BU21: 15947 | BV21: 17486 | BW21: 18294 | BX21: 19184 | BY21: 19579 | BZ21: 19111 | CA21: 19247 | CB21: 21311 | CC21: 24920
A23: Other liabilities, including: | B23: Pozostałe zobowiązania, w tym: | BC23: =SUM(BC24:BC27) -> 1599 | BD23: =SUM(BD24:BD27) -> 1678 | BE23: =SUM(BE24:BE27) -> 1676 | BF23: =SUM(BF24:BF27) -> 1759 | BG23: =SUM(BG24:BG27) -> 1731 | BH23: =SUM(BH24:BH27) -> 1777 | BI23: =SUM(BI24:BI27) -> 1806 | BJ23: =SUM(BJ24:BJ27) -> 1761 | ... CC23: =SUM(CC24:CC27) -> 1854
A24: Liabilities for cash security | B24: zobowiązania z tytułu zabezpieczeń pieniężnych | BC24: 411 | BD24: 460 | BE24: 501 | BF24: 547 | BG24: 574 | BH24: 509 | BI24: 476 | BJ24: 476 | BK24: 512 | BL24: 646 | BM24: 610 | BN24: 743 | BO24: 754 | BP24: 752 | BQ24: 774 | BR24: 823 | BS24: 785 | BT24: 789 | BU24: 794 | BV24: 751 | BW24: 753 | BX24: 751 | BY24: 754 | BZ24: 872 | CA24: 831 | CB24: 560 | CC24: 551
A25: Recived call deposits | B25: przyjęte depozyty zabezpieczające typu call | BC25: 72 | BD25: 20 | BE25: 33 | BF25: 21 | BG25: 17 | BH25: 9 | BI25: 11 | BJ25: 13 | BK25: 16 | BL25: 22 | BM25: 25 | BN25: 11 | BO25: 9 | BP25: 10 | BQ25: 26 | BR25: 11 | BS25: 14 | BT25: 10 | BU25: 6 | BV25: 7 | BW25: 2 | BX25: 9 | BY25: 12 | BZ25: 45 | CA25: 33 | CB25: 35 | CC25: 11
A26: Repo liabilities | B26: zobowiązania z tytułu transakcji z przyrzeczeniem odkupu | BC26: 0 | BD26: 0 | BE26: 0 | BF26: 0 | BG26: 0 | BH26: 0 | BI26: 0 | BJ26: 0 | BK26: 0 | BL26: 0 | BM26: 0 | BN26: 0 | BO26: 0 | BP26: 0 | BQ26: 0 | BR26: 0 | BS26: 0 | BT26: 0 | BU26: 0 | BV26: 0 | BW26: 0 | BX26: 0 | BY26: 0 | BZ26: 0 | CA26: 0 | CB26: 0 | CC26: 0
A27: Other liabilities | B27: pozostałe zobowiązania | BC27: 1116 | BD27: 1198 | BE27: 1142 | BF27: 1191 | BG27: 1140 | BH27: 1259 | BI27: 1319 | BJ27: 1272 | BK27: 1442 | BL27: 1621 | BM27: 1778 | BN27: 2439 | BO27: 1346 | BP27: 1235 | BQ27: 1530 | BR27: 2247 | BS27: 1987 | BT27: 1587 | BU27: 1112 | BV27: 1090 | BW27: 1304 | BX27: 1221 | BY27: 1123 | BZ27: 1055 | CA27: 1147 | CB27: 1241 | CC27: 1292

Sheet Łączny współ kap_TCR
A1: Go back to Table of content | B1: Powrót do spisu treści
A2: Comparable data pro-forma | B2: Dane porównywalne pro-forma
A3: Total capital ratio - consolidated | B3: Łączny współczynnik kapitałowy - skonsolidowany | BC3: 2020 | BG3: 2021 | BK3: 2022 | BO3: 2023 | BS3: 2024 | BW3: 2025 | CA3: 2026
BC4: 1Q | BD4: 2Q | BE4: 3Q | BF4: 4Q | BG4: 1Q | BH4: 2Q | BI4: 3Q | BJ4: 4Q | BK4: 1Q | BL4: 2Q | BM4: 3Q | BN4: 4Q | BO4: 1Q | BP4: 2Q | BQ4: 3Q | BR4: 4Q | BS4: 1Q | BT4: 2Q | BU4: 3Q | BV4: 4Q | BW4: 1Q | BX4: 2Q | BY4: 3Q | BZ4: 4Q | CA4: 1Q | CB4: 2Q | CC4: 3Q
A5: (PLN million) | B5: (w mln zł)
A6: OWN FUNDS | B6: FUNDUSZE WŁASNE
A7: Own funds taken into account in total capital ratio calculation according to advanced method (AIRB) | B7: Fundusze własne przyjęte do kalkulacji łącznego współczynnika kapitałowego według metody zaawansowanej (AIRB) | BC7: =SUM(BC8:BC10) -> 14329 | BD7: =SUM(BD8:BD10) -> 16137 | BE7: =SUM(BE8:BE10) -> 16216 | BF7: =SUM(BF8:BF10) -> 17220 | BG7: =SUM(BG8:BG10) -> 17268 | BH7: =SUM(BH8:BH10) -> 17537 | BI7: =SUM(BI8:BI10) -> 17590 | BJ7: =SUM(BJ8:BJ10) -> 16847 | ... CC7: =SUM(CC8:CC10) -> 20413
A8: - Tier 1 capital | B8: - Fundusze własne podstawowe - Tier 1 | BC8: TRUE | BD8: TRUE | BE8: TRUE | BF8: TRUE | BG8: 14951 | BH8: 15322 | BI8: 15357 | BJ8: 15125 | BK8: 14763 | BL8: 14196 | BM8: 14415 | BN8: 16155 | BO8: 16100 | BP8: 16282 | BQ8: 16100 | BR8: 17507 | BS8: 17735 | BT8: 16837 | BU8: 16794 | BV8: 18237 | BW8: 18098 | BX8: 18036 | BY8: 17746 | BZ8: 19354 | CA8: 18562 | CB8: 18688 | CC8: 18485
A9: - Additional Tier 1 capital | B9: - Fundusze własne dodatkowe - Tier 1
A10: - Tier 2 capital | B10: - Fundusze własne uzupełniające - Tier 2 | BC10: 14329 | BD10: 16137 | BE10: 16216 | BF10: 17220 | BG10: 2317 | BH10: 2215 | BI10: 2233 | BJ10: 1722 | BK10: 1723 | BL10: 1682 | BM10: 1705 | BN10: 1641 | BO10: 1637 | BP10: 1558 | BQ10: 1622 | BR10: 1523 | BS10: 1469 | BT10: 1452 | BU10: 1418 | BV10: 1364 | BW10: 1240 | BX10: 1184 | BY10: 1116 | BZ10: 1030 | CA10: 2044 | CB10: 1972 | CC10: 1928
A13: CAPITAL REQUIREMENTS | B13: WYMOGI KAPITAŁOWE
A14: Total capital requirement computed with Advanced Internal Rating-Based method (AIRB) for calculation of the credit risk requirement | B14: Całkowity wymóg kapitałowy obliczony z zastosowaniem metody zaawansowanej (AIRB) do kalkulacji wymogu na ryzyko kredytowe | BC14: =SUM(BC15,BC16:BC19) -> 7279 | BD14: =SUM(BD15,BD16:BD19) -> 7043 | BE14: =SUM(BE15,BE16:BE19) -> 6954 | BF14: =SUM(BF15,BF16:BF19) -> 7052 | BG14: =SUM(BG15,BG16:BG19) -> 7347 | BH14: =SUM(BH15,BH16:BH19) -> 7568 | BI14: =SUM(BI15,BI16:BI19) -> 7973 | BJ14: =SUM(BJ15,BJ16:BJ19) -> 8396 | ... CC14: =SUM(CC15,CC16:CC19) -> 10819
A15: - Capital requirements for credit risk, credit counterparty, dilution and delivery of instruments for future settlement | B15: - Wymogi kapitałowe dla ryzyka kredytowego, kredytowego kontrahenta, rozmycia i dostawy instrumentów do rozliczenia w późniejszym terminie | BC15: TRUE | BD15: TRUE | BE15: TRUE | BF15: TRUE | BG15: 6461 | BH15: 6650 | BI15: 7044 | BJ15: 7394 | BK15: 7578 | BL15: 7633 | BM15: 7910 | BN15: 7654 | BO15: 7566 | BP15: 7316 | BQ15: 7433 | BR15: 7388 | BS15: 7671 | BT15: 8134 | BU15: 8374 | BV15: 8438 | BW15: 8295 | BX15: 8533 | BY15: 8846 | BZ15: 8913 | CA15: 9029 | CB15: 9235 | CC15: 9347
A16: - Capital requirements for the capital securities rate risk, debt instruments rates risk, FX risk and commodity rates risk | B16: - Wymogi kapitałowe dla ryzyka cen kapitałowych papierów wartościowych, ryzyka cen instrumentów dłużnych, walutowego i cen towarów | BC16: 6422 | BD16: 6221 | BE16: 6123 | BF16: 6170 | BG16: 61 | BH16: 92 | BI16: 103 | BJ16: 100 | BK16: 71 | BL16: 96 | BM16: 118 | BN16: 113 | BO16: 89 | BP16: 87 | BQ16: 112 | BR16: 108 | BS16: 146 | BT16: 104 | BU16: 103 | BV16: 98 | BW16: 108 | BX16: 95 | BY16: 126 | BZ16: 131 | CA16: 120 | CB16: 119 | CC16: 148
A17: - Capital requirement for operational risk | B17: - Wymóg kapitałowy z tytułu ryzyka operacyjnego | BC17: 8 | BD17: 6 | BE17: 4 | BF17: 4 | BG17: 817 | BH17: 817 | BI17: 817 | BJ17: 893 | BK17: 893 | BL17: 893 | BM17: 893 | BN17: 1005 | BO17: 1005 | BP17: 1005 | BQ17: 1005 | BR17: 1238 | BS17: 1238 | BT17: 1238 | BU17: 1238 | BV17: 1462 | BW17: 1157 | BX17: 1157 | BY17: 1157 | BZ17: 1265 | CA17: 1265 | CB17: 1302 | CC17: 1302
A18: - Capital requirement due to other risk exposure amounts | B18: - Wymóg kapitałowy z tytułu innych ekspozycji na ryzyko | BC18: 64 | BD18: 68 | BE18: 79 | BF18: 61 | BG18: 8 | BH18: 9 | BI18: 9 | BJ18: 9 | BK18: 10 | BL18: 11 | BM18: 16 | BN18: 7 | BO18: 10 | BP18: 13 | BQ18: 9 | BR18: 9 | BS18: 9 | BT18: 12 | BU18: 11 | BV18: 11 | BW18: 16 | BX18: 17 | BY18: 22 | BZ18: 33 | CA18: 13 | CB18: 21 | CC18: 22
A19: - Supplement to the overall level of capital requirements | B19: - Uzupełnienie do ogólnego poziomu wymogów kapitałowych | BC19: 785 | BD19: 748 | BE19: 748 | BF19: 817 | BG19: 0 | BH19: 0 | BI19: 0 | BJ19: 0 | BK19: 0 | BL19: 0 | BM19: 0 | BN19: 0 | BO19: 0 | BP19: 0 | BQ19: 0 | BR19: 0 | BS19: 0 | BT19: 0 | BU19: 0 | BV19: 0 | BW19: 0 | BX19: 0 | BY19: 0 | BZ19: 0 | CA19: 0 | CB19: 0 | CC19: 0
A21: Total capital ratio | B21: Łączny współczynnik kapitałowy | BC21: =BC22 -> 0.1575 | BD21: =BD22 -> 0.1833 | BE21: =BE22 -> 0.1866 | BF21: =BF22 -> 0.1953 | BG21: =BG22 -> 0.188 | BH21: =BH22 -> 0.1854 | BI21: =BI22 -> 0.1765 | BJ21: =BJ22 -> 0.1605 | ... CC21: =CC22 -> 0.1509
A22: Total capital ratio (AIRB) - phase-in for IFRS 9 and article 468 of CRR mitigation | B22: Łączny współczynnik kapitałowy - metoda zaawansowana (AIRB) - z okresem przejściowym dla MSSF 9 i ulgą z art. 468 CRR | BC22: =ROUND(BC7/(BC14*12.5),4) -> 0.1575 | BD22: =ROUND(BD7/(BD14*12.5),4) -> 0.1833 | BE22: =ROUND(BE7/(BE14*12.5),4) -> 0.1866 | BF22: =ROUND(BF7/(BF14*12.5),4) -> 0.1953 | BG22: =ROUND(BG7/(BG14*12.5),4) -> 0.188 | BH22: =ROUND(BH7/(BH14*12.5),4) -> 0.1854 | BI22: =ROUND(BI7/(BI14*12.5),4) -> 0.1765 | BJ22: =ROUND(BJ7/(BJ14*12.5),4) -> 0.1605 | ... CC22: =ROUND(CC7/(CC14*12.5),4) -> 0.1509
A23: Total capital ratio (AIRB) - fully loaded for IFRS 9 and no article 468 of CRR mitigation | B23: Łączny współczynnik kapitałowy - metoda zaawansowana (AIRB) - bez okresu przejściowego dla MSSF 9 i ulgi z art. 468 CRR | BC23: 0 | BD23: 0 | BE23: 0 | BF23: 0 | BG23: 0.1863 | BH23: 0.184 | BI23: 0.1752 | BJ23: 0.1582 | BK23: 0.15174105 | BL23: 0.14386726 | BM23: 0.14070402 | BN23: 0.15807499 | BO23: 0.16281867 | BP23: 0.16792091 | BQ23: 0.16422867 | BR23: 0.17349945 | BS23: 0.16920716 | BT23: 0.15391999 | BU23: 0.14798119 | BV23: 0.15488199 | BW23: 0.15972313 | BX23: 0.1548772 | BY23: 0.14709621 | BZ23: 0.15568644 | CA23: - | CB23: - | CC23: -
A25: TIER 1 ratio | B25: Współczynnik TIER 1 | BC25: =BC26 -> 0 | BD25: =BD26 -> 0 | BE25: =BE26 -> 0 | BF25: =BF26 -> 0 | BG25: =BG26 -> 0.1628 | BH25: =BH26 -> 0.162 | BI25: =BI26 -> 0.1541 | BJ25: =BJ26 -> 0.1441 | ... CC25: =CC26 -> 0.1367
A26: TIER 1 ratio (AIRB) - phase-in for IFRS 9 and article 468 of CRR mitigation | B26: Współczynnik TIER 1 - metoda zaawansowana (AIRB) - z okresem przejściowym dla MSSF 9 i ulgą z art. 468 CRR | BC26: =ROUND(BC8/(BC14*12.5),4) -> 0 | BD26: =ROUND(BD8/(BD14*12.5),4) -> 0 | BE26: =ROUND(BE8/(BE14*12.5),4) -> 0 | BF26: =ROUND(BF8/(BF14*12.5),4) -> 0 | BG26: =ROUND(BG8/(BG14*12.5),4) -> 0.1628 | BH26: =ROUND(BH8/(BH14*12.5),4) -> 0.162 | BI26: =ROUND(BI8/(BI14*12.5),4) -> 0.1541 | BJ26: =ROUND(BJ8/(BJ14*12.5),4) -> 0.1441 | ... CC26: =ROUND(CC8/(CC14*12.5),4) -> 0.1367
A27: TIER 1 ratio (AIRB) - fully loaded for IFRS 9 and no article 468 of CRR mitigation | B27: Współczynnik TIER 1 - metoda zaawansowana (AIRB) - bez okresu przejściowego dla MSSF 9 i ulgi z art. 468 CRR | BC27: 0 | BD27: 0 | BE27: 0 | BF27: 0 | BG27: 0.1601 | BH27: 0.1599 | BI27: 0.1523 | BJ27: 0.1416 | BK27: 0.13559235 | BL27: 0.1282418 | BM27: 0.12446843 | BN27: 0.14211482 | BO27: 0.14696434 | BP27: 0.1531151 | BQ27: 0.14905638 | BR27: 0.15955706 | BS27: 0.15623716 | BT27: 0.14167676 | BU27: 0.13630708 | BV27: 0.14396186 | BW27: 0.14934822 | BX27: 0.145205 | BY27: 0.13829276 | BZ27: 0.14770694 | CA27: - | CB27: - | CC27: -
A29: Minimum Tier 1 (CRR) | B29: Minimum Tier 1 (CRR) | BC29: 0.06 | BD29: 0.06 | BE29: 0.06 | BF29: 0.06 | BG29: 0.06 | BH29: 0.06 | BI29: 0.06 | BJ29: 0.06 | BK29: 0.06 | BL29: 0.06 | BM29: 0.06 | BN29: 0.06 | BO29: 0.06 | BP29: 0.06 | BQ29: 0.06 | BR29: 0.06 | BS29: 0.06 | BT29: 0.06 | BU29: 0.06 | BV29: 0.06 | BW29: 0.06 | BX29: 0.06 | BY29: 0.06 | BZ29: 0.06 | CA29: 0.06 | CB29: 0.06 | CC29: 0.06
A30: Minimum TCR (CRR) | B30: Minimum łączny współczynnik kapitałowy (CRR) | BC30: 0.08 | BD30: 0.08 | BE30: 0.08 | BF30: 0.08 | BG30: 0.08 | BH30: 0.08 | BI30: 0.08 | BJ30: 0.08 | BK30: 0.08 | BL30: 0.08 | BM30: 0.08 | BN30: 0.08 | BO30: 0.08 | BP30: 0.08 | BQ30: 0.08 | BR30: 0.08 | BS30: 0.08 | BT30: 0.08 | BU30: 0.08 | BV30: 0.08 | BW30: 0.08 | BX30: 0.08 | BY30: 0.08 | BZ30: 0.08 | CA30: 0.08 | CB30: 0.08 | CC30: 0.08
A31: Capital conservation buffer | B31: Bufor zabezpieczający | BC31: 0.025 | BD31: 0.025 | BE31: 0.025 | BF31: 0.025 | BG31: 0.025 | BH31: 0.025 | BI31: 0.025 | BJ31: 0.025 | BK31: 0.025 | BL31: 0.025 | BM31: 0.025 | BN31: 0.025 | BO31: 0.025 | BP31: 0.025 | BQ31: 0.025 | BR31: 0.025 | BS31: 0.025 | BT31: 0.025 | BU31: 0.025 | BV31: 0.025 | BW31: 0.025 | BX31: 0.025 | BY31: 0.025 | BZ31: 0.025 | CA31: 0.025 | CB31: 0.025 | CC31: 0.025
A32: O-SII buffer | B32: Bufor O-SII | BC32: 0.005 | BD32: 0.005 | BE32: 0.005 | BF32: 0.005 | BG32: 0.005 | BH32: 0.005 | BI32: 0.005 | BJ32: 0.0075 | BK32: 0.0075 | BL32: 0.0075 | BM32: 0.0075 | BN32: 0.005 | BO32: 0.005 | BP32: 0.005 | BQ32: 0.005 | BR32: 0.005 | BS32: 0.005 | BT32: 0.005 | BU32: 0.005 | BV32: 0.01 | BW32: 0.01 | BX32: 0.01 | BY32: 0.01 | BZ32: 0.01 | CA32: 0.01 | CB32: 0.01 | CC32: 0.01
A33: Pillar 2 | B33: Filar 2 | BC33: 0 | BD33: 0 | BE33: 0 | BF33: 0 | BG33: 0 | BH33: 0 | BI33: 0 | BJ33: 0 | BK33: 0 | BL33: 0 | BM33: 0 | BN33: 0 | BO33: 0 | BP33: 0 | BQ33: 0 | BR33: 0 | BS33: 0 | BT33: 0 | BU33: 0 | BV33: 0 | BW33: 0 | BX33: 0 | BY33: 0 | BZ33: 0 | CA33: 0 | CB33: 0 | CC33: 0
A34: Systemic risk buffer | B34: Bufor ryzyka systemowego | BC34: 0 | BD34: 0 | BE34: 0 | BF34: 0 | BG34: 0 | BH34: 0 | BI34: 0 | BJ34: 0 | BK34: 0 | BL34: 0 | BM34: 0 | BN34: 0 | BO34: 0 | BP34: 0 | BQ34: 0 | BR34: 0 | BS34: 0 | BT34: 0 | BU34: 0 | BV34: 0 | BW34: 0 | BX34: 0 | BY34: 0 | BZ34: 0 | CA34: 0 | CB34: 0 | CC34: 0
A35: Countercyclical buffer | B35: Bufor antycykliczny | BC35: 2e-05 | BD35: 2e-05 | BE35: 1e-05 | BF35: 2e-05 | BG35: 2e-05 | BH35: 3e-05 | BI35: 3e-05 | BJ35: 1e-05 | BK35: 1e-05 | BL35: 1e-05 | BM35: 2e-05 | BN35: 5e-05 | BO35: 9e-05 | BP35: 0.0001 | BQ35: 0.0001 | BR35: 0.00012 | BS35: 0.00011 | BT35: 8e-05 | BU35: 9e-05 | BV35: 9e-05 | BW35: 0.0001 | BX35: 9e-05 | BY35: 0.00997 | BZ35: 0.01001 | CA35: 0.01001 | CB35: 0.01003 | CC35: 0.0197
A36: P2G capital add-on | B36: Narzut kapitałowy P2G | BK36: 0.0013 | BL36: 0.0013 | BM36: 0.0013 | BN36: 0.005 | BO36: 0.005 | BP36: 0.005 | BQ36: 0.005 | BR36: 0.0031 | BS36: 0.0031 | BT36: 0.0031 | BU36: 0.0031 | BV36: 0 | BW36: 0 | BX36: 0 | BY36: 0 | BZ36: 0 | CA36: 0 | CB36: 0 | CC36: 0
A37: Total Tier 1 requirement | B37: Łączny wymóg dla współczynnika Tier 1 | BC37: =SUM(BC29,BC31,BC32,BC33*0.75,BC34,BC35) -> 0.09002 | BD37: =SUM(BD29,BD31,BD32,BD33*0.75,BD34,BD35) -> 0.09002 | BE37: =SUM(BE29,BE31,BE32,BE33*0.75,BE34,BE35) -> 0.09001 | BF37: =SUM(BF29,BF31,BF32,BF33*0.75,BF34,BF35) -> 0.09002 | BG37: =SUM(BG29,BG31,BG32,BG33*0.75,BG34,BG35) -> 0.09002 | BH37: =SUM(BH29,BH31,BH32,BH33*0.75,BH34,BH35) -> 0.09003 | BI37: =SUM(BI29,BI31,BI32,BI33*0.75,BI34,BI35) -> 0.09003 | BJ37: =SUM(BJ29,BJ31,BJ32,BJ33*0.75,BJ34,BJ35) -> 0.09251 | BK37: =SUM(BK29,BK31,BK32,BK33*0.75,BK34,BK35,BK36) -> 0.09381 | BL37: =SUM(BL29,BL31,BL32,BL33*0.75,BL34,BL35,BL36) -> 0.09381 | BM37: =SUM(BM29,BM31,BM32,BM33*0.75,BM34,BM35,BM36) -> 0.09382 | BN37: =SUM(BN29,BN31,BN32,BN33*0.75,BN34,BN35,BN36) -> 0.09505 | BO37: =SUM(BO29,BO31,BO32,BO33*0.75,BO34,BO35,BO36) -> 0.09509 | BP37: =SUM(BP29,BP31,BP32,BP33*0.75,BP34,BP35,BP36) -> 0.0951 | BQ37: =SUM(BQ29,BQ31,BQ32,BQ33*0.75,BQ34,BQ35,BQ36) -> 0.0951 | BR37: =SUM(BR29,BR31,BR32,BR33*0.75,BR34,BR35,BR36) -> 0.09322 | ... CC37: =SUM(CC29,CC31,CC32,CC33*0.75,CC34,CC35,CC36) -> 0.1147
A38: Total TCR requirement | B38: Łączny wymóg dla łącznego współczynnika kapitałowego | BC38: =SUM(BC30,BC31,BC32,BC33,BC34,BC35) -> 0.11002 | BD38: =SUM(BD30,BD31,BD32,BD33,BD34,BD35) -> 0.11002 | BE38: =SUM(BE30,BE31,BE32,BE33,BE34,BE35) -> 0.11001 | BF38: =SUM(BF30,BF31,BF32,BF33,BF34,BF35) -> 0.11002 | BG38: =SUM(BG30,BG31,BG32,BG33,BG34,BG35) -> 0.11002 | BH38: =SUM(BH30,BH31,BH32,BH33,BH34,BH35) -> 0.11003 | BI38: =SUM(BI30,BI31,BI32,BI33,BI34,BI35) -> 0.11003 | BJ38: =SUM(BJ30,BJ31,BJ32,BJ33,BJ34,BJ35) -> 0.11251 | BK38: =SUM(BK30,BK31,BK32,BK33,BK34,BK35,BK36) -> 0.11381 | BL38: =SUM(BL30,BL31,BL32,BL33,BL34,BL35,BL36) -> 0.11381 | BM38: =SUM(BM30,BM31,BM32,BM33,BM34,BM35,BM36) -> 0.11382 | BN38: =SUM(BN30,BN31,BN32,BN33,BN34,BN35,BN36) -> 0.11505 | BO38: =SUM(BO30,BO31,BO32,BO33,BO34,BO35,BO36) -> 0.11509 | BP38: =SUM(BP30,BP31,BP32,BP33,BP34,BP35,BP36) -> 0.1151 | BQ38: =SUM(BQ30,BQ31,BQ32,BQ33,BQ34,BQ35,BQ36) -> 0.1151 | BR38: =SUM(BR30,BR31,BR32,BR33,BR34,BR35,BR36) -> 0.11322 | ... CC38: =SUM(CC30,CC31,CC32,CC33,CC34,CC35,CC36) -> 0.1347
A40: Total capital ratio - separate | B40: Łączny współczynnik kapitałowy - jednostkowy | BC40: 2020 | BG40: 2021 | BK40: 2022 | BO40: 2023 | BS40: 2024 | BW40: 2025 | CA40: 2026
